Workbook

Sheet SUMMARY
B2: ECDOH GENERAL ELECTRICAL LV MAINTENANCE AND REPAIR CONTRACT
B4: CONTRACT REF. NO: | D4: CMU3-2627-0192-NMB: | E4: Cluster/District: | F4: NELSON MANDELA BAY DISTRICT
B6: ='SCHED 1A-1_NMB'!B4 -> ASSET TYPE: | D6: ='SCHED 1A-1_NMB'!D4 -> LV INSTALLATIONS
B8: SCHEDULE NUMBER | C8: DESCRIPTION | F8: TENDER AMOUNT
B10: 1A-1 | C10: NELSON MANDELA BAY | D10: ='[1]SCHED 1A-1_NMB'!D6 -> FUNCTIONAL REPAIR SCHEDULE
B12: 1A-2 | C12: NELSON MANDELA BAY | D12: ='[1]SCHED 1A-2_NMB'!D6 -> FUNCTIONAL CONDITION ASSESSMENT AND REPORT (SPECIALIST EQUIPMENT)
B14: 1A-3 | C14: NELSON MANDELA BAY | D14: ='[1]SCHED 1A-3_NMB'!D6 -> FUNCTIONAL REPAIR SCHEDULE (SPECIALIST EQUIPMENT)
B16: 2A | C16: SCHEDULE OF RATES
B18: 3A-1 | C18: NELSON MANDELA BAY | D18: MAINTENANCE SERVICE SCHEDULE
B20: 3A-2 | C20: NELSON MANDELA BAY | D20: MAINTENANCE SERVICE SCHEDULE
B22: 4 | C22: TERM REPAIRS SUBJECT TO APPROVAL OF QUOTATION OF THE WORKS
B25: SUBTOTAL AMOUNT OF WORKS (EXCL VAT)
B26: ALLOWANCE FOR VAT AT 15.0%
B27: TOTAL AMOUNT OF WORKS (INCL VAT) - ENTER THIS AMOUNT TO FORM OF OFFER

Sheet SCHED 1A-1_NMB
B2: =SUMMARY!B2 -> ECDOH GENERAL ELECTRICAL LV MAINTENANCE AND REPAIR CONTRACT
B3: CONTRACT REF. NO: | D3: =SUMMARY!D4 -> CMU3-2627-0192-NMB: | E3: Cluster/District: | G3: NELSON MANDELA BAY
B4: ASSET TYPE: | D4: LV INSTALLATIONS
B6: SCHEDULE 1A-1: | D6: FUNCTIONAL REPAIR SCHEDULE
B8: ITEM Nr. | C8: PAYMENT REFERS | D8: DESCRIPTION | E8: UNIT | F8: QTY | G8: RATE | H8: AMOUNT
B9: 1A-1 | D9: FUNCTIONAL CONDITION ASSESSMENT : Perform Functional Condition Assessment (Inspection and Testing) all buildings within the listed Health Facilities included in the Tender
D10: COMPILE FUNCTIONAL CONDITION ASSESSMENT REPORT: Compile Functional Condition Assessment Report including quotation to repair each Health Facilities included in the Tender to enable issuing of Certificate of Compliance.
D11: Rate shall include for all costs to complete task; such as labour, travelling, accommodation, subsistence allowance, etc.
B12: 1A-1.1 | D12: Dora Nginza Hospital | E12: Item | F12: 1
B13: 1A-1.2 | D13: Livingstone Hospital | E13: Item | F13: 1
B14: 1A-1.3 | D14: Port Elizabeth Provincial Hospital | E14: Item | F14: 1
B15: 1A-1.4 | D15: Uitenhage Provincial Hospital | E15: Item | F15: 1
B16: 1A-1.5 | D16: Jose Pearson TB Hospital | E16: Item | F16: 1
B17: 1A-1.6 | D17: Elizabeth Donkin Psychiatric Hospital | E17: Item | F17: 1
B18: 1A-1.7 | D18: Empilweni TB Hospital | E18: Item | F18: 1
B19: 1A-1.8 | D19: Community Health Care Centres
B20: 1A-1.9 | D20: Gqeberha CHC | E20: Item | F20: 1
B21: 1A-1.10 | D21: Korsten CHC | E21: Item | F21: 1
B22: 1A-1.11 | D22: New Brighton CHC | E22: Item | F22: 1
B23: 1A-1.12 | D23: West End CHC | E23: Item | F23: 1
B24: 1A-1.13 | D24: Laetitia Bam Day Hospital | E24: Item | F24: 1
B25: 1A-1.14 | D25: Rosedale CHC | E25: Item | F25: 1
B26: 1A-1.15 | D26: Motherwell CHC | E26: Item | F26: 1
B27: 1A-1.16 | D27: Kwa Zakhele CHC | E27: Item | F27: 1
B28: 1A-1.17 | D28: PE Central CHC | E28: Item | F28: 1
B29: 1A-1.18 | D29: Medical Depot: Nelson Mandela Bay District
B30: 1A-1.19 | D30: PE Depot | E30: Item | F30: 1
B31: 1A-1.20 | D31: Forensic Mortuaries: Nelson Mandela Bay District
B32: 1A-1.21 | D32: Gelvandale Road Forensic Mortuary | E32: Item | F32: 1
B33: 1A-1.22 | D33: Mount Road Forensic Mortuary | E33: Item | F33: 1
B34: 1A-1.23 | D34: Uitenhage Forensic Mortuary | E34: Item | F34: 1
B35: 1A-1.24 | D35: New Brighton Mortuary | E35: Item | F35: 1
B36: 1A-1.25 | D36: CLINICS: Nelson Mandela A Health sub-District
B37: 1A-1.26 | D37: ec Ikamvelihle Clinic | E37: Item | F37: 1
B38: 1A-1.27 | D38: ec Kwamagxaki Clinic | E38: Item | F38: 1
B39: 1A-1.28 | D39: ec Kwazakhele Clinic | E39: Item | F39: 1
B40: 1A-1.29 | D40: ec Lunga Kobese Clinic | E40: Item | F40: 1
B41: 1A-1.30 | D41: ec Max Madlingozi Clinic | E41: Item | F41: 1
B42: 1A-1.31 | D42: ec Motherwell NU 11 Clinic | E42: Item | F42: 1
B43: 1A-1.32 | D43: ec Motherwell NU 2 Clinic | E43: Item | F43: 1
B44: 1A-1.33 | D44: ec Motherwell NU 8 Clinic | E44: Item | F44: 1
B45: 1A-1.34 | D45: ec New Brighton Clinic | E45: Item | F45: 1
B46: 1A-1.35 | D46: ec Soweto Clinic | E46: Item | F46: 1
B47: 1A-1.36 | D47: ec Thanduxolo Clinic | E47: Item | F47: 1
B48: 1A-1.37 | D48: ec Tshangana Clinic | E48: Item | F48: 1
... B51: 1A-1.40 | D51: ec Zwide Clinic | E51: Item | F51: 1
B52: 1A-1.41 | D52: CLINICS: Nelson Mandela B Health sub-District
B53: 1A-1.42 | D53: ec Du Preez Street Clinic | E53: Item | F53: 1
B54: 1A-1.43 | D54: ec Edamini Clinic | E54: Item | F54: 1
B55: 1A-1.44 | D55: ec Gustav Lamour Clinic | E55: Item | F55: 1
B56: 1A-1.45 | D56: ec Isolomzi Clinic | E56: Item | F56: 1
B57: 1A-1.46 | D57: ec Joe Slovo Clinic | E57: Item | F57: 1
B58: 1A-1.47 | D58: ec Kruisrivier Clinic | E58: Item | F58: 1
B59: 1A-1.48 | D59: ec Lukhanyo Clinic | E59: Item | F59: 1
B60: 1A-1.49 | D60: ec Mabandla Clinic | E60: Item | F60: 1
B61: 1A-1.50 | D61: ec Masakhane Clinic (N Mandela Metro) | E61: Item | F61: 1
B62: 1A-1.51 | D62: ec Middle Street Clinic | E62: Item | F62: 1
B63: 1A-1.52 | D63: ec Nomangesi Jayiya Clinic | E63: Item | F63: 1
B64: 1A-1.53 | D64: ec Park Centre Clinic | E64: Item | F64: 1
B65: 1A-1.54 | D65: ec Silvertown Clinic | E65: Item | F65: 1
B66: 1A-1.55 | D66: CLINICS: Nelson Mandela C Health sub-District
B67: 1A-1.56 | D67: ec Algoa Park Clinic | E67: Item | F67: 1
B68: 1A-1.57 | D68: ec Booysens Park Clinic | E68: Item | F68: 1
B69: 1A-1.58 | D69: ec Central Clinic (Port Elizabeth) | E69: Item | F69: 1
B70: 1A-1.59 | D70: ec Chatty Clinic | E70: Item | F70: 1
B71: 1A-1.60 | D71: ec Gelvandale Clinic | E71: Item | F71: 1
B72: 1A-1.61 | D72: ec Govan Mbeki Clinic | E72: Item | F72: 1
B73: 1A-1.62 | D73: ec Helenvale Clinic | E73: Item | F73: 1
B74: 1A-1.63 | D74: ec Kwadwesi Clinic | E74: Item | F74: 1
B75: 1A-1.64 | D75: ec Linton Grange Clinic | E75: Item | F75: 1
B76: 1A-1.65 | D76: ec Missionvale Clinic | E76: Item | F76: 1
B77: 1A-1.66 | D77: ec Schauderville Clinic | E77: Item | F77: 1
B78: 1A-1.67 | D78: ec Walmer 14th Avenue Clinic | E78: Item | F78: 1
B81: 1A-2.2 | D81: OCCUPATIONAL HEALTH AND SAFETY ACT COMPLIANCE COST : The Contractor must comply to the project Health and Safety Specification specific to the type of work that he will be performing on site as per C3.2 | E81: Month | F81: 36
B82: 1A-2.3 | D82: INSURANCE : LIMITATION OF LIABILITY (Amounts applicable for whole Contract)
B83: 1A-2.3.1 | D83: The minimum amount of cover for insurance against loss and damage caused by the Contractor to the Employer’s property liability limit of R5 000 000 to cover requirements of Clause 83.1 in Contract Data | E83: Month | F83: 36
B84: 1A-2.4 | D84: The insurance against loss of or damage to the works, Plant and Materials is to include cover for Plant and Materials provided by the Employer to a Minimum liability limit of R5 000 000 to cover requirements of Clause 83.1 in Contract Data | E84: Month | F84: 36
B85: 1A-2.4.1 | D85: The minimum amount of cover for insurance in respect of loss of or damage to property and liability for bodily injury to or death of a person to a Minimum liability limit of R5 000 000 to cover requirements of Clause 83.1 in Contract Data | E85: Month | F85: 36
B86: 1A-2.5 | D86: PERFORMANCE BOND (Amounts applicable for whole Contract)
B87: 1A-2.5.1 | D87: Provision for a Performance bond of not less than 2,5% of the Tender Value | E87: Month | F87: 36
B89: 1A-2.6 | D89: IN-SERVICE TRAINING OF GRADUATES AND INTERNS : Provisional Sum to pay the costs associated with employing nominated Interns and Graduates for the duration of the Contract
B90: 1A-2.6.1 | D90: Interns | E90: Months | F90: 36 | G90: 5000 | H90: =G90*F90 -> 180000
B91: 1A-2.6.2 | D91: Graduates | E91: Months | F91: 36 | G91: 7000 | H91: =G91*F91 -> 252000
B92: 1A-2.6.3 | D92: Direct Fee Percentage (Mark-up) to be charged by Contractor on amount in items 6.1 and 6.2 above | E92: %
B93: 1A-2.7 | D93: PROVISION OF ASSET APPLICABLE ACCREDITED TRAINING : Arranging of Accredited Asset Applicable Training for Operating and Maintenance Staff as per SS16 | E93: Psum | F93: 1 | G93: 345000 | H93: =G93*F93 -> 345000
B94: 1A-2.7.1 | D94: Direct Fee Percentage (Mark-up) to be charged by Contractor on amount above | E94: %
B105: TOTAL CARRIED FORWARD TO SUMMARY

Sheet SCHED 1A-2_NMB
B2: =SUMMARY!B2 -> ECDOH GENERAL ELECTRICAL LV MAINTENANCE AND REPAIR CONTRACT
B3: CONTRACT REF. NO: | D3: =SUMMARY!D4 -> CMU3-2627-0192-NMB: | E3: Cluster/District: | G3: NELSON MANDELA BAY
B4: ASSET TYPE: | D4: LV INSTALLATIONS
B6: SCHEDULE 1A-2: | D6: FUNCTIONAL REPAIR SCHEDULE (SPECIALIST EQUIPMENT)
B8: ITEM Nr. | C8: PAYMENT REFERS | D8: DESCRIPTION | E8: UNIT | F8: QTY | G8: RATE | H8: AMOUNT
D9: SPECIALIST EQUIPMENT: FUNCTIONAL CONDITION ASSESSMENT : Perform Functional Condition Assessment (Inspection and Testing) on all listed assets at all Health Facilities included in the Tender
D10: COMPILE FUNCTIONAL CONDITION ASSESSMENT REPORT: Compile Functional Condition Assessment Report including quotation to repair each Health Facilities included in the Tender.
D11: Rate shall include for all costs to complete task; such as labour, travelling, accommodation, subsistence allowance, etc.
B12: 1A-2.1 | D12: NURSE CALL SYSTEM
B13: 1A-2.1.1 | D13: Dora Nginza Hospital | E13: Item | F13: 1
B14: 1A-2.1.2 | D14: Livingstone Hospital | E14: Item | F14: 1
B15: 1A-2.1.3 | D15: Port Elizabeth Provincial Hospital | E15: Item | F15: 1
B16: 1A-2.1.4 | D16: Uitenhage Provincial Hospital | E16: Item | F16: 1
B17: 1A-2.1.5 | D17: UNINTERRUPTED POWER SUPPLY SYSTEMS (UPS)
B18: 1A-2.1.6 | D18: Dora Nginza Hospital | E18: Item | F18: 1
B19: 1A-2.1.7 | D19: Livingstone Hospital | E19: Item | F19: 1
B20: 1A-2.2 | D20: Port Elizabeth Provincial Hospital | E20: Item | F20: 1
B21: 1A-2.2.1 | D21: Uitenhage Provincial Hospital | E21: Item | F21: 1
B22: 1A-2.2.2 | D22: Jose Pearson TB Hospital | E22: Item | F22: 1
B23: 1A-2.2.3 | D23: Elizabeth Donkin Psychiatric Hospital | E23: Item | F23: 1
B24: 1A-2.2.4 | D24: CCTV
B25: 1A-2.2.5 | D25: Dora Nginza Hospital | E25: Item | F25: 1
B26: 1A-2.2.6 | D26: Livingstone Hospital | E26: Item | F26: 1
B27: 1A-2.2.7 | D27: Port Elizabeth Provincial Hospital | E27: Item | F27: 1
B28: 1A-2.1 | D28: Uitenhage Provincial Hospital | E28: Item | F28: 1
B29: 1A-2.3.1 | D29: Jose Pearson TB Hospital | E29: Item | F29: 1
B30: 1A-2.3.2 | D30: Elizabeth Donkin Psychiatric Hospital | E30: Item | F30: 1
B31: 1A-2.3.3 | D31: Public Announcement (PA) System
B32: 1A-2.3.4 | D32: Dora Nginza Hospital | E32: Item | F32: 1
B33: 1A-2.3.5 | D33: Livingstone Hospital | E33: Item | F33: 1
B34: 1A-2.3.6 | D34: Port Elizabeth Provincial Hospital | E34: Item | F34: 1
B35: 1A-2.3.7 | D35: Uitenhage Provincial Hospital | E35: Item | F35: 1
B36: 1A-2.3.8 | D36: Gqeberha CHC | E36: Item | F36: 1
B37: 1A-2.3.9 | D37: Elizabeth Donkin Psychiatric Hospital | E37: Item | F37: 1
B38: 1A-2.5.1 | D38: ACCESS CONTROL
B39: 1A-2.5.2 | D39: Dora Nginza Hospital | E39: Item | F39: 1
B40: 1A-2.5.3 | D40: Livingstone Hospital | E40: Item | F40: 1
B41: 1A-2.5.4 | D41: Port Elizabeth Provincial Hospital | E41: Item | F41: 1
B42: 1A-2.5.5 | D42: Uitenhage Provincial Hospital | E42: Item | F42: 1
B43: 1A-2.5.6 | D43: Elizabeth Donkin Psychiatric Hospital | E43: Item | F43: 1
B46: TOTAL CARRIED FORWARD TO SUMMARY

Sheet SCHED 1A-3_NMB
B2: =[2]SUMMARY!B2 -> ECDOH GENERAL ELECTRICAL MV MAINTENANCE AND REPAIR CONTRACT
B3: CONTRACT REF. NO: | D3: =SUMMARY!D4 -> CMU3-2627-0192-NMB: | E3: Cluster/District: | G3: NELSON MANDELA BAY
B4: ASSET TYPE: | D4: LV INSTALLATIONS
B6: SCHEDULE 1A-3: | D6: FUNCTIONAL REPAIR SCHEDULE (SPECIALIST EQUIPMENT)
B8: ITEM Nr. | C8: PAYMENT REFERS | D8: DESCRIPTION | E8: UNIT | F8: QTY | G8: RATE | H8: AMOUNT
B9: 1A-3 | D9: COMPILING OF OPERATING AND MAINTENANCE MANUALS : Compile three sets of O&M Manuals per Facility.
D10: COMPILING OF DETAILED REPAIR SCHEDULE : Compile detailed, comprehensive repair schedule including defect description, recommended repair method, detailed quote including priced spare parts, outsourced work, and provisional work program, for each Health Facility.
D11: Rate shall include for all costs to complete task; such as labour, travelling, accommodation, subsistence allowance, etc.
B12: 1A-3.1 | D12: NURSE CALL SYSTEM
B13: 1A-3.1.1 | D13: Dora Nginza Hospital | E13: Item | F13: 1
B14: 1A-3.1.2 | D14: Livingstone Hospital | E14: Item | F14: 1
B15: 1A-3.1.3 | D15: Port Elizabeth Provincial Hospital | E15: Item | F15: 1
B16: 1A-3.1.4 | D16: Uitenhage Provincial Hospital | E16: Item | F16: 1
B17: 1A-3.2 | D17: UNINTERRUPTED POWER SUPPLY SYSTEMS (UPS)
B18: 1A-3.2.1 | D18: Dora Nginza Hospital | E18: Item | F18: 1
B19: 1A-3.2.2 | D19: Livingstone Hospital | E19: Item | F19: 1
B20: 1A-3.2.3 | D20: Port Elizabeth Provincial Hospital | E20: Item | F20: 1
B21: 1A-3.2.4 | D21: Uitenhage Provincial Hospital | E21: Item | F21: 1
B22: 1A-3.2.5 | D22: Jose Pearson TB Hospital | E22: Item | F22: 0
B23: 1A-3.2.6 | D23: Elizabeth Donkin Psychiatric Hospital | E23: Item | F23: 0
B24: 1A-3.2.6 | D24: Empilweni TB Hospital | E24: Item | F24: 0
B25: 1A-3.3 | D25: CCTV
B26: 1A-3.3.1 | D26: Dora Nginza Hospital | E26: Item | F26: 1
B27: 1A-3.3.2 | D27: Livingstone Hospital | E27: Item | F27: 1
B28: 1A-3.3.3 | D28: Port Elizabeth Provincial Hospital | E28: Item | F28: 1
B29: 1A-3.3.4 | D29: Uitenhage Provincial Hospital | E29: Item | F29: 1
B30: 1A-3.3.5 | D30: Jose Pearson TB Hospital | E30: Item | F30: 0
B31: 1A-3.3.6 | D31: Elizabeth Donkin Psychiatric Hospital | E31: Item | F31: 1
B32: 1A-3.3.7 | D32: Empilweni TB Hospital | E32: Item | F32: 1
B33: 1A-3.4 | D33: Public Announcement (PA) System
B34: 1A-3.3.4 | D34: Dora Nginza Hospital | E34: Item | F34: 1
B35: 1A-3.3.5 | D35: Livingstone Hospital | E35: Item | F35: 1
B36: 1A-3.3.6 | D36: Port Elizabeth Provincial Hospital | E36: Item | F36: 1
B37: 1A-3.3.7 | D37: Uitenhage Provincial Hospital | E37: Item | F37: 1
B38: 1A-3.4 | D38: Gqeberha CHC | E38: Item | F38: 1
B39: 1A-3.4.1 | D39: Elizabeth Donkin Psychiatric Hospital | E39: Item | F39: 1
B40: 1A-3.4.2 | D40: PHOTO VOLTAIC SYSTEM
B41: 1A-3.5 | D41: ACCESS CONTROL
B42: 1A-3.5.1 | D42: Dora Nginza Hospital | E42: Item | F42: 1
B43: 1A-3.5.2 | D43: Livingstone Hospital | E43: Item | F43: 1
B44: 1A-3.5.3 | D44: Port Elizabeth Provincial Hospital | E44: Item | F44: 1
B45: 1A-3.5.4 | D45: Uitenhage Provincial Hospital | E45: Item | F45: 1
B46: 1A-3.5.5 | D46: Elizabeth Donkin Psychiatric Hospital | E46: Item | F46: 1
B49: TOTAL CARRIED FORWARD TO SUMMARY

Sheet SCHEDULE 2A-BOQ
B1: ECDOH GENERAL ELECTRICAL LV MAINTENANCE AND REPAIR CONTRACT
B2: CONTRACT REF. NO: | D2: CMU3-2627-0192-NMB: | E2: Cluster/District: | I2: =SUMMARY!F4 -> NELSON MANDELA BAY DISTRICT
B3: ASSET TYPE: | D3: LV INSTALLATIONS
B5: SCHEDULE 2 : | D5: SCHEDULE OF RATES
B6: ITEM | C6: REF NO | D6: DESCRIPTION | E6: UNIT | F6: TOTAL QTY | G6: RATE | I6: AMOUNT
G7: MATERIAL | H7: LABOUR | I7: R
D10: SCHEDULE NO. 2
C11: R.2.248
B12: 2 | C12: R.2.254 | D12: LOW VOLTAGE CABLE
C13: R.2.255 | D13: 1000V PVC/SWA/PVC copper cables.
B15: 2.109 | C15: R.2.256 | D15: 120mm² x 4-core | E15: m | F15: 1 | I15: =(G15+H15)*$F15 -> 0
B16: 2.110 | C16: R.2.257 | D16: 95mm² x 4-core | E16: m | F16: 1 | I16: =(G16+H16)*$F16 -> 0
B17: 2.111 | C17: R.2.258 | D17: 70mm² x 4-core | E17: m | F17: 1 | I17: =(G17+H17)*$F17 -> 0
B18: 2.112 | C18: R.2.259 | D18: 50mm² x 4-core | E18: m | F18: 105 | I18: =(G18+H18)*$F18 -> 0
B19: 2.113 | C19: R.2.260 | D19: 35mm² x 4-core | E19: m | F19: 105 | I19: =(G19+H19)*$F19 -> 0
B20: 2.114 | C20: R.2.261 | D20: 25mm² x 4-core | E20: m | F20: 153 | I20: =(G20+H20)*$F20 -> 0
B21: 2.115 | C21: R.2.262 | D21: 16mm² x 4-core | E21: m | F21: 153 | I21: =(G21+H21)*$F21 -> 0
B22: 2.116 | C22: R.2.263 | D22: 16mm² x 3-core | E22: m | F22: 153 | I22: =(G22+H22)*$F22 -> 0
B23: 2.117 | C23: R.2.264 | D23: 10mm² x 4-core | E23: m | F23: 153 | I23: =(G23+H23)*$F23 -> 0
B24: 2.118 | C24: R.2.265 | D24: 10mm² x 3-core | E24: m | F24: 60 | I24: =(G24+H24)*$F24 -> 0
B25: 2.119 | C25: R.2.266 | D25: 6mm² x 4-core | E25: m | F25: 60 | I25: =(G25+H25)*$F25 -> 0
B26: 2.120 | C26: R.2.267 | D26: 6mm² x 3-core | E26: m | F26: 60 | I26: =(G26+H26)*$F26 -> 0
... B32: 2.126 | C32: R.2.273 | D32: 1,5mm² x 3-core | E32: m | F32: 60 | I32: =(G32+H32)*$F32 -> 0
C33: R.2.274 | D33: LOW VOLTAGE CABLE TERMINATION | F33: 0 | I33: =(G33+H33)*$F33 -> 0
C34: R.2.275 | D34: Terminate 1 000V PVC/SWA/PVC cable | F34: 0 | I34: =(G34+H34)*$F34 -> 0
B35: 2.127 | C35: R.2.276 | D35: 120mm² x 4-core | E35: ea. | F35: 1 | I35: =(G35+H35)*$F35 -> 0
B36: 2.128 | C36: R.2.277 | D36: 95mm² x 4-core | E36: ea. | F36: 1 | I36: =(G36+H36)*$F36 -> 0
B37: 2.129 | C37: R.2.278 | D37: 70mm² x 4-core | E37: ea. | F37: 1 | I37: =(G37+H37)*$F37 -> 0
B38: 2.130 | C38: R.2.279 | D38: 50mm² x 4-core | E38: ea. | F38: 12 | I38: =(G38+H38)*$F38 -> 0
B39: 2.131 | C39: R.2.280 | D39: 35mm² x 4-core | E39: ea. | F39: 12 | I39: =(G39+H39)*$F39 -> 0
B40: 2.132 | C40: R.2.281 | D40: 25mm² x 4-core | E40: ea. | F40: 12 | I40: =(G40+H40)*$F40 -> 0
B41: 2.133 | C41: R.2.282 | D41: 16mm² x 4-core | E41: ea. | F41: 18 | I41: =(G41+H41)*$F41 -> 0
B42: 2.134 | C42: R.2.283 | D42: 16mm² x 3-core | E42: ea. | F42: 18 | I42: =(G42+H42)*$F42 -> 0
B43: 2.135 | C43: R.2.284 | D43: 10mm² x 4-core | E43: ea. | F43: 18 | I43: =(G43+H43)*$F43 -> 0
B44: 2.136 | C44: R.2.285 | D44: 10mm² x 3-core | E44: ea. | F44: 18 | I44: =(G44+H44)*$F44 -> 0
B45: 2.137 | C45: R.2.286 | D45: 6mm² x 4-core | E45: ea. | F45: 18 | I45: =(G45+H45)*$F45 -> 0
B46: 2.138 | C46: R.2.287 | D46: 6mm² x 3-core | E46: ea. | F46: 18 | I46: =(G46+H46)*$F46 -> 0
... B52: 2.144 | C52: R.2.293 | D52: 1,5mm² x 3-core | E52: ea. | F52: 7 | I52: =(G52+H52)*$F52 -> 0
C53: R.2.294 | D53: LOW VOLTAGE CABLE JOINTS | F53: 0 | I53: =(G53+H53)*$F53 -> 0
C54: R.2.295 | D54: Joint 1 000V PVC/SWA/PVC cables | F54: 0 | I54: =(G54+H54)*$F54 -> 0
B55: 2.145 | C55: R.2.296 | D55: 120mm² x 4-core | E55: ea. | F55: 7 | I55: =(G55+H55)*$F55 -> 0
B56: 2.146 | C56: R.2.297 | D56: 95mm² x 4-core | E56: ea. | F56: 7 | I56: =(G56+H56)*$F56 -> 0
B57: 2.147 | C57: R.2.298 | D57: 70mm² x 4-core | E57: ea. | F57: 7 | I57: =(G57+H57)*$F57 -> 0
B58: 2.148 | C58: R.2.299 | D58: 50mm² x 4-core | E58: ea. | F58: 7 | I58: =(G58+H58)*$F58 -> 0
B59: 2.149 | C59: R.2.300 | D59: 35mm² x 4-core | E59: ea. | F59: 7 | I59: =(G59+H59)*$F59 -> 0
B60: 2.150 | C60: R.2.301 | D60: 25mm² x 4-core | E60: ea. | F60: 7 | I60: =(G60+H60)*$F60 -> 0
B61: 2.151 | C61: R.2.302 | D61: 16mm² x 4-core | E61: ea. | F61: 7 | I61: =(G61+H61)*$F61 -> 0
B62: 2.152 | C62: R.2.303 | D62: 16mm² x 3-core | E62: ea. | F62: 7 | I62: =(G62+H62)*$F62 -> 0
B63: 2.153 | C63: R.2.304 | D63: 10mm² x 4-core | E63: ea. | F63: 7 | I63: =(G63+H63)*$F63 -> 0
B64: 2.154 | C64: R.2.305 | D64: 10mm² x 3-core | E64: ea. | F64: 7 | I64: =(G64+H64)*$F64 -> 0
B65: 2.155 | C65: R.2.306 | D65: 6mm² x 4-core | E65: ea. | F65: 7 | I65: =(G65+H65)*$F65 -> 0
B66: 2.156 | C66: R.2.307 | D66: 6mm² x 3-core | E66: ea. | F66: 7 | I66: =(G66+H66)*$F66 -> 0
... B72: 2.162 | C72: R.2.313 | D72: 1,5mm² x 3-core | E72: ea. | F72: 7 | I72: =(G72+H72)*$F72 -> 0
C73: R.2.314 | D73: DISCONNECT SUPPLY CABLE | F73: 0 | I73: =(G73+H73)*$F73 -> 0
C74: R.2.315 | D74: Switch off and disconnect the three or single phase supply cable. | F74: 0 | I74: =(G74+H74)*$F74 -> 0
B75: 2.163 | C75: R.2.316 | D75: 50mm² -120mm² | E75: ea. | F75: 7 | I75: =(G75+H75)*$F75 -> 0
B76: 2.164 | C76: R.2.317 | D76: 16mm² -35mm² | E76: ea. | F76: 18 | I76: =(G76+H76)*$F76 -> 0
B77: 2.165 | C77: R.2.318 | D77: 1,5mm² -10mm² | E77: ea. | F77: 18 | I77: =(G77+H77)*$F77 -> 0
C78: R.2.319 | D78: CABLE PROTECTION KICKER PIPES | F78: 0 | I78: =(G78+H78)*$F78 -> 0
C79: R.2.320 | D79: 2.5m long galvanised cable protection kicker pipe | F79: 0 | I79: =(G79+H79)*$F79 -> 0
B80: 2.166 | C80: R.2.321 | D80: 75mm dia | E80: ea. | F80: 18 | I80: =(G80+H80)*$F80 -> 0
B81: 2.167 | C81: R.2.322 | D81: 50mm dia | E81: ea. | F81: 7 | I81: =(G81+H81)*$F81 -> 0
B82: 2.168 | C82: R.2.323 | D82: 40mm dia | E82: ea. | F82: 7 | I82: =(G82+H82)*$F82 -> 0
B83: 2.169 | C83: R.2.324 | D83: 32mm dia | E83: ea. | F83: 18 | I83: =(G83+H83)*$F83 -> 0
B84: 2.170 | C84: R.2.325 | D84: 25mm dia | E84: ea. | F84: 18 | I84: =(G84+H84)*$F84 -> 0
B85: 2.171 | C85: R.2.326 | D85: 20mm dia | E85: ea. | F85: 18 | I85: =(G85+H85)*$F85 -> 0
C86: R.2.327 | D86: EARTHING | F86: 0 | I86: =(G86+H86)*$F86 -> 0
B87: 2.172 | C87: R.2.328 | D87: Test transformer earth submit an earth reading. | E87: ea. | F87: 22 | I87: =(G87+H87)*$F87 -> 0
B88: 2.173 | C88: R.2.329 | D88: 1,5m earth electrode, depth of 600mm below final ground level. | E88: ea. | F88: 22 | I88: =(G88+H88)*$F88 -> 0
B89: 2.174 | C89: R.2.330 | D89: 70mm sq. earth wire with earth electrodes. | E89: m | F89: 105 | I89: =(G89+H89)*$F89 -> 0
C90: R.2.331 | D90: BARE COPPER EARTH WIRES | F90: 0 | I90: =(G90+H90)*$F90 -> 0
C91: R.2.332 | D91: Provide and install bare copper earth wires through cable sleeves,. | F91: 0 | I91: =(G91+H91)*$F91 -> 0
B92: 2.175 | C92: R.2.333 | D92: 70mm² | E92: m | F92: 1 | I92: =(G92+H92)*$F92 -> 0
B93: 2.176 | C93: R.2.334 | D93: 50 mm² | E93: m | F93: 1 | I93: =(G93+H93)*$F93 -> 0
B94: 2.177 | C94: R.2.335 | D94: 35 mm² | E94: m | F94: 420 | I94: =(G94+H94)*$F94 -> 0
B95: 2.178 | C95: R.2.336 | D95: 25 mm² | E95: m | F95: 600 | I95: =(G95+H95)*$F95 -> 0
B96: 2.179 | C96: R.2.337 | D96: 16 mm² | E96: m | F96: 600 | I96: =(G96+H96)*$F96 -> 0
B97: 2.180 | C97: R.2.338 | D97: 10 mm² | E97: m | F97: 600 | I97: =(G97+H97)*$F97 -> 0
B98: 2.181 | C98: R.2.339 | D98: 6 mm² | E98: m | F98: 600 | I98: =(G98+H98)*$F98 -> 0
B99: 2.182 | C99: R.2.340 | D99: 4 mm² | E99: m | F99: 600 | I99: =(G99+H99)*$F99 -> 0
C100: R.2.341 | D100: CABLE TRENCHES | F100: 0 | I100: =(G100+H100)*$F100 -> 0
C101: R.2.342 | D101: Excavate and back-fill cable trenches, 300mm wide x 650mm deep. | F101: 0 | I101: =(G101+H101)*$F101 -> 0
B102: 2.183 | C102: R.2.343 | D102: Earth (Pickable) | E102: m3 | F102: 1500 | I102: =(G102+H102)*$F102 -> 0
B103: 2.184 | C103: R.2.344 | D103: Soft rock (Pneumatic) | E103: m3 | F103: 753 | I103: =(G103+H103)*$F103 -> 0
B104: 2.185 | C104: R.2.345 | D104: Hard rock (Blasting) | E104: m3 | F104: 600 | I104: =(G104+H104)*$F104 -> 0
B105: 2.186 | C105: R.2.346 | D105: Soft soil backfilling material | E105: m3 | F105: 1125 | I105: =(G105+H105)*$F105 -> 0
B106: 2.187 | C106: R.2.347 | D106: Excavate and open existing LV cables. | E106: m3 | F106: 378 | I106: =(G106+H106)*$F106 -> 0
B107: 2.188 | C107: R.2.348 | D107: Price for excavation to remove an existing 7 to 11m pole. | E107: ea | F107: 340 | I107: =(G107+H107)*$F107 -> 0
C108: R.2.349 | D108: CABLE MARKER TAPE | F108: 0 | I108: =(G108+H108)*$F108 -> 0
B109: 2.189 | C109: R.2.350 | D109: Cable marker tape above cables. | E109: m | F109: 1878 | I109: =(G109+H109)*$F109 -> 0
C110: R.2.355 | D110: PVC SLEEVES | F110: 0 | I110: =(G110+H110)*$F110 -> 0
C111: R.2.356 | D111: The following sleeves -black of the KABELFLEX type. | F111: 0 | I111: =(G111+H111)*$F111 -> 0
B112: 2.192 | C112: R.2.357 | D112: 160mm dia | E112: m | F112: 21 | I112: =(G112+H112)*$F112 -> 0
B113: 2.193 | C113: R.2.358 | D113: 110mm dia | E113: m | F113: 115 | I113: =(G113+H113)*$F113 -> 0
B114: 2.194 | C114: R.2.359 | D114: 75mm dia | E114: m | F114: 115 | I114: =(G114+H114)*$F114 -> 0
B115: 2.195 | C115: R.2.359 | D115: 32mm dia | E115: m | F115: 153 | I115: =(G115+H115)*$F115 -> 0
C116: R.2.360 | D116: SLOW BENDS | F116: 0 | I116: =(G116+H116)*$F116 -> 0
C117: R.2.361 | D117: Slow bends through a wall and floor. | F117: 0 | I117: =(G117+H117)*$F117 -> 0
B118: 2.196 | C118: R.2.362 | D118: 110mm dia PVC. slow bends. | E118: ea. | F118: 7 | I118: =(G118+H118)*$F118 -> 0
B119: 2.197 | C119: R.2.363 | D119: 75mm dia PVC slow bends. | E119: ea. | F119: 7 | I119: =(G119+H119)*$F119 -> 0
...

Sheet SCHEDULE 3A-1_NMB
B2: =SUMMARY!B2 -> ECDOH GENERAL ELECTRICAL LV MAINTENANCE AND REPAIR CONTRACT
B3: ='[3]SCHED 1A-1_NM'!B3 -> CONTRACT REF. NO: | D3: =SUMMARY!D4 -> CMU3-2627-0192-NMB: | E3: Cluster/District: | I3: ='SCHED 1A-1_NMB'!G3 -> NELSON MANDELA BAY
B4: ='[3]SCHED 1A-1_NM'!B4 -> ASSET TYPE: | D4: LV EQUIPMENT
B6: SCHEDULE 3A-1 : | D6: MAINTENANCE SERVICE SCHEDULE
B8: ITEM Nr. | C8: PAYMENT REFERS | D8: DESCRIPTION | E8: UNIT | F8: Per Facility | G8: No. of Services | H8: QTY (A) | I8: RATE (B) | J8: AMOUNT (C) = (A) x (B)
B9: 3A-1 | D9: Routine Inspections : the full installation on site will be visually inspected for general compliance with SANS 10142-1. An inspection report will be submitted by the contractor upon completion of the inspection and signed off by the engineer.
D10: Routine Inspection : Price per Six Monthly Inspection per Facility.
D11: Rate shall include for all costs to complete task; such as labour, travelling, accommodation, subsistence allowance, etc.
B12: 3A-1.1 | D12: Dora Nginza Hospital | E12: No | F12: 1 | G12: 4 | H12: =F12*G12 -> 4
B13: 3A-1.2 | D13: Livingstone Hospital | E13: No | F13: 1 | G13: 4 | H13: =F13*G13 -> 4
B14: 3A-1.3 | D14: Port Elizabeth Provincial Hospital | E14: No | F14: 1 | G14: 4 | H14: =F14*G14 -> 4
B15: 3A-1.4 | D15: Uitenhage Provincial Hospital | E15: No | F15: 1 | G15: 4 | H15: =F15*G15 -> 4
B16: 3A-1.5 | D16: Elizabeth Donkin Psychiatric Hospital | E16: No | F16: 1 | G16: 4 | H16: =F16*G16 -> 4
B17: 3A-1.6 | D17: Empilweni TB Hospital | E17: No | F17: 1 | G17: 4 | H17: =F17*G17 -> 4
B20: TOTAL CARRIED FORWARD TO SUMMARY

Sheet SCHEDULE 3A-2_NMB
B2: =SUMMARY!B2 -> ECDOH GENERAL ELECTRICAL LV MAINTENANCE AND REPAIR CONTRACT
B3: ='[3]SCHED 1A-1_NM'!B3 -> CONTRACT REF. NO: | D3: =SUMMARY!D4 -> CMU3-2627-0192-NMB: | E3: Cluster/District: | I3: ='SCHED 1A-1_NMB'!G3 -> NELSON MANDELA BAY
B4: ='[3]SCHED 1A-1_NM'!B4 -> ASSET TYPE: | D4: LV EQUIPMENT
B6: SCHEDULE 3A-2 : | D6: MAINTENANCE SERVICE SCHEDULE (SPECIALIST EQUIPMENT)
B8: ITEM Nr. | C8: PAYMENT REFERS | D8: DESCRIPTION | E8: UNIT | F8: Per/ Facility | G8: No. of Services | H8: QTY (A) | I8: RATE (B) | J8: AMOUNT (C) = (A) x (B)
B9: 3A-2 | D9: Routine Inspections : the full installation on site will be visually inspected for general compliance. An inspection report and repair quote will be submitted by the contractor upon completion of the inspection and signed off by the engineer.
D10: Dora Nginza Hospital
D11: Routine Inspection : Price per Six Monthly/Annual Inspection per Facility.
B12: 3A-2.1.1 | D12: NURSE CALL SYSTEM | E12: No | F12: 1 | G12: 4 | H12: =G12*F12 -> 4
B13: 3A-2.1.2 | D13: UNINTERRUPTED POWER SUPPLY SYSTEMS (UPS) | E13: No | F13: 1 | G13: 4 | H13: =G13*F13 -> 4
B14: 3A-2.1.3 | D14: CCTV | E14: No | F14: 1 | G14: 4 | H14: =G14*F14 -> 4
B15: 3A-2.1.4 | D15: PUBLIC ADDRESS SYSTEM (PA) | E15: No | F15: 1 | G15: 4 | H15: =G15*F15 -> 4
B16: 3A-2.1.5 | D16: PHOTO VOLTAIC SYSTEM | E16: No | F16: 1 | G16: 0 | H16: =G16*F16 -> 0
B17: 3A-2.1.6 | D17: ACCESS CONTROL | E17: No | F17: 1 | G17: 4 | H17: =G17*F17 -> 4
D18: Livingstone HospitalGreenville Hospital
D19: Routine Inspection : Price per Six Monthly/Annual Inspection per Facility.
B20: 3A-2.2.1 | D20: NURSE CALL SYSTEM | E20: No | F20: 1 | G20: 4 | H20: =G20*F20 -> 4
B21: 3A-2.2.2 | D21: UNINTERRUPTED POWER SUPPLY SYSTEMS (UPS) | E21: No | F21: 1 | G21: 4 | H21: =G21*F21 -> 4
B22: 3A-2.2.3 | D22: CCTV | E22: No | F22: 1 | G22: 4 | H22: =G22*F22 -> 4
B23: 3A-2.2.4 | D23: PUBLIC ADDRESS SYSTEM (PA) | E23: No | F23: 1 | G23: 4 | H23: =G23*F23 -> 4
B24: 3A-2.2.5 | D24: PHOTO VOLTAIC SYSTEM | E24: No | F24: 1 | G24: 0 | H24: =G24*F24 -> 0
B25: 3A-2.2.6 | D25: ACCESS CONTROL | E25: No | F25: 1 | G25: 4 | H25: =G25*F25 -> 4
D26: Port Elizabeth Provincial Hospital
D27: Routine Inspection : Price per Six Monthly/Annual Inspection per Facility.
B28: 3A-2.3.1 | D28: NURSE CALL SYSTEM | E28: No | F28: 1 | G28: 4 | H28: =G28*F28 -> 4
B29: 3A-2.3.2 | D29: UNINTERRUPTED POWER SUPPLY SYSTEMS (UPS) | E29: No | F29: 1 | G29: 4 | H29: =G29*F29 -> 4
B30: 3A-2.3.3 | D30: CCTV | E30: No | F30: 1 | G30: 4 | H30: =G30*F30 -> 4
B31: 3A-2.3.4 | D31: PUBLIC ADDRESS SYSTEM (PA) | E31: No | F31: 1 | G31: 4 | H31: =G31*F31 -> 4
B32: 3A-2.3.5 | D32: PHOTO VOLTAIC SYSTEM | E32: No | F32: 1 | G32: 0 | H32: =G32*F32 -> 0
B33: 3A-2.3.6 | D33: ACCESS CONTROL | E33: No | F33: 1 | G33: 4 | H33: =G33*F33 -> 4
D34: Uitenhage Provincial Hospital
D35: Routine Inspection : Price per Six Monthly/Annual Inspection per Facility.
B36: 3A-2.4.1 | D36: NURSE CALL SYSTEM | E36: No | F36: 1 | G36: 4 | H36: =G36*F36 -> 4
B37: 3A-2.4.2 | D37: UNINTERRUPTED POWER SUPPLY SYSTEMS (UPS) | E37: No | F37: 1 | G37: 4 | H37: =G37*F37 -> 4
B38: 3A-2.4.3 | D38: CCTV | E38: No | F38: 1 | G38: 4 | H38: =G38*F38 -> 4
B39: 3A-2.4.4 | D39: PUBLIC ADDRESS SYSTEM (PA) | E39: No | F39: 1 | G39: 4 | H39: =G39*F39 -> 4
B40: 3A-2.4.5 | D40: PHOTO VOLTAIC SYSTEM | E40: No | F40: 1 | G40: 0 | H40: =G40*F40 -> 0
B41: 3A-2.4.6 | D41: ACCESS CONTROL | E41: No | F41: 1 | G41: 4 | H41: =G41*F41 -> 4
D42: Elizabeth Donkin Psychiatric Hospital
D43: Routine Inspection : Price per Six Monthly/Annual Inspection per Facility.
B44: 3A-2.5.1 | D44: NURSE CALL SYSTEM | E44: No | F44: 0 | G44: 4 | H44: =G44*F44 -> 0
B45: 3A-2.5.2 | D45: UNINTERRUPTED POWER SUPPLY SYSTEMS (UPS) | E45: No | F45: 1 | G45: 4 | H45: =G45*F45 -> 4
B46: 3A-2.5.3 | D46: CCTV | E46: No | F46: 1 | G46: 4 | H46: =G46*F46 -> 4
B47: 3A-2.5.4 | D47: PUBLIC ADDRESS SYSTEM (PA) | E47: No | F47: 0 | G47: 4 | H47: =G47*F47 -> 0
B48: 3A-2.5.5 | D48: PHOTO VOLTAIC SYSTEM | E48: No | F48: 1 | G48: 0 | H48: =G48*F48 -> 0
B49: 3A-2.5.6 | D49: ACCESS CONTROL | E49: No | F49: 1 | G49: 4 | H49: =G49*F49 -> 4
D50: Empilweni TB Hospital
D51: Routine Inspection : Price per Six Monthly/Annual Inspection per Facility.
B52: 3A-2.6.1 | D52: NURSE CALL SYSTEM | E52: No | F52: 1 | G52: 4 | H52: =G52*F52 -> 4
B53: 3A-2.6.2 | D53: UNINTERRUPTED POWER SUPPLY SYSTEMS (UPS) | E53: No | F53: 1 | G53: 4 | H53: =G53*F53 -> 4
B54: 3A-2.6.3 | D54: CCTV | E54: No | F54: 1 | G54: 4 | H54: =G54*F54 -> 4
B55: 3A-2.6.4 | D55: PUBLIC ADDRESS SYSTEM (PA) | E55: No | F55: 1 | G55: 4 | H55: =G55*F55 -> 4
B56: 3A-2.6.5 | D56: PHOTO VOLTAIC SYSTEM | E56: No | F56: 1 | G56: 0 | H56: =G56*F56 -> 0
B57: 3A-2.6.6 | D57: ACCESS CONTROL | E57: No | F57: 1 | G57: 4 | H57: =G57*F57 -> 4
B59: TOTAL CARRIED FORWARD TO SUMMARY

Sheet SCHEDULE 4
B3: =SUMMARY!B2 -> ECDOH GENERAL ELECTRICAL LV MAINTENANCE AND REPAIR CONTRACT
B4: CONTRACT REF. NO: | D4: =SUMMARY!D4 -> CMU3-2627-0192-NMB: | E4: Cluster/District: | G4: =SUMMARY!F4 -> NELSON MANDELA BAY DISTRICT
B5: ASSET TYPE: | D5: LV INSTALLATIONS
B7: SCHEDULE 4 : | D7: TERM REPAIRS SUBJECT TO APPROVAL OF QUOTATION OF THE WORKS
B9: ITEM Nr. | C9: PAYMENT REFERS | D9: DESCRIPTION | E9: UNIT | F9: QTY | G9: RATE | H9: AMOUNT
B10: 4.1 | D10: LABOUR RATES APPLICABLE TO UNSCHEDULED WORK: Labour rates that Contractor will charge for additional adhoc work that is not contained in Schedules 1 to 3.
B11: 4.1.1 | D11: Electrical Maintenance Supervisor | E11: Hr | F11: =F12*0.5 -> 468
B12: 4.1.2 | D12: Artisan (Trade Tested) | E12: Hr | F12: =((4*36)*13)/2 -> 936
B13: 4.1.3 | D13: Artisan Aid | E13: Hr | F13: =((4*36)*13)/2 -> 936
B15: 4.2 | D15: TRAVELLING : Travelling cost will be as per the rates for reimbursable expenses published monthly by the National Department of Public Works at the time of rendering the service/repair. (To be paid on proven cost)
B16: 4.2.1 | D16: Vehicle Travelling Estimate | E16: Km | F16: =((42*2)*36)*11 -> 33264
B17: 4.3 | D17: ACCOMMODATION AND SUBSISTENCE : Daily Rates per person that the Contractor will claim for approved trips lasting more than one day at a time. (To be paid on proven cost)
B18: 4.3.1 | D18: Accommodation | E18: Per/night | F18: 72
D20: SPECIALIST EQUIPMENT AT HOSPITALS
B21: 4.4 | D21: PROVISION TO COVER REPAIRS DURING THE TERM OF THE CONTRACT (SPECIALIST EQUIPMENT) : Lump Sum Provision to cover repairs, breakdowns and routine maintenance during the course of the Contract in addition to the agreed routine servicing of the Assets. | E21: PSum | F21: 1 | G21: 5811546 | H21: =F21*G21 -> 5811546
B22: 4.4.1 | D22: DIRECT FEE PERCENTAGE (MARK-UP) ON MATERIALS AND SERVICES THAT IS NOT INCLUDED IN PRICE LISTS : Mark-up on proven cost for materials and/or Outsourced Services based on the Provisional sum listed in Item 4.5 above. (Apply % to provisional sum in Item 4.5 above when pricing the tender) | E22: %
D23: CLINICS
B24: 4.5 | D24: PROVISION TO COVER REPAIRS DURING THE TERM OF THE CONTRACT (CLINICS) : Lump Sum Provision to cover repairs and breakdowns during the course of the Contract in addition to the agreed routine servicing of the Assets. | E24: PSum | F24: 1 | G24: 1350000 | H24: =F24*G24 -> 1350000
B28: TOTAL CARRIED FORWARD TO SUMMARY

Sheet WORK ORDERS  01 LAETITIA BAM CH
A9: QUOTE TO : | F9: Qoute No | H9: 1
A10: Department of Health | F10: Date | H10: 43770
A11: 717 Dukumbana Building | F11: Facility | H11: LAETITIA BAM CHC
A12: Independent Avenue | F12: Work Order | H12: 39138
A13: Bhisho | F13: Tender No | H13: SCMU3 - 17/18-0303 - HO
F14: Contract Term | H14: 24 MONTHS
A15: WORK REQUEST : Generator is faulty.
A16: SCHEDULED WORK
A17: Item 1 | B17: Discription | E17: Unit | F17: Sch No | G17: Quantity | H17: Rate | I17: Amount
I18: =SUM(G18*H18) -> 0
I19: =SUM(G19*H19) -> 0
I20: =SUM(G20*H20) -> 0
A21: Sub Total A | I21: =SUM(I18:I20) -> 0
A22: NON SCHEDULED WORK
A23: Item 2 | B23: Discription | F23: Quantity | G23: Mark -Up | H23: Rate | I23: Amount
A24: 1 | B24: RELAY 11 PIN 12V DC | F24: 2 | G24: 0.15 | H24: 110 | I24: =H24*F24*1.15 -> 253
A25: 2 | B25: RELAY BASE | F25: 2 | G25: 0.15 | H25: 65 | I25: =H25*F25*1.15 -> 149.5
A26: 3 | B26: DEEPSEA CONTROLLER | F26: 1 | G26: 0.15 | H26: 6239 | I26: =H26*F26*1.15 -> 7174.85
A27: 4 | B27: MCB 6A SP | F27: 2 | G27: 0.15 | H27: 21.6 | I27: =H27*F27*1.15 -> 49.68
A28: 5 | B28: RED STOP TWIST RELEASE | F28: 2 | G28: 0.15 | H28: 65.5 | I28: =H28*F28*1.15 -> 150.65
A29: 6 | B29: CONTACT BLOCK 1N/0 + 1N/C | F29: 2 | G29: 0.15 | H29: 68.5 | I29: =H29*F29*1.15 -> 157.55
A32: Sub Total B | I32: =SUM(I24:I31) -> 7935.23
A33: LABOUR
A34: Item 3 | B34: (Normal Rate) | E34: Unit | G34: Quantity | H34: Rate | I34: Amount
A35: 1 | B35: Techinician | E35: HRS | G35: 15 | H35: 450 | I35: =SUM(G35*H35) -> 6750
A36: 2 | B36: Senior Artisan | E36: HRS | H36: 350 | I36: =SUM(G36*H36) -> 0
A37: 3 | B37: Artisan (Trade Tested) | E37: HRS | H37: 300 | I37: =SUM(G37*H37) -> 0
A38: 4 | B38: Utility Man (Non - Trade Tested) | E38: HRS | G38: 15 | H38: 200 | I38: =SUM(G38*H38) -> 3000
A39: 5 | B39: Artisan Aid | E39: HRS | H39: 200 | I39: =SUM(G39*H39) -> 0
A40: 6 | B40: General Worker | E40: HRS | H40: 140 | I40: =SUM(G40*H40) -> 0
A44: Sub Total C | I44: =SUM(I35:I43) -> 9750
A45: TRANSPORT
A46: Item 4 | B46: Destinantion | E46: No of Trips | G46: KMs | H46: Rate | I46: Amount
A47: 12 | B47: Port Elizabeth office to Laetitia Bam
B48: CHC and back. | E48: 2 | G48: 154.4 | H48: 5 | I48: =H48*G48 -> 772
A50: Sub Total D | I50: =SUM(I47:I49) -> 772
G52: Sub Total (A+B+C+D) | I52: =I50+I44+I32+I21 -> 18457.23
G54: Sub Total | I54: =I52+I53 -> 18457.23

Sheet JOSE PEARSON TB HOSPITAL (02)
A9: QUOTE TO : | F9: Qoute No | H9: 2
A10: Department of Health | F10: Date | H10: 43498
A11: 717 Dukumbana Building | F11: Facility | H11: JOSE PEARSON TB HOSPITAL
A12: Independent Avenue | F12: Work Order | H12: 40578
A13: Bhisho | F13: Tender No | H13: SCMU3 - 17/18-0303 - HO
F14: Contract Term | H14: 24 MONTHS
A15: WORK REQUEST : Phamarcy building dep needs to be connected to the gen
A16: SCHEDULED WORK
A17: Item 1 | B17: Discription | E17: Unit | F17: Sch No | G17: Quantity | H17: Rate | I17: Amount
I18: =SUM(G18*H18) -> 0
I19: =SUM(G19*H19) -> 0
I20: =SUM(G20*H20) -> 0
A21: Sub Total A | I21: =SUM(I18:I20) -> 0
A22: NON SCHEDULED WORK
A23: Item 2 | B23: Discription | F23: Quantity | G23: MarK UP | H23: Rate | I23: Amount
A32: Sub Total B | I32: =SUM(I24:I31) -> 0
A33: LABOUR
A34: Item 3 | B34: (Normal Rate) | E34: Unit | G34: Quantity | H34: Rate | I34: Amount
A35: 1 | B35: Techinician | E35: HRS | G35: 6 | H35: 450 | I35: =SUM(G35*H35) -> 2700
A36: 2 | B36: Senior Artisan | E36: HRS | H36: 350 | I36: =SUM(G36*H36) -> 0
A37: 3 | B37: Artisan (Trade Tested) | E37: HRS | H37: 300 | I37: =SUM(G37*H37) -> 0
A38: 4 | B38: Utility Man (Non - Trade Tested) | E38: HRS | G38: 6 | H38: 200 | I38: =SUM(G38*H38) -> 1200
A39: 5 | B39: Artisan Aid | E39: HRS | H39: 200 | I39: =SUM(G39*H39) -> 0
A40: 6 | B40: General Worker | E40: HRS | H40: 140 | I40: =SUM(G40*H40) -> 0
A44: Sub Total C | I44: =SUM(I35:I43) -> 3900
A45: TRANSPORT
A46: Item 4 | B46: Destinantion | E46: No of Trips | G46: KMs | H46: Rate | I46: Amount
A47: 12 | B47: Port Elizabeth office to Jose Pearson
B48: TB Hospital and back. | E48: 1 | G48: 47 | H48: 5 | I48: =H48*G48 -> 235
A50: Sub Total D | I50: =SUM(I47:I49) -> 235
G52: Sub Total (A+B+C+D) | I52: =I50+I44+I32+I21 -> 4135
G54: Sub Total | I54: =I52 -> 4135

Sheet NEW BRIGHTON MORTUARY (03)
A9: QUOTE TO : | F9: Qoute No | H9: 3
A10: Department of Health | F10: Date | H10: 43801
A11: 717 Dukumbana Building | F11: Facility | H11: NEW BRIGHTON MORTUARY
A12: Independent Avenue | F12: Work Order | H12: 41253
A13: Bhisho | F13: Tender No | H13: SCMU3 - 17/18-0303 - HO
F14: Contract Term | H14: 24 MONTHS
A15: WORK REQUEST : Gen does not start.
A16: SCHEDULED WORK
A17: Item 1 | B17: Discription | E17: Unit | F17: Sch No | G17: Quantity | H17: Rate | I17: Amount
I18: =SUM(G18*H18) -> 0
I19: =SUM(G19*H19) -> 0
I20: =SUM(G20*H20) -> 0
A21: Sub Total A | I21: =SUM(I18:I20) -> 0
A22: NON SCHEDULED WORK
A23: Item 2 | B23: Discription | F23: Quantity | G23: MarK UP | H23: Rate | I23: Amount
A32: Sub Total B | I32: =SUM(I24:I31) -> 0
A33: LABOUR
A34: Item 3 | B34: (Normal Rate) | E34: Unit | G34: Quantity | H34: Rate | I34: Amount
A35: 1 | B35: Techinician | E35: HRS | G35: 1.5 | H35: 450 | I35: =SUM(G35*H35) -> 675
A36: 2 | B36: Senior Artisan | E36: HRS | H36: 350 | I36: =SUM(G36*H36) -> 0
A37: 3 | B37: Artisan (Trade Tested) | E37: HRS | H37: 300 | I37: =SUM(G37*H37) -> 0
A38: 4 | B38: Utility Man (Non - Trade Tested) | E38: HRS | G38: 1.5 | H38: 200 | I38: =SUM(G38*H38) -> 300
A39: 5 | B39: Artisan Aid | E39: HRS | H39: 200 | I39: =SUM(G39*H39) -> 0
A40: 6 | B40: General Worker | E40: HRS | H40: 140 | I40: =SUM(G40*H40) -> 0
A44: Sub Total C | I44: =SUM(I35:I43) -> 975
A45: TRANSPORT
A46: Item 4 | B46: Destinantion | E46: No of Trips | G46: KMs | H46: Rate | I46: Amount
A47: 12 | B47: Port Elizabeth office to New Brighton
B48: Mortuary and back. | E48: 1 | G48: 21.4 | H48: 5 | I48: =H48*G48 -> 107
A50: Sub Total D | I50: =SUM(I47:I49) -> 107
G52: Sub Total (A+B+C+D) | I52: =I50+I44+I32+I21 -> 1082
G54: Sub Total | I54: =I52+I53 -> 1082

Sheet DORA NGIZA HOSPITAL (04)
A9: QUOTE TO : | F9: Qoute No | H9: 4
A10: Department of Health | F10: Date | H10: 43771
A11: 717 Dukumbana Building | F11: Facility | H11: DORA NGINZA HOSPITAL
A12: Independent Avenue | F12: Work Order | H12: 41177
A13: Bhisho | F13: Tender No | H13: SCMU3 - 17/18-0303 - HO
F14: Contract Term | H14: 24 MONTHS
A15: WORK REQUEST : Request to repair faulty cable connecting to thechange over switch.
A16: SCHEDULED WORK
A17: Item 1 | B17: Discription | E17: Unit | F17: Sch No | G17: Quantity | H17: Rate | I17: Amount
I18: =SUM(G18*H18) -> 0
I19: =SUM(G19*H19) -> 0
I20: =SUM(G20*H20) -> 0
A21: Sub Total A | I21: =SUM(I18:I20) -> 0
A22: NON SCHEDULED WORK
A23: Item 2 | B23: Discription | F23: Quantity | G23: Mark - Up | H23: Rate | I23: Amount
A24: 1 | B24: ELECTRO PHASE FAILER RELAY 400V | F24: 1 | G24: 0.15 | H24: 396 | I24: =H24*F24*1.15 -> 455.4
A25: 2 | B25: 10 X 38mm FUSE 100KVA | F25: 1 | G25: 0.15 | H25: 12 | I25: =H25*F25*1.15 -> 13.8
A32: Sub Total B | I32: =SUM(I24:I31) -> 469.2
A33: LABOUR
A34: Item 3 | B34: (Normal Rate) | E34: Unit | G34: Quantity | H34: Rate | I34: Amount
A35: 1 | B35: Techinician | E35: HRS | G35: 2 | H35: 450 | I35: =SUM(G35*H35) -> 900
A36: 2 | B36: Senior Artisan | E36: HRS | H36: 350 | I36: =SUM(G36*H36) -> 0
A37: 3 | B37: Artisan (Trade Tested) | E37: HRS | H37: 300 | I37: =SUM(G37*H37) -> 0
A38: 4 | B38: Utility Man (Non - Trade Tested) | E38: HRS | G38: 2 | H38: 200 | I38: =SUM(G38*H38) -> 400
A39: 5 | B39: Artisan Aid | E39: HRS | H39: 200 | I39: =SUM(G39*H39) -> 0
A40: 6 | B40: General Worker | E40: HRS | H40: 140 | I40: =SUM(G40*H40) -> 0
A44: Sub Total C | I44: =SUM(I35:I43) -> 1300
A45: TRANSPORT
A46: Item 4 | B46: Destinantion | E46: No of Trips | G46: KMs | H46: Rate | I46: Amount
A47: 1 | B47: Port Elizabeth office to Dora Nginza
B48: Hospital and back. | E48: 1 | G48: 28.6 | H48: 5 | I48: =H48*G48 -> 143
A50: Sub Total D | I50: =SUM(I47:I49) -> 143
G52: Sub Total (A+B+C+D) | I52: =I50+I44+I32+I21 -> 1912.2
G54: Sub Total | I54: =I52+I53 -> 1912.2

Sheet LAETITIA BAM CHC (05)
A9: QUOTE TO : | F9: Qoute No | H9: 5
A10: Department of Health | F10: Date | H10: 43740
A11: 717 Dukumbana Building | F11: Facility | H11: LAETITIA BAM CHC
A12: Independent Avenue | F12: Work Order | H12: 41140
A13: Bhisho | F13: Tender No | H13: SCMU3 - 17/18-0303 - HO
F14: Contract Term | H14: 24 MONTHS
A15: WORK REQUEST : Gen did not start.
A16: SCHEDULED WORK
A17: Item 1 | B17: Discription | E17: Unit | F17: Sch No | G17: Quantity | H17: Rate | I17: Amount
I18: =SUM(G18*H18) -> 0
I19: =SUM(G19*H19) -> 0
I20: =SUM(G20*H20) -> 0
A21: Sub Total A | I21: =SUM(I18:I20) -> 0
A22: NON SCHEDULED WORK
A23: Item 2 | B23: Discription | F23: Quantity | H23: Rate | I23: Amount
A32: Sub Total B | I32: =SUM(I24:I31) -> 0
A33: LABOUR
A34: Item 3 | B34: (Normal Rate) | E34: Unit | G34: Quantity | H34: Rate | I34: Amount
A35: 1 | B35: Techinician | E35: HRS | G35: 1 | H35: 450 | I35: =SUM(G35*H35) -> 450
A36: 2 | B36: Senior Artisan | E36: HRS | H36: 350 | I36: =SUM(G36*H36) -> 0
A37: 3 | B37: Artisan (Trade Tested) | E37: HRS | H37: 300 | I37: =SUM(G37*H37) -> 0
A38: 4 | B38: Utility Man (Non - Trade Tested) | E38: HRS | G38: 1 | H38: 200 | I38: =SUM(G38*H38) -> 200
A39: 5 | B39: Artisan Aid | E39: HRS | H39: 200 | I39: =SUM(G39*H39) -> 0
A40: 6 | B40: General Worker | E40: HRS | H40: 140 | I40: =SUM(G40*H40) -> 0
A44: Sub Total C | I44: =SUM(I35:I43) -> 650
A45: TRANSPORT
A46: Item 4 | B46: Destinantion | E46: No of Trips | G46: KMs | H46: Rate | I46: Amount
A47: 1 | B47: Port Elizabeth office to Laetitia Bam
B48: CHC and back. | E48: 1 | G48: 77.2 | H48: 5 | I48: =H48*G48 -> 386
A50: Sub Total D | I50: =SUM(I47:I49) -> 386
G52: Sub Total (A+B+C+D) | I52: =I50+I44+I32+I21 -> 1036
G54: Sub Total | I54: =I52+I53 -> 1036

Sheet MOTHERWELL CHC (06)
A9: QUOTE TO : | F9: Qoute No | H9: 6
A10: Department of Health | F10: Date | H10: 13/2/2019
A11: 717 Dukumbana Building | F11: Facility | H11: MOTHERWELL CHC
A12: Independent Avenue | F12: Work Order | H12: 41408
A13: Bhisho | F13: Tender No | H13: SCMU3 - 17/18-0303 - HO
F14: Contract Term | H14: 24 MONTHS
A15: WORK REQUEST : Request to repair gen ,not staring.
A16: SCHEDULED WORK
A17: Item 1 | B17: Discription | E17: Unit | F17: Sch No | G17: Quantity | H17: Rate | I17: Amount
I18: =SUM(G18*H18) -> 0
I19: =SUM(G19*H19) -> 0
I20: =SUM(G20*H20) -> 0
A21: Sub Total A | I21: =SUM(I18:I20) -> 0
A22: NON SCHEDULED WORK
A23: Item 2 | B23: Discription | F23: Quantity | H23: Rate | I23: Amount
A32: Sub Total B | I32: =SUM(I24:I31) -> 0
A33: LABOUR
A34: Item 3 | B34: (Normal Rate) | E34: Unit | G34: Quantity | H34: Rate | I34: Amount
A35: 1 | B35: Techinician | E35: HRS | G35: 1 | H35: 450 | I35: =SUM(G35*H35) -> 450
A36: 2 | B36: Senior Artisan | E36: HRS | H36: 350 | I36: =SUM(G36*H36) -> 0
A37: 3 | B37: Artisan (Trade Tested) | E37: HRS | H37: 300 | I37: =SUM(G37*H37) -> 0
A38: 4 | B38: Utility Man (Non - Trade Tested) | E38: HRS | G38: 1 | H38: 200 | I38: =SUM(G38*H38) -> 200
A39: 5 | B39: Artisan Aid | E39: HRS | H39: 200 | I39: =SUM(G39*H39) -> 0
A40: 6 | B40: General Worker | E40: HRS | H40: 140 | I40: =SUM(G40*H40) -> 0
A44: Sub Total C | I44: =SUM(I35:I43) -> 650
A45: TRANSPORT
A46: Item 4 | B46: Destinantion | E46: No of Trips | G46: KMs | H46: Rate | I46: Amount
A47: 12 | B47: Port Elizabeth office to Motherwell
B48: CHC and back. | E48: 1 | G48: 48.8 | H48: 5 | I48: =H48*G48 -> 244
A50: Sub Total D | I50: =SUM(I47:I49) -> 244
G52: Sub Total (A+B+C+D) | I52: =I50+I44+I32+I21 -> 894
G54: Sub Total | I54: =I52+I53 -> 894

Sheet MOTHERWEL CHC (07)
A9: QUOTE TO : | F9: Qoute No | H9: 7
A10: Department of Health | F10: Date | H10: 18/2/2019
A11: 717 Dukumbana Building | F11: Facility | H11: MOTHERWELL CHC
A12: Independent Avenue | F12: Work Order | H12: 43238
A13: Bhisho | F13: Tender No | H13: SCMU3 - 17/18-0303 - HO
F14: Contract Term | H14: 24 MONTHS
A15: WORK REQUEST : Repair to faulty gen keeps on tripping.
A16: SCHEDULED WORK
A17: Item 1 | B17: Discription | E17: Unit | F17: Sch No | G17: Quantity | H17: Rate | I17: Amount
I18: =SUM(G18*H18) -> 0
I19: =SUM(G19*H19) -> 0
I20: =SUM(G20*H20) -> 0
A21: Sub Total A | I21: =SUM(I18:I20) -> 0
A22: NON SCHEDULED WORK
A23: Item 2 | B23: Discription | F23: Quantity | H23: Rate | I23: Amount
A32: Sub Total B | I32: =SUM(I24:I31) -> 0
A33: LABOUR
A34: Item 3 | B34: (Normal Rate) | E34: Unit | G34: Quantity | H34: Rate | I34: Amount
A35: 1 | B35: Techinician | E35: HRS | G35: 1.5 | H35: 450 | I35: =SUM(G35*H35) -> 675
A36: 2 | B36: Senior Artisan | E36: HRS | H36: 350 | I36: =SUM(G36*H36) -> 0
A37: 3 | B37: Artisan (Trade Tested) | E37: HRS | H37: 300 | I37: =SUM(G37*H37) -> 0
A38: 4 | B38: Utility Man (Non - Trade Tested) | E38: HRS | G38: 1.5 | H38: 200 | I38: =SUM(G38*H38) -> 300
A39: 5 | B39: Artisan Aid | E39: HRS | H39: 200 | I39: =SUM(G39*H39) -> 0
A40: 6 | B40: General Worker | E40: HRS | H40: 140 | I40: =SUM(G40*H40) -> 0
A44: Sub Total C | I44: =SUM(I35:I43) -> 975
A45: TRANSPORT
A46: Item 4 | B46: Destinantion | E46: No of Trips | G46: KMs | H46: Rate | I46: Amount
A47: 1 | B47: Port Elizabeth office to Motherwell
B48: CHC and back. | E48: 1 | G48: 48.8 | H48: 5 | I48: =H48*G48 -> 244
A50: Sub Total D | I50: =SUM(I47:I49) -> 244
G52: Sub Total (A+B+C+D) | I52: =I50+I44+I32+I21 -> 1219
G54: Sub Total | I54: =I52+I53 -> 1219

Sheet ORSMOND TB HOSPITAL (08)
A9: QUOTE TO : | F9: Qoute No | H9: 8
A10: Department of Health | F10: Date | H10: 16/2/2019
A11: 717 Dukumbana Building | F11: Facility | H11: ORSMOND TB HOSPITAL
A12: Independent Avenue | F12: Work Order | H12: 43191
A13: Bhisho | F13: Tender No | H13: SCMU3 - 17/18-0303 - HO
F14: Contract Term | H14: 24 MONTHS
A15: WORK REQUEST : Gen faulty.
A16: SCHEDULED WORK
A17: Item 1 | B17: Discription | E17: Unit | F17: Sch No | G17: Quantity | H17: Rate | I17: Amount
I18: =SUM(G18*H18) -> 0
I19: =SUM(G19*H19) -> 0
I20: =SUM(G20*H20) -> 0
A21: Sub Total A | I21: =SUM(I18:I20) -> 0
A22: NON SCHEDULED WORK
A23: Item 2 | B23: Discription | F23: Quantity | G23: Mark - Up | H23: Rate | I23: Amount
A32: Sub Total B | I32: =SUM(I24:I31) -> 0
A33: LABOUR
A34: Item 3 | B34: (Normal Rate) | E34: Unit | G34: Quantity | H34: Rate | I34: Amount
A35: 1 | B35: Techinician | E35: HRS | G35: 2.5 | H35: 450 | I35: =SUM(G35*H35) -> 1125
A36: 2 | B36: Senior Artisan | E36: HRS | H36: 350 | I36: =SUM(G36*H36) -> 0
A37: 3 | B37: Artisan (Trade Tested) | E37: HRS | H37: 300 | I37: =SUM(G37*H37) -> 0
A38: 4 | B38: Utility Man (Non - Trade Tested) | E38: HRS | G38: 2.5 | H38: 200 | I38: =SUM(G38*H38) -> 500
A39: 5 | B39: Artisan Aid | E39: HRS | H39: 200 | I39: =SUM(G39*H39) -> 0
A40: 6 | B40: General Worker | E40: HRS | H40: 140 | I40: =SUM(G40*H40) -> 0
A44: Sub Total C | I44: =SUM(I35:I43) -> 1625
A45: TRANSPORT
A46: Item 4 | B46: Destinantion | E46: No of Trips | G46: KMs | H46: Rate | I46: Amount
A47: 1 | B47: Port Elizabeth office to Orsmmon TB hospital
B48: and back. | E48: 1 | G48: 81.4 | H48: 5 | I48: =H48*G48 -> 407
A50: Sub Total D | I50: =SUM(I47:I49) -> 407
G52: Sub Total (A+B+C+D) | I52: =I50+I44+I32+I21 -> 2032
G54: Sub Total | I54: =I52+I53 -> 2032

Sheet JOSE PEARSON TB HOSPITAL (09)
A9: QUOTE TO : | F9: Qoute No | H9: 9
A10: Department of Health | F10: Date | H10: 43618
A11: 717 Dukumbana Building | F11: Facility | H11: JOSE PEARSON TB HOSPITAL
A12: Independent Avenue | F12: Work Order | H12: 42608
A13: Bhisho | F13: Tender No | H13: SCMU3 - 17/18-0303 - HO
F14: Contract Term | H14: 24 MONTHS
A15: WORK REQUEST : Repair to a faulty gen and diesel pump.
A16: SCHEDULED WORK
A17: Item 1 | B17: Discription | E17: Unit | F17: Sch No | G17: Quantity | H17: Rate | I17: Amount
I18: =SUM(G18*H18) -> 0
I19: =SUM(G19*H19) -> 0
I20: =SUM(G20*H20) -> 0
A21: Sub Total A | I21: =SUM(I18:I20) -> 0
A22: NON SCHEDULED WORK
A23: Item 2 | B23: Discription | F23: Quantity | G23: Mark -Up | H23: Rate | I23: Amount
A24: 1 | B24: ROTARY PUMP | F24: 1 | G24: 0.15 | H24: 239.13 | I24: =H24*F24*1.15 -> 274.9995
A25: 2 | B25: BOND ADHESIVE | F25: 1 | G25: 0.15 | H25: 52.17 | I25: =H25*F25*1.15 -> 59.9955
A32: Sub Total B | I32: =SUM(I24:I31) -> 334.995
A33: LABOUR
A34: Item 3 | B34: (Normal Rate) | E34: Unit | G34: Quantity | H34: Rate | I34: Amount
A35: 1 | B35: Techinician | E35: HRS | G35: 2 | H35: 450 | I35: =SUM(G35*H35) -> 900
A36: 2 | B36: Senior Artisan | E36: HRS | H36: 350 | I36: =SUM(G36*H36) -> 0
A37: 3 | B37: Artisan (Trade Tested) | E37: HRS | H37: 300 | I37: =SUM(G37*H37) -> 0
A38: 4 | B38: Utility Man (Non - Trade Tested) | E38: HRS | G38: 2 | H38: 200 | I38: =SUM(G38*H38) -> 400
A39: 5 | B39: Artisan Aid | E39: HRS | H39: 200 | I39: =SUM(G39*H39) -> 0
A40: 6 | B40: General Worker | E40: HRS | H40: 140 | I40: =SUM(G40*H40) -> 0
A44: Sub Total C | I44: =SUM(I35:I43) -> 1300
A45: TRANSPORT
A46: Item 4 | B46: Destinantion | E46: No of Trips | G46: KMs | H46: Rate | I46: Amount
A47: 1 | B47: Port Elizabeth office to Jose Pearson
B48: TB and back. | E48: 1 | G48: 47 | H48: 5 | I48: =H48*G48 -> 235
A50: Sub Total D | I50: =SUM(I47:I49) -> 235
G52: Sub Total (A+B+C+D) | I52: =I50+I44+I32+I21 -> 1869.995
G54: Sub Total | I54: =I52+I53 -> 1869.995

Sheet LIVINGSTONE HOSPITAL (10)
A9: QUOTE TO : | F9: Qoute No | H9: 10
A10: Department of Health | F10: Date | H10: 43619
A11: 717 Dukumbana Building | F11: Facility | H11: LIVINGSTONE HOSPITAL
A12: Independent Avenue | F12: Work Order | H12: 42600
A13: Bhisho | F13: Tender No | H13: SCMU3 - 17/18-0303 - HO
F14: Contract Term | H14: 24 MONTHS
A15: WORK REQUEST : Repair to faulty gen.
A16: SCHEDULED WORK
A17: Item 1 | B17: Discription | E17: Unit | F17: Sch No | G17: Quantity | H17: Rate | I17: Amount
I18: =SUM(G18*H18) -> 0
I19: =SUM(G19*H19) -> 0
I20: =SUM(G20*H20) -> 0
A21: Sub Total A | I21: =SUM(I18:I20) -> 0
A22: NON SCHEDULED WORK
A23: Item 2 | B23: Discription | F23: Quantity | G23: Mark - Up | H23: Rate | I23: Amount
A24: 1 | B24: BATTERY 689 SHD | F24: 4 | G24: 0.15 | H24: 3346 | I24: =H24*F24*1.15 -> 15391.6
A25: 2 | B25: BATTERY 689 | F25: 4 | G25: 0.15 | H25: 2213 | I25: =H25*F25*1.15 -> 10179.8
A32: Sub Total B | I32: =SUM(I24:I31) -> 25571.4
A33: LABOUR
A34: Item 3 | B34: (Normal Rate) | E34: Unit | G34: Quantity | H34: Rate | I34: Amount
A35: 1 | B35: Techinician | E35: HRS | G35: 4 | H35: 450 | I35: =SUM(G35*H35) -> 1800
A36: 2 | B36: Senior Artisan | E36: HRS | H36: 350 | I36: =SUM(G36*H36) -> 0
A37: 3 | B37: Artisan (Trade Tested) | E37: HRS | H37: 300 | I37: =SUM(G37*H37) -> 0
A38: 4 | B38: Utility Man (Non - Trade Tested) | E38: HRS | G38: 4 | H38: 200 | I38: =SUM(G38*H38) -> 800
A39: 5 | B39: Artisan Aid | E39: HRS | H39: 200 | I39: =SUM(G39*H39) -> 0
A40: 6 | B40: General Worker | E40: HRS | H40: 140 | I40: =SUM(G40*H40) -> 0
A44: Sub Total C | I44: =SUM(I35:I43) -> 2600
A45: TRANSPORT
A46: Item 4 | B46: Destinantion | E46: No of Trips | G46: KMs | H46: Rate | I46: Amount
A47: 1 | B47: Port Elizabeth office to Livingstone
B48: Hospital and back. | E48: 1 | G48: 23 | H48: 5 | I48: =H48*G48 -> 115
A50: Sub Total D | I50: =SUM(I47:I49) -> 115
G52: Sub Total (A+B+C+D) | I52: =I50+I44+I32+I21 -> 28286.4
G54: Sub Total | I54: =I52+I53 -> 28286.4

Sheet LAETITIA BAM CHC (11)
A9: QUOTE TO : | F9: Qoute No | H9: 11
A10: Department of Health | F10: Date | H10: 28/3/2019
A11: 717 Dukumbana Building | F11: Facility | H11: LAETITIA BAM CHC
A12: Independent Avenue | F12: Work Order | H12: 43269
A13: Bhisho | F13: Tender No | H13: SCMU3 - 17/18-0303 - HO
F14: Contract Term | H14: 24 MONTHS
A15: WORK REQUEST : Generator does not kick start.
A16: SCHEDULED WORK
A17: Item 1 | B17: Description | E17: Unit | F17: Sch No | G17: Quantity | H17: Rate | I17: Amount
I18: =SUM(G18*H18) -> 0
I19: =SUM(G19*H19) -> 0
I20: =SUM(G20*H20) -> 0
A21: Sub Total A | I21: =SUM(I18:I20) -> 0
A22: NON SCHEDULED WORK
A23: Item 2 | B23: Description | G23: Quantity | H23: Rate | I23: Amount
A32: Sub Total | I32: =SUM(I24:I31) -> 0
A33: Mark - Up 15% | I33: =I32*0.15 -> 0
A34: SUb Total B | I34: =I32+I33 -> 0
A35: LABOUR
A36: Item 3 | B36: (Normal Rate) | E36: Unit | G36: Quantity | H36: Rate | I36: Amount
A37: 1 | B37: Techinician | E37: HRS | G37: 2 | H37: 450 | I37: =SUM(G37*H37) -> 900
A38: 2 | B38: Senior Artisan | E38: HRS | H38: 350 | I38: =SUM(G38*H38) -> 0
A39: 3 | B39: Artisan (Trade Tested) | E39: HRS | H39: 300 | I39: =SUM(G39*H39) -> 0
A40: 4 | B40: Utility Man (Non - Trade Tested) | E40: HRS | G40: 2 | H40: 200 | I40: =SUM(G40*H40) -> 400
A41: 5 | B41: Artisan Aid | E41: HRS | H41: 200 | I41: =SUM(G41*H41) -> 0
A42: 6 | B42: General Worker | E42: HRS | H42: 140 | I42: =SUM(G42*H42) -> 0
A46: Sub Total C | I46: =SUM(I37:I45) -> 1300
A47: TRANSPORT
A48: Item 4 | B48: Destinantion | E48: No of Trips | G48: KMs | H48: Rate | I48: Amount
A49: 1 | B49: Port Elizabeth office to Laetitia CHC
B50: and back. | E50: 1 | G50: 77.4 | H50: 5 | I50: =H50*G50 -> 387
A52: Sub Total D | I52: =SUM(I49:I51) -> 387
G54: Sub Total (A+B+C+D) | I54: =I52+I46+I34 -> 1687
G56: Sub Total | I56: =I54+I55 -> 1687

Sheet WEST END (12)
A9: QUOTE TO : | F9: Qoute No | H9: 12
A10: Department of Health | F10: Date | H10: 22/3/2019
A11: 717 Dukumbana Building | F11: Facility | H11: West End CHC
A12: Independent Avenue | F12: Work Order | H12: 43444
A13: Bhisho | F13: Tender No | H13: SCMU3 - 17/18-0303 - HO
F14: Contract Term | H14: 24 MONTHS
A15: WORK REQUEST : The generator is leaking oil.
A16: SCHEDULED WORK
A17: Item 1 | B17: Description | E17: Unit | F17: Sch No | G17: Quantity | H17: Rate | I17: Amount
I18: =SUM(G18*H18) -> 0
I19: =SUM(G19*H19) -> 0
I20: =SUM(G20*H20) -> 0
A21: Sub Total A | I21: =SUM(I18:I20) -> 0
A22: NON SCHEDULED WORK
A23: Item 2 | B23: Description | G23: Quantity | H23: Rate | I23: Amount
A24: 1 | B24: REAR OIL SEAL (6105) | G24: 1 | H24: 172.17 | I24: =H24*G24 -> 172.17
A25: 2 | B25: RIMULA R4 X 15W40 | G25: 1 | H25: 665.1 | I25: =H25*G25 -> 665.1
A32: Sub Total | I32: =SUM(I24:I31) -> 837.27
A33: Mark - Up 15% | I33: =I32*0.15 -> 125.5905
A34: SUb Total B | I34: =I32+I33 -> 962.8605
A35: LABOUR
A36: Item 3 | B36: (Normal Rate) | E36: Unit | G36: Quantity | H36: Rate | I36: Amount
A37: 1 | B37: Techinician | E37: HRS | G37: 9 | H37: 450 | I37: =SUM(G37*H37) -> 4050
A38: 2 | B38: Senior Artisan | E38: HRS | H38: 350 | I38: =SUM(G38*H38) -> 0
A39: 3 | B39: Artisan (Trade Tested) | E39: HRS | H39: 300 | I39: =SUM(G39*H39) -> 0
A40: 4 | B40: Utility Man (Non - Trade Tested) | E40: HRS | G40: 9 | H40: 200 | I40: =SUM(G40*H40) -> 1800
A41: 5 | B41: Artisan Aid | E41: HRS | H41: 200 | I41: =SUM(G41*H41) -> 0
A42: 6 | B42: General Worker | E42: HRS | H42: 140 | I42: =SUM(G42*H42) -> 0
A46: Sub Total C | I46: =SUM(I37:I45) -> 5850
A47: TRANSPORT
A48: Item 4 | B48: Destinantion | E48: No of Trips | G48: KMs | H48: Rate | I48: Amount
A49: 1 | B49: Port Elizabeth office to West End
B50: Mortuary and back. | E50: 1 | G50: 73.6 | H50: 5 | I50: =H50*G50 -> 368
A52: Sub Total D | I52: =SUM(I49:I51) -> 368
G54: Sub Total (A+B+C+D) | I54: =I52+I46+I34+I21 -> 7180.8605
G56: Sub Total | I56: =I54+I55 -> 7180.8605

Sheet PORT ELIZABETH PRO.(13)
A9: QUOTE TO : | F9: Qoute No | H9: 13
A10: Department of Health | F10: Date | H10: 29/3/2019
A11: 717 Dukumbana Building | F11: Facility | H11: PORT ELIZABETH HOSPITAL PROV
A12: Independent Avenue | F12: Work Order | H12: 43856
A13: Bhisho | F13: Tender No | H13: SCMU3 - 17/18-0303 - HO
F14: Contract Term | H14: 24 MONTHS
A15: WORK REQUEST : The back up generator is faulty.
A16: SCHEDULED WORK
A17: Item 1 | B17: Description | E17: Unit | F17: Sch No | G17: Quantity | H17: Rate | I17: Amount
I18: =SUM(G18*H18) -> 0
I19: =SUM(G19*H19) -> 0
I20: =SUM(G20*H20) -> 0
A21: Sub Total A | I21: =SUM(I18:I20) -> 0
A22: NON SCHEDULED WORK
A23: Item 2 | B23: Description | G23: Quantity | H23: Rate | I23: Amount
A24: 1 | B24: 12 V REALY | G24: 1 | H24: 110 | I24: =H24*G24 -> 110
A32: Sub Total | I32: =SUM(I24:I31) -> 110
A33: Mark - Up 15% | I33: =I32*0.15 -> 16.5
A34: SUb Total B | I34: =I32+I33 -> 126.5
A35: LABOUR
A36: Item 3 | B36: (Normal Rate) | E36: Unit | G36: Quantity | H36: Rate | I36: Amount
A37: 1 | B37: Techinician | E37: HRS | G37: 2 | H37: 450 | I37: =SUM(G37*H37) -> 900
A38: 2 | B38: Senior Artisan | E38: HRS | H38: 350 | I38: =SUM(G38*H38) -> 0
A39: 3 | B39: Artisan (Trade Tested) | E39: HRS | H39: 300 | I39: =SUM(G39*H39) -> 0
A40: 4 | B40: Utility Man (Non - Trade Tested) | E40: HRS | G40: 2 | H40: 200 | I40: =SUM(G40*H40) -> 400
A41: 5 | B41: Artisan Aid | E41: HRS | H41: 200 | I41: =SUM(G41*H41) -> 0
A42: 6 | B42: General Worker | E42: HRS | H42: 140 | I42: =SUM(G42*H42) -> 0
A46: Sub Total C | I46: =SUM(I37:I45) -> 1300
A47: TRANSPORT
A48: Item 4 | B48: Destinantion | E48: No of Trips | G48: KMs | H48: Rate | I48: Amount
A49: 1 | B49: Port Elizabeth office to Prort Elizabeth Prov
B50: Hospital and back. | E50: 1 | G50: 1.9 | H50: 5 | I50: =H50*G50 -> 9.5
A52: Sub Total D | I52: =SUM(I49:I51) -> 9.5
G54: Sub Total (A+B+C+D) | I54: =I52+I46+I34+I21 -> 1436
G56: Sub Total | I56: =I54+I55 -> 1436

Sheet DORA NGIZA HOSP (14)
A9: QUOTE TO : | F9: Qoute No | H9: 14
A10: Department of Health | F10: Date | H10: 16/4/2019
A11: 717 Dukumbana Building | F11: Facility | H11: DORA HOSPITAL PROVINCIAL
A12: Independent Avenue | F12: Work Order | H12: 43167
A13: Bhisho | F13: Tender No | H13: SCMU3 - 17/18-0303 - HO
F14: Contract Term | H14: 24 MONTHS
A15: WORK REQUEST : Casuality generator has a faulty pre - heater.
A16: SCHEDULED WORK
A17: Item 1 | B17: Discription | E17: Unit | F17: Sch No | G17: Quantity | H17: Rate | I17: Amount
I18: =SUM(G18*H18) -> 0
I19: =SUM(G19*H19) -> 0
I20: =SUM(G20*H20) -> 0
A21: Sub Total A | I21: =SUM(I18:I20) -> 0
A22: NON SCHEDULED WORK
A23: Item 2 | B23: Description | G23: Quantity | H23: Rate | I23: Amount
A24: 1 | B24: ELEMENT (2KW) | G24: 1 | H24: 254.18 | I24: =H24*G24 -> 254.18
A25: 2 | B25: THERMOSTAT | G25: 1 | H25: 250.12 | I25: =H25*G25 -> 250.12
A26: 3 | B26: ANTIFREEZE | G26: 15 | H26: 39.81 | I26: =H26*G26 -> 597.15
A27: 4 | B27: 100A (MCB) | G27: 1 | H27: 1646.25 | I27: =H27*G27 -> 1646.25
A28: 5 | B28: SAMITE ADAPTOR PLATE | G28: 2 | H28: 18.9 | I28: =H28*G28 -> 37.8
I29: =H29*G29 -> 0
I30: =H30*G30 -> 0
A32: Sub Total | I32: =SUM(I24:I31) -> 2785.5
A33: Mark - Up 15% | I33: =I32*0.15 -> 417.825
A34: SUb Total B | I34: =I32+I33 -> 3203.325
A35: LABOUR
A36: Item 3 | B36: (Normal Rate) | E36: Unit | G36: Quantity | H36: Rate | I36: Amount
A37: 1 | B37: Techinician | E37: HRS | G37: 6 | H37: 450 | I37: =SUM(G37*H37) -> 2700
A38: 2 | B38: Senior Artisan | E38: HRS | H38: 350 | I38: =SUM(G38*H38) -> 0
A39: 3 | B39: Artisan (Trade Tested) | E39: HRS | H39: 300 | I39: =SUM(G39*H39) -> 0
A40: 4 | B40: Utility Man (Non - Trade Tested) | E40: HRS | G40: 6 | H40: 200 | I40: =SUM(G40*H40) -> 1200
A41: 5 | B41: Artisan Aid | E41: HRS | H41: 200 | I41: =SUM(G41*H41) -> 0
A42: 6 | B42: General Worker | E42: HRS | H42: 140 | I42: =SUM(G42*H42) -> 0
A46: Sub Total C | I46: =SUM(I37:I45) -> 3900
A47: TRANSPORT
A48: Item 4 | B48: Destinantion | E48: No of Trips | G48: KMs | H48: Rate | I48: Amount
A49: 1 | B49: Port Elizabeth office to Dora Ngiza
B50: Hospital and back. | E50: 1 | G50: 28.6 | H50: 5 | I50: =H50*G50 -> 143
A52: Sub Total D | I52: =SUM(I49:I51) -> 143
G54: Sub Total (A+B+C+D) | I54: =I52+I46+I34+I21 -> 7246.325
G56: Sub Total | I56: =I54+I55 -> 7246.325

Sheet ORSMOND TB HOSP (15)
A9: QUOTE TO : | F9: Qoute No | H9: 15
A10: Department of Health | F10: Date | H10: 16/3/2019
A11: 717 Dukumbana Building | F11: Facility | H11: ORSMOND TB HOSPITAL
A12: Independent Avenue | F12: Work Order | H12: 44769
A13: Bhisho | F13: Tender No | H13: SCMU3 - 17/18-0303 - HO
F14: Contract Term | H14: 24 MONTHS
A15: WORK REQUEST : Back up generator does not start.
A16: SCHEDULED WORK
A17: Item 1 | B17: Discription | E17: Unit | F17: Sch No | G17: Quantity | H17: Rate | I17: Amount
I18: =SUM(G18*H18) -> 0
I19: =SUM(G19*H19) -> 0
I20: =SUM(G20*H20) -> 0
A21: Sub Total A | I21: =SUM(I18:I20) -> 0
A22: NON SCHEDULED WORK
A23: Item 2 | B23: Description | G23: Quantity | H23: Rate | I23: Amount
A24: 1 | B24: BATTERY (674) | G24: 1 | H24: 1430 | I24: =H24*G24 -> 1430
A32: Sub Total | I32: =SUM(I24:I31) -> 1430
A33: Mark - Up 15% | I33: =I32*0.15 -> 214.5
A34: SUb Total B | I34: =I32+I33 -> 1644.5
A35: LABOUR
A36: Item 3 | B36: (Normal Rate) | E36: Unit | G36: Quantity | H36: Rate | I36: Amount
A37: 1 | B37: Techinician | E37: HRS | G37: 1 | H37: 450 | I37: =SUM(G37*H37) -> 450
A38: 2 | B38: Senior Artisan | E38: HRS | H38: 350 | I38: =SUM(G38*H38) -> 0
A39: 3 | B39: Artisan (Trade Tested) | E39: HRS | H39: 300 | I39: =SUM(G39*H39) -> 0
A40: 4 | B40: Utility Man (Non - Trade Tested) | E40: HRS | G40: 1 | H40: 200 | I40: =SUM(G40*H40) -> 200
A41: 5 | B41: Artisan Aid | E41: HRS | H41: 200 | I41: =SUM(G41*H41) -> 0
A42: 6 | B42: General Worker | E42: HRS | H42: 140 | I42: =SUM(G42*H42) -> 0
A46: Sub Total C | I46: =SUM(I37:I45) -> 650
A47: TRANSPORT
A48: Item 4 | B48: Destinantion | E48: No of Trips | G48: KMs | H48: Rate | I48: Amount
A49: 1 | B49: Port Elizabeth office to Orsmond
B50: Hospital and back. | E50: 1 | G50: 81.6 | H50: 5 | I50: =H50*G50 -> 408
A52: Sub Total D | I52: =SUM(I49:I51) -> 408
G54: Sub Total (A+B+C+D) | I54: =I52+I46+I34+I21 -> 2702.5
G56: Sub Total | I56: =I54+I55 -> 2702.5

Sheet MOUNT RD MORT. (16)
A9: QUOTE TO : | F9: Qoute No | H9: 16
A10: Department of Health | F10: Date | H10: 43713
A11: 717 Dukumbana Building | F11: Facility | H11: MOUNT ROAD MORTAURY
A12: Independent Avenue | F12: Work Order | H12: 45596
A13: Bhisho | F13: Tender No | H13: SCMU3 - 17/18-0303 - HO
F14: Contract Term | H14: 24 MONTHS
A15: WORK REQUEST : Diesel generator is making noise.
A16: SCHEDULED WORK
A17: Item 1 | B17: Description | E17: Unit | F17: Sch No | G17: Quantity | H17: Rate | I17: Amount
I18: =SUM(G18*H18) -> 0
I19: =SUM(G19*H19) -> 0
I20: =SUM(G20*H20) -> 0
A21: Sub Total A | I21: =SUM(I18:I20) -> 0
A22: NON SCHEDULED WORK
A23: Item 2 | B23: Description | G23: Quantity | H23: Rate | I23: Amount
A24: 1 | B24: BATTERY (674) | G24: 1 | H24: 1498.26 | I24: =H24*G24 -> 1498.26
A32: Sub Total | I32: =SUM(I24:I31) -> 1498.26
A33: Mark - Up 15% | I33: =I32*0.15 -> 224.739
A34: SUb Total B | I34: =I32+I33 -> 1722.999
A35: LABOUR
A36: Item 3 | B36: (Normal Rate) | E36: Unit | G36: Quantity | H36: Rate | I36: Amount
A37: 1 | B37: Techinician | E37: HRS | G37: 3 | H37: 450 | I37: =SUM(G37*H37) -> 1350
A38: 2 | B38: Senior Artisan | E38: HRS | H38: 350 | I38: =SUM(G38*H38) -> 0
A39: 3 | B39: Artisan (Trade Tested) | E39: HRS | H39: 300 | I39: =SUM(G39*H39) -> 0
A40: 4 | B40: Utility Man (Non - Trade Tested) | E40: HRS | H40: 200 | I40: =SUM(G40*H40) -> 0
A41: 5 | B41: Artisan Aid | E41: HRS | H41: 200 | I41: =SUM(G41*H41) -> 0
A42: 6 | B42: General Worker | E42: HRS | H42: 140 | I42: =SUM(G42*H42) -> 0
A46: Sub Total C | I46: =SUM(I37:I45) -> 1350
A47: TRANSPORT
A48: Item 4 | B48: Destinantion | E48: No of Trips | G48: KMs | H48: Rate | I48: Amount
A49: 1 | B49: Port Elizabeth office to Mount Road
B50: Mortuary and back. | E50: 1 | G50: 4.8 | H50: 5 | I50: =H50*G50 -> 24
A52: Sub Total D | I52: =SUM(I49:I51) -> 24
G54: Sub Total (A+B+C+D) | I54: =I52+I46+I34+I21 -> 3096.999
G56: Sub Total | I56: =I54+I55 -> 3096.999

Sheet PARMACEUTICA DEP (17)
A9: QUOTE TO : | F9: Qoute No | H9: 17
A10: Department of Health | F10: Date | H10: 16/4/2019
A11: 717 Dukumbana Building | F11: Facility | H11: PHARMACEUTICAL DEPOT
A12: Independent Avenue | F12: Work Order | H12: 44682
A13: Bhisho | F13: Tender No | H13: SCMU3 - 17/18-0303 - HO
F14: Contract Term | H14: 24 MONTHS
A15: WORK REQUEST : The alternator of the generator needs to be repaired.
A16: SCHEDULED WORK
A17: Item 1 | B17: Description | E17: Unit | F17: Sch No | G17: Quantity | H17: Rate | I17: Amount
I18: =SUM(G18*H18) -> 0
I19: =SUM(G19*H19) -> 0
I20: =SUM(G20*H20) -> 0
A21: Sub Total A | I21: =SUM(I18:I20) -> 0
A22: NON SCHEDULED WORK
A23: Item 2 | B23: Description | G23: Quantity | H23: Rate | I23: Amount
A24: 1 | B24: 24 v ALTERNATOR | G24: 1 | H24: 4107 | I24: =H24*G24 -> 4107
A25: 2 | B25: MAKE UP BRACKET FOR THE ALTERNATOR | G25: 1 | H25: 1375 | I25: =H25*G25 -> 1375
A32: Sub Total | I32: =SUM(I24:I31) -> 5482
A33: Mark - Up 15% | I33: =I32*0.15 -> 822.3
A34: SUb Total B | I34: =I32+I33 -> 6304.3
A35: LABOUR
A36: Item 3 | B36: (Normal Rate) | E36: Unit | G36: Quantity | H36: Rate | I36: Amount
A37: 1 | B37: Techinician | E37: HRS | G37: 5 | H37: 450 | I37: =SUM(G37*H37) -> 2250
A38: 2 | B38: Senior Artisan | E38: HRS | H38: 350 | I38: =SUM(G38*H38) -> 0
A39: 3 | B39: Artisan (Trade Tested) | E39: HRS | H39: 300 | I39: =SUM(G39*H39) -> 0
A40: 4 | B40: Utility Man (Non - Trade Tested) | E40: HRS | G40: 5 | H40: 200 | I40: =SUM(G40*H40) -> 1000
A41: 5 | B41: Artisan Aid | E41: HRS | H41: 200 | I41: =SUM(G41*H41) -> 0
A42: 6 | B42: General Worker | E42: HRS | H42: 140 | I42: =SUM(G42*H42) -> 0
A46: Sub Total C | I46: =SUM(I37:I45) -> 3250
A47: TRANSPORT
A48: Item 4 | B48: Destinantion | E48: No of Trips | G48: KMs | H48: Rate | I48: Amount
A49: 1 | B49: Port Elizabeth office to Pharmaceutical
B50: Depot and back. | E50: 1 | G50: 26.8 | H50: 5 | I50: =H50*G50 -> 134
A52: Sub Total D | I52: =SUM(I49:I51) -> 134
G54: Sub Total (A+B+C+D) | I54: =I52+I46+I34+I21 -> 9688.3
G56: Sub Total | I56: =I54+I55 -> 9688.3

Sheet DORA NGIZA HOSP (18)
A9: QUOTE TO : | F9: Qoute No | H9: 18
A10: Department of Health | F10: Date | H10: 26/4/2019
A11: 717 Dukumbana Building | F11: Facility | H11: DORA NGIZA HOSPITAL
A12: Independent Avenue | F12: Work Order | H12: 45094
A13: Bhisho | F13: Tender No | H13: SCMU3 - 17/18-0303 - HO
F14: Contract Term | H14: 24 MONTHS
A15: WORK REQUEST : Repair the lovato control and replace the battery charger charger.
A16: SCHEDULED WORK
A17: Item 1 | B17: Description | E17: Unit | F17: Sch No | G17: Quantity | H17: Rate | I17: Amount
I18: =SUM(G18*H18) -> 0
I19: =SUM(G19*H19) -> 0
I20: =SUM(G20*H20) -> 0
A21: Sub Total A | I21: =SUM(I18:I20) -> 0
A22: NON SCHEDULED WORK
A23: Item 2 | B23: Description | G23: Quantity | H23: Rate | I23: Amount
A32: Sub Total | I32: =SUM(I24:I31) -> 0
A33: Mark - Up 15% | I33: =I32*0.15 -> 0
A34: SUb Total B | I34: =I32+I33 -> 0
A35: LABOUR
A36: Item 3 | B36: (Normal Rate) | E36: Unit | G36: Quantity | H36: Rate | I36: Amount
A37: 1 | B37: Techinician | E37: HRS | G37: 3 | H37: 450 | I37: =SUM(G37*H37) -> 1350
A38: 2 | B38: Senior Artisan | E38: HRS | H38: 350 | I38: =SUM(G38*H38) -> 0
A39: 3 | B39: Artisan (Trade Tested) | E39: HRS | H39: 300 | I39: =SUM(G39*H39) -> 0
A40: 4 | B40: Utility Man (Non - Trade Tested) | E40: HRS | G40: 3 | H40: 200 | I40: =SUM(G40*H40) -> 600
A41: 5 | B41: Artisan Aid | E41: HRS | H41: 200 | I41: =SUM(G41*H41) -> 0
A42: 6 | B42: General Worker | E42: HRS | H42: 140 | I42: =SUM(G42*H42) -> 0
A46: Sub Total C | I46: =SUM(I37:I45) -> 1950
A47: TRANSPORT
A48: Item 4 | B48: Destinantion | E48: No of Trips | G48: KMs | H48: Rate | I48: Amount
A49: 1 | B49: Port Elizabeth office to Dora Ngiza
B50: Hospital and back. | E50: 1 | G50: 28.6 | H50: 5 | I50: =H50*G50 -> 143
A52: Sub Total D | I52: =SUM(I49:I51) -> 143
G54: Sub Total (A+B+C+D) | I54: =I52+I46+I34 -> 2093
G56: Sub Total | I56: =I54+I55 -> 2093

Sheet DORA NGIZA (19)
A9: QUOTE TO : | F9: Qoute No | H9: 19
A10: Department of Health | F10: Date | H10: 24/5/2019
A11: 717 Dukumbana Building | F11: Facility | H11: DORA NGIZA HOSPITAL
A12: Independent Avenue | F12: Work Order | H12: 46407
A13: Bhisho | F13: Tender No | H13: SCMU3 - 17/18-0303 - HO
F14: Contract Term | H14: 24 MONTHS
A15: WORK REQUEST : Repair the lovato control and replace the battery charger .
A16: SCHEDULED WORK
A17: Item 1 | B17: Description | E17: Unit | F17: Sch No | G17: Quantity | H17: Rate | I17: Amount
I18: =SUM(G18*H18) -> 0
I19: =SUM(G19*H19) -> 0
I20: =SUM(G20*H20) -> 0
A21: Sub Total A | I21: =SUM(I18:I20) -> 0
A22: NON SCHEDULED WORK
A23: Item 2 | B23: Description | G23: Quantity | H23: Rate | I23: Amount
A24: 1 | B24: 12V 5A BATTERY CHARGER | G24: 1 | H24: 1142 | I24: =H24*G24 -> 1142
A32: Sub Total | I32: =SUM(I24:I31) -> 1142
A33: Mark - Up 15% | I33: =I32*0.15 -> 171.3
A34: SUb Total B | I34: =I32+I33 -> 1313.3
A35: LABOUR
A36: Item 3 | B36: (Normal Rate) | E36: Unit | G36: Quantity | H36: Rate | I36: Amount
A37: 1 | B37: Techinician | E37: HRS | G37: 4 | H37: 450 | I37: =SUM(G37*H37) -> 1800
A38: 2 | B38: Senior Artisan | E38: HRS | H38: 350 | I38: =SUM(G38*H38) -> 0
A39: 3 | B39: Artisan (Trade Tested) | E39: HRS | H39: 300 | I39: =SUM(G39*H39) -> 0
A40: 4 | B40: Utility Man (Non - Trade Tested) | E40: HRS | G40: 4 | H40: 200 | I40: =SUM(G40*H40) -> 800
A41: 5 | B41: Artisan Aid | E41: HRS | H41: 200 | I41: =SUM(G41*H41) -> 0
A42: 6 | B42: General Worker | E42: HRS | H42: 140 | I42: =SUM(G42*H42) -> 0
A46: Sub Total C | I46: =SUM(I37:I45) -> 2600
A47: TRANSPORT
A48: Item 4 | B48: Destinantion | E48: No of Trips | G48: KMs | H48: Rate | I48: Amount
A49: 1 | B49: Port Elizabeth office to Dora Ngiza
B50: Hospital and back. | E50: 1 | G50: 28.6 | H50: 5 | I50: =H50*G50 -> 143
A52: Sub Total D | I52: =SUM(I49:I51) -> 143
G54: Sub Total (A+B+C+D) | I54: =I52+I46+I34 -> 4056.3
G56: Sub Total | I56: =I54+I55 -> 4056.3

Sheet LIVINGSTONE HOSPITAL (20)
A9: QUOTE TO : | F9: Qoute No | H9: 20
A10: Department of Health | F10: Date | H10: 29/5/2019
A11: 717 Dukumbana Building | F11: Facility | H11: LIVINGSTONE HOSPITAL
A12: Independent Avenue | F12: Work Order | H12: 46506
A13: Bhisho | F13: Tender No | H13: SCMU3 - 17/18-0303 - HO
F14: Contract Term | H14: 24 MONTHS
A15: WORK REQUEST : Gen at nurses home needs fuel filter.
A16: SCHEDULED WORK
A17: Item 1 | B17: Description | E17: Unit | F17: Sch No | G17: Quantity | H17: Rate | I17: Amount
I18: =SUM(G18*H18) -> 0
I19: =SUM(G19*H19) -> 0
I20: =SUM(G20*H20) -> 0
A21: Sub Total A | I21: =SUM(I18:I20) -> 0
A22: NON SCHEDULED WORK
A23: Item 2 | B23: Description | G23: Quantity | H23: Rate | I23: Amount
A24: 1 | B24: FUEL FILTER | G24: 1 | H24: 428.2 | I24: =H24*G24 -> 428.2
A25: 2 | B25: HEAD ASSY | G25: 1 | H25: 367.16 | I25: =H25*G25 -> 367.16
A32: Sub Total | I32: =SUM(I24:I31) -> 795.36
A33: Mark - Up 15% | I33: =I32*0.15 -> 119.304
A34: SUb Total B | I34: =I32+I33 -> 914.664
A35: LABOUR
A36: Item 3 | B36: (Normal Rate) | E36: Unit | G36: Quantity | H36: Rate | I36: Amount
A37: 1 | B37: Techinician | E37: HRS | G37: 1 | H37: 450 | I37: =SUM(G37*H37) -> 450
A38: 2 | B38: Senior Artisan | E38: HRS | H38: 350 | I38: =SUM(G38*H38) -> 0
A39: 3 | B39: Artisan (Trade Tested) | E39: HRS | H39: 300 | I39: =SUM(G39*H39) -> 0
A40: 4 | B40: Utility Man (Non - Trade Tested) | E40: HRS | G40: 1 | H40: 200 | I40: =SUM(G40*H40) -> 200
A41: 5 | B41: Artisan Aid | E41: HRS | H41: 200 | I41: =SUM(G41*H41) -> 0
A42: 6 | B42: General Worker | E42: HRS | H42: 140 | I42: =SUM(G42*H42) -> 0
A46: Sub Total C | I46: =SUM(I37:I45) -> 650
A47: TRANSPORT
A48: Item 4 | B48: Destinantion | E48: No of Trips | G48: KMs | H48: Rate | I48: Amount
A49: 1 | B49: Port Elizabeth office to Livingstone
B50: Hospital and back. | E50: 1 | G50: 23.2 | H50: 5 | I50: =H50*G50 -> 116
A52: Sub Total D | I52: =SUM(I49:I51) -> 116
G54: Sub Total (A+B+C+D) | I54: =I52+I46+I34 -> 1680.664
G56: Sub Total | I56: =I54+I55 -> 1680.664

Sheet PE PROV. HOSPITAL (21)
A9: QUOTE TO : | F9: Qoute No | H9: 21
A10: Department of Health | F10: Date | H10: 43607
A11: 717 Dukumbana Building | F11: Facility | H11: PE PROVINCIAL HOSPITAL
A12: Independent Avenue | F12: Work Order | H12: 43065
A13: Bhisho | F13: Tender No | H13: SCMU3 - 17/18-0303 - HO
F14: Contract Term | H14: 24 MONTHS
A15: WORK REQUEST : Exiting tank to be connected to the power generator.
A16: SCHEDULED WORK
A17: Item 1 | B17: Description | E17: Unit | F17: Sch No | G17: Quantity | H17: Rate | I17: Amount
I18: =SUM(G18*H18) -> 0
I19: =SUM(G19*H19) -> 0
I20: =SUM(G20*H20) -> 0
A21: Sub Total A | I21: =SUM(I18:I20) -> 0
A22: NON SCHEDULED WORK
A23: Item 2 | B23: Description | G23: Quantity | H23: Rate | I23: Amount
A24: 1 | B24: Straight Coupler | G24: 2 | H24: 23.54 | I24: =H24*G24 -> 47.08
A25: 2 | B25: 16mm Clear Thick Wall | G25: 1 | H25: 20.8 | I25: =H25*G25 -> 20.8
A26: 3 | B26: Jubilee Clamps | G26: 2 | H26: 4 | I26: =H26*G26 -> 8
A27: 4 | B27: 25mm Galv Plug | G27: 1 | H27: 5.96 | I27: =H27*G27 -> 5.96
A28: 5 | B28: 10mm Galv Plug | G28: 1 | H28: 3.46 | I28: =H28*G28 -> 3.46
A29: 6 | B29: G1000 Filter | G29: 1 | H29: 137.95 | I29: =H29*G29 -> 137.95
A30: 7 | B30: EQL ANG MS | G30: 1 | H30: 147.83 | I30: =H30*G30 -> 147.83
A31: 8 | B31: Masterbat 15mm | G31: 4 | H31: 1.5 | I31: =H31*G31 -> 6
A32: 9 | B32: Copper Tube 15x 5.5m | G32: 1 | H32: 314 | I32: =H32*G32 -> 314
A33: 10 | B33: Galv Hollow Plug | G33: 1 | H33: 7.25 | I33: =H33*G33 -> 7.25
A34: 11 | B34: Reducer | G34: 2 | H34: 23.01 | I34: =H34*G34 -> 46.02
A35: 12 | B35: Elbow | G35: 4 | H35: 29.47 | I35: =H35*G35 -> 117.88
... A37: 14 | B37: Male Straight Coupler | G37: 2 | H37: 66.61 | I37: =H37*G37 -> 133.22
A38: Sub Total | I38: =SUM(I24:I37) -> 1036.43
A39: Mark - Up 15% | I39: =ROUND((I38*0.15),2) -> 155.46
A40: SUb Total B | I40: =I38+I39 -> 1191.89
A41: LABOUR
A42: Item 3 | B42: (Normal Rate) | E42: Unit | G42: Quantity | H42: Rate | I42: Amount
A43: 1 | B43: Techinician | E43: HRS | G43: 12 | H43: 450 | I43: =SUM(G43*H43) -> 5400
A44: 2 | B44: Senior Artisan | E44: HRS | H44: 350 | I44: =SUM(G44*H44) -> 0
A45: 3 | B45: Artisan (Trade Tested) | E45: HRS | H45: 300 | I45: =SUM(G45*H45) -> 0
A46: 4 | B46: Utility Man (Non - Trade Tested) | E46: HRS | G46: 12 | H46: 200 | I46: =SUM(G46*H46) -> 2400
A47: 5 | B47: Artisan Aid | E47: HRS | H47: 200 | I47: =SUM(G47*H47) -> 0
A48: 6 | B48: General Worker | E48: HRS | H48: 140 | I48: =SUM(G48*H48) -> 0
A52: Sub Total C | I52: =SUM(I43:I51) -> 7800
A53: TRANSPORT
A54: Item 4 | B54: Destinantion | E54: No of Trips | G54: KMs | H54: Rate | I54: Amount
A55: 1 | B55: Unit 2My konos, south end to Port Elizabeth
B56: Prov.Hospital and back. | E56: 1 | G56: 9.2 | H56: 5 | I56: =H56*G56 -> 46
A58: Sub Total D | I58: =SUM(I55:I57) -> 46
G60: Sub Total (A+B+C+D) | I60: =I58+I52+I40 -> 9037.89
G62: Sub Total | I62: =I60+I61 -> 9037.89

Sheet GQEBERA CHC (22)
A9: QUOTE TO : | F9: Qoute No | H9: 22
A10: Department of Health | F10: Date | H10: 43626
A11: 717 Dukumbana Building | F11: Facility | H11: GQEBERA CHC
A12: Independent Avenue | F12: Work Order | H12: 47399
A13: Bhisho | F13: Tender No | H13: SCMU3 - 17/18-0303 - HO
F14: Contract Term | H14: 24 MONTHS
A15: WORK REQUEST : Rpair faulty generator.
A16: SCHEDULED WORK
A17: Item 1 | B17: Description | E17: Unit | F17: Sch No | G17: Quantity | H17: Rate | I17: Amount
I18: =SUM(G18*H18) -> 0
I19: =SUM(G19*H19) -> 0
I20: =SUM(G20*H20) -> 0
A21: Sub Total A | I21: =SUM(I18:I20) -> 0
A22: NON SCHEDULED WORK
A23: Item 2 | B23: Description | G23: Quantity | H23: Rate | I23: Amount
A24: 1 | B24: Lifting of generator | G24: 1 | H24: 300 | I24: =H24*G24 -> 300
A25: 2 | B25: 6120 Control Module | G25: 1 | H25: 5936.47 | I25: =H25*G25 -> 5936.47
A26: 3 | B26: Uni 12 AVR | G26: 1 | H26: 2250 | I26: =H26*G26 -> 2250
A27: 4 | B27: SX460 AVR | G27: 1 | H27: 2850 | I27: =H27*G27 -> 2850
A28: 5 | B28: 82KVA Alternator | G28: 1 | H28: 4840 | I28: =H28*G28 -> 4840
A38: Sub Total | I38: =SUM(I24:I37) -> 16176.47
A39: Mark - Up 15% | I39: =ROUND((I38*0.15),2) -> 2426.47
A40: SUb Total B | I40: =I38+I39 -> 18602.94
A41: LABOUR
A42: Item 3 | B42: (Normal Rate) | E42: Unit | G42: Quantity | H42: Rate | I42: Amount
A43: 1 | B43: Techinician | E43: HRS | G43: 69 | H43: 450 | I43: =SUM(G43*H43) -> 31050
A44: 2 | B44: Senior Artisan | E44: HRS | H44: 350 | I44: =SUM(G44*H44) -> 0
A45: 3 | B45: Artisan (Trade Tested) | E45: HRS | H45: 300 | I45: =SUM(G45*H45) -> 0
A46: 4 | B46: Utility Man (Non - Trade Tested) | E46: HRS | G46: 69 | H46: 200 | I46: =SUM(G46*H46) -> 13800
A47: 5 | B47: Artisan Aid | E47: HRS | H47: 200 | I47: =SUM(G47*H47) -> 0
A48: 6 | B48: General Worker | E48: HRS | H48: 140 | I48: =SUM(G48*H48) -> 0
A52: Sub Total C | I52: =SUM(I43:I51) -> 44850
A53: TRANSPORT
A54: Item 4 | B54: Destinantion | E54: No of Trips | G54: KMs | H54: Rate | I54: Amount
A55: 1 | B55: Unit 2My konos, south end to Gqebera CHC
B56: and back. | E56: 6 | G56: 61.2 | H56: 5 | I56: =H56*G56 -> 306
A58: Sub Total D | I58: =SUM(I55:I57) -> 306
G60: Sub Total (A+B+C+D) | I60: =I58+I52+I40 -> 63758.94
G62: Sub Total | I62: =I60+I61 -> 63758.94

Sheet PORT EZIABERTH MEDIC DEPOT(23)
A9: QUOTE TO : | F9: Qoute No | H9: 23
A10: Department of Health | F10: Date | H10: 43627
A11: 717 Dukumbana Building | F11: Facility | H11: PE PHARMACEUTICAL DEPOT
A12: Independent Avenue | F12: Work Order | H12: 47510
A13: Bhisho | F13: Tender No | H13: SCMU3 - 17/18-0303 - HO
F14: Contract Term | H14: 24 MONTHS
A15: WORK REQUEST : They need the gen batteries to be replaced,the thermostat &pre heated element needs replacement.
A16: SCHEDULED WORK
A17: Item 1 | B17: Description | E17: Unit | F17: Sch No | G17: Quantity | H17: Rate | I17: Amount
I18: =SUM(G18*H18) -> 0
I19: =SUM(G19*H19) -> 0
I20: =SUM(G20*H20) -> 0
A21: Sub Total A | I21: =SUM(I18:I20) -> 0
A22: NON SCHEDULED WORK
A23: Item 2 | B23: Description | G23: Quantity | H23: Rate | I23: Amount
A24: 1 | B24: Geyser Element | G24: 1 | H24: 182.56 | I24: =H24*G24 -> 182.56
A25: 2 | B25: Geyser Thermostat | G25: 1 | H25: 227.5 | I25: =H25*G25 -> 227.5
A26: 3 | B26: 105Ah Battery | G26: 2 | H26: 1504.35 | I26: =H26*G26 -> 3008.7
A27: 4 | B27: Antifreeze 10L | G27: 1 | H27: 418 | I27: =H27*G27 -> 418
I28: =H28*G28 -> 0
A38: Sub Total | I38: =SUM(I24:I37) -> 3836.76
A39: Mark - Up 15% | I39: =ROUND((I38*0.15),2) -> 575.51
A40: SUb Total B | I40: =I38+I39 -> 4412.27
A41: LABOUR
A42: Item 3 | B42: (Normal Rate) | E42: Unit | G42: Quantity | H42: Rate | I42: Amount
A43: 1 | B43: Techinician | E43: HRS | G43: 4 | H43: 450 | I43: =SUM(G43*H43) -> 1800
A44: 2 | B44: Senior Artisan | E44: HRS | H44: 350 | I44: =SUM(G44*H44) -> 0
A45: 3 | B45: Artisan (Trade Tested) | E45: HRS | H45: 300 | I45: =SUM(G45*H45) -> 0
A46: 4 | B46: Utility Man (Non - Trade Tested) | E46: HRS | G46: 4 | H46: 200 | I46: =SUM(G46*H46) -> 800
A47: 5 | B47: Artisan Aid | E47: HRS | H47: 200 | I47: =SUM(G47*H47) -> 0
A48: 6 | B48: General Worker | E48: HRS | H48: 140 | I48: =SUM(G48*H48) -> 0
A52: Sub Total C | I52: =SUM(I43:I51) -> 2600
A53: TRANSPORT
A54: Item 4 | B54: Destinantion | E54: No of Trips | G54: KMs | H54: Rate | I54: Amount
A55: 1 | B55: Unit 2 Mykonos, south end to PE
B56: Pharmaceutical Depot and back. | E56: 1 | G56: 27.6 | H56: 5 | I56: =H56*G56 -> 138
A58: Sub Total D | I58: =SUM(I55:I57) -> 138
G60: Sub Total (A+B+C+D) | I60: =I58+I52+I40 -> 7150.27
G62: Sub Total | I62: =I60+I61 -> 7150.27

Sheet LIVINGSTONE HOSPITAL (24)
A9: QUOTE TO : | F9: Qoute No | H9: 24
A10: Department of Health | F10: Date | H10: 43637
A11: 717 Dukumbana Building | F11: Facility | H11: LIVINGSTONE HOSPITAL
A12: Independent Avenue | F12: Work Order | H12: 49026
A13: Bhisho | F13: Tender No | H13: SCMU3 - 17/18-0303 - HO
F14: Contract Term | H14: 24 MONTHS
A15: WORK REQUEST : Replace laundry generator battery.
A16: SCHEDULED WORK
A17: Item 1 | B17: Description | E17: Unit | F17: Sch No | G17: Quantity | H17: Rate | I17: Amount
I18: =SUM(G18*H18) -> 0
I19: =SUM(G19*H19) -> 0
I20: =SUM(G20*H20) -> 0
A21: Sub Total A | I21: =SUM(I18:I20) -> 0
A22: NON SCHEDULED WORK
A23: Item 2 | B23: Description | G23: Quantity | H23: Rate | I23: Amount
A24: 1 | B24: 689 Battery | G24: 2 | H24: 2015 | I24: =H24*G24 -> 4030
A38: Sub Total | I38: =SUM(I24:I37) -> 4030
A39: Mark - Up 15% | I39: =ROUND((I38*0.15),2) -> 604.5
A40: SUb Total B | I40: =I38+I39 -> 4634.5
A41: LABOUR
A42: Item 3 | B42: (Normal Rate) | E42: Unit | G42: Quantity | H42: Rate | I42: Amount
A43: 1 | B43: Techinician | E43: HRS | G43: 1.5 | H43: 450 | I43: =SUM(G43*H43) -> 675
A44: 2 | B44: Senior Artisan | E44: HRS | H44: 350 | I44: =SUM(G44*H44) -> 0
A45: 3 | B45: Artisan (Trade Tested) | E45: HRS | H45: 300 | I45: =SUM(G45*H45) -> 0
A46: 4 | B46: Utility Man (Non - Trade Tested) | E46: HRS | G46: 1.5 | H46: 200 | I46: =SUM(G46*H46) -> 300
A47: 5 | B47: Artisan Aid | E47: HRS | H47: 200 | I47: =SUM(G47*H47) -> 0
A48: 6 | B48: General Worker | E48: HRS | H48: 140 | I48: =SUM(G48*H48) -> 0
A52: Sub Total C | I52: =SUM(I43:I51) -> 975
A53: TRANSPORT
A54: Item 4 | B54: Destinantion | E54: No of Trips | G54: KMs | H54: Rate | I54: Amount
A55: 1 | B55: Unit 2 Mykonos, south end to PE
B56: Livingstone Hospital and back. | E56: 1 | G56: 24 | H56: 5 | I56: =H56*G56 -> 120
A58: Sub Total D | I58: =SUM(I55:I57) -> 120
G60: Sub Total (A+B+C+D) | I60: =I58+I52+I40 -> 5729.5
G62: Sub Total | I62: =I60+I61 -> 5729.5

Sheet MOTHERWELL CHC (25)
A9: QUOTE TO : | F9: Qoute No | H9: 25
A10: Department of Health | F10: Date | H10: 43657
A11: 717 Dukumbana Building | F11: Facility | H11: MOTHERWELL CHC
A12: Independent Avenue | F12: Work Order | H12: 51247
A13: Bhisho | F13: Tender No | H13: SCMU3 - 17/18-0303 - HO
F14: Contract Term | H14: 24 MONTHS
A15: WORK REQUEST : Diesel leaks on the power generator.
A16: SCHEDULED WORK
A17: Item 1 | B17: Description | E17: Unit | F17: Sch No | G17: Quantity | H17: Rate | I17: Amount
I18: =SUM(G18*H18) -> 0
I19: =SUM(G19*H19) -> 0
I20: =SUM(G20*H20) -> 0
A21: Sub Total A | I21: =SUM(I18:I20) -> 0
A22: NON SCHEDULED WORK
A23: Item 2 | B23: Description | G23: Quantity | H23: Rate | I23: Amount
A24: 1 | B24: Fuel Hose | G24: 1 | H24: 384.77 | I24: =H24*G24 -> 384.77
A25: 2 | B25: Sealing Ring | G25: 6 | H25: 40.46 | I25: =H25*G25 -> 242.76
A38: Sub Total | I38: =SUM(I24:I37) -> 627.53
A39: Mark - Up 15% | I39: =ROUND((I38*0.15),2) -> 94.13
A40: SUb Total B | I40: =I38+I39 -> 721.66
A41: LABOUR
A42: Item 3 | B42: (Normal Rate) | E42: Unit | G42: Quantity | H42: Rate | I42: Amount
A43: 1 | B43: Techinician | E43: HRS | G43: 5 | H43: 450 | I43: =SUM(G43*H43) -> 2250
A44: 2 | B44: Senior Artisan | E44: HRS | H44: 350 | I44: =SUM(G44*H44) -> 0
A45: 3 | B45: Artisan (Trade Tested) | E45: HRS | H45: 300 | I45: =SUM(G45*H45) -> 0
A46: 4 | B46: Utility Man (Non - Trade Tested) | E46: HRS | G46: 5 | H46: 200 | I46: =SUM(G46*H46) -> 1000
A47: 5 | B47: Artisan Aid | E47: HRS | H47: 200 | I47: =SUM(G47*H47) -> 0
A48: 6 | B48: General Worker | E48: HRS | H48: 140 | I48: =SUM(G48*H48) -> 0
A52: Sub Total C | I52: =SUM(I43:I51) -> 3250
A53: TRANSPORT
A54: Item 4 | B54: Destinantion | E54: No of Trips | G54: KMs | H54: Rate | I54: Amount
A55: 1 | B55: Unit 2 Mykonos, south end to PE
B56: Motherwell CHC and back. | E56: 1 | G56: 50.2 | H56: 5 | I56: =H56*G56 -> 251
A58: Sub Total D | I58: =SUM(I55:I57) -> 251
G60: Sub Total (A+B+C+D) | I60: =I58+I52+I40 -> 4222.66
G62: Sub Total | I62: =I60+I61 -> 4222.66

Sheet LIVINGSTONE HOSPITAL (26)
A9: QUOTE TO : | F9: Qoute No | H9: 26
A10: Department of Health | F10: Date | H10: 43670
A11: 717 Dukumbana Building | F11: Facility | H11: LIVINGSTONE HOSPITAL
A12: Independent Avenue | F12: Work Order | H12: 52530
A13: Bhisho | F13: Tender No | H13: SCMU3 - 17/18-0303 - HO
F14: Contract Term | H14: 24 MONTHS
A15: WORK REQUEST : Generator change over switch is faulty.
A16: SCHEDULED WORK
A17: Item 1 | B17: Description | E17: Unit | F17: Sch No | G17: Quantity | H17: Rate | I17: Amount
I18: =SUM(G18*H18) -> 0
I19: =SUM(G19*H19) -> 0
I20: =SUM(G20*H20) -> 0
A21: Sub Total A | I21: =SUM(I18:I20) -> 0
A22: NON SCHEDULED WORK
A23: Item 2 | B23: Description | G23: Quantity | H23: Rate | I23: Amount
A24: 1 | B24: Degreaser (5L) | G24: 1 | H24: 78 | I24: =H24*G24 -> 78
A38: Sub Total | I38: =SUM(I24:I37) -> 78
A39: Mark - Up 15% | I39: =ROUND((I38*0.15),2) -> 11.7
A40: SUb Total B | I40: =I38+I39 -> 89.7
A41: LABOUR
A42: Item 3 | B42: (Normal Rate) | E42: Unit | G42: Quantity | H42: Rate | I42: Amount
A43: 1 | B43: Techinician | E43: HRS | G43: 4 | H43: 450 | I43: =SUM(G43*H43) -> 1800
A44: 2 | B44: Senior Artisan | E44: HRS | H44: 350 | I44: =SUM(G44*H44) -> 0
A45: 3 | B45: Artisan (Trade Tested) | E45: HRS | H45: 300 | I45: =SUM(G45*H45) -> 0
A46: 4 | B46: Utility Man (Non - Trade Tested) | E46: HRS | G46: 4 | H46: 200 | I46: =SUM(G46*H46) -> 800
A47: 5 | B47: Artisan Aid | E47: HRS | H47: 200 | I47: =SUM(G47*H47) -> 0
A48: 6 | B48: General Worker | E48: HRS | H48: 140 | I48: =SUM(G48*H48) -> 0
A52: Sub Total C | I52: =SUM(I43:I51) -> 2600
A53: TRANSPORT
A54: Item 4 | B54: Destinantion | E54: No of Trips | G54: KMs | H54: Rate | I54: Amount
A55: 1 | B55: Unit 2 Mykonos, south end to PE
B56: Livingstone Hospital and back. | E56: 1 | G56: 16.8 | H56: 5 | I56: =H56*G56 -> 84
A58: Sub Total D | I58: =SUM(I55:I57) -> 84
G60: Sub Total (A+B+C+D) | I60: =I58+I52+I40 -> 2773.7
G62: Sub Total | I62: =I60+I61 -> 2773.7

Sheet GQEBERA CHC (27)
A9: QUOTE TO : | F9: Qoute No | H9: 27
A10: Department of Health | F10: Date | H10: =#REF! -> #REF!
A11: 717 Dukumbana Building | F11: Facility | H11: =#REF! -> #REF!
A12: Independent Avenue | F12: Work Order | H12: =#REF! -> #REF!
A13: Bhisho | F13: Tender No | H13: SCMU3 - 17/18-0303 - HO
F14: Contract Term | H14: 24 MONTHS
A15: WORK REQUEST : Generator pre heater element & oil filter cap to be replaced.
A16: SCHEDULED WORK
A17: Item 1 | B17: Description | E17: Unit | F17: Sch No | G17: Quantity | H17: Rate | I17: Amount
I18: =SUM(G18*H18) -> 0
I19: =SUM(G19*H19) -> 0
I20: =SUM(G20*H20) -> 0
A21: Sub Total A | I21: =SUM(I18:I20) -> 0
A22: NON SCHEDULED WORK
A23: Item 2 | B23: Description | G23: Quantity | H23: Rate | I23: Amount
A24: 1 | B24: Allen plug | G24: 1 | H24: 257.24 | I24: =H24*G24 -> 257.24
A25: 2 | B25: Geyser element 1,5kw | G25: 1 | H25: 150 | I25: =H25*G25 -> 150
A26: 3 | B26: eyser thermostat | G26: 1 | H26: 220 | I26: =H26*G26 -> 220
I27: =H27*G27 -> 0
A38: Sub Total | I38: =SUM(I24:I37) -> 627.24
A39: Mark - Up 15% | I39: =ROUND((I38*0.15),2) -> 94.09
A40: SUb Total B | I40: =I38+I39 -> 721.33
A41: LABOUR
A42: Item 3 | B42: (Normal Rate) | E42: Unit | G42: Quantity | H42: Rate | I42: Amount
A43: 1 | B43: Techinician | E43: HRS | H43: 450 | I43: =SUM(G43*H43) -> 0
A44: 2 | B44: Senior Artisan | E44: HRS | G44: 4.5 | H44: 350 | I44: =SUM(G44*H44) -> 1575
A45: 3 | B45: Artisan (Trade Tested) | E45: HRS | H45: 300 | I45: =SUM(G45*H45) -> 0
A46: 4 | B46: Utility Man (Non - Trade Tested) | E46: HRS | G46: 4.5 | H46: 200 | I46: =SUM(G46*H46) -> 900
A47: 5 | B47: Artisan Aid | E47: HRS | H47: 200 | I47: =SUM(G47*H47) -> 0
A48: 6 | B48: General Worker | E48: HRS | H48: 140 | I48: =SUM(G48*H48) -> 0
A52: Sub Total C | I52: =SUM(I43:I51) -> 2475
A53: TRANSPORT
A54: Item 4 | B54: Destinantion | E54: No of Trips | G54: KMs | H54: Rate | I54: Amount
A55: 1 | B55: 18 pier St Southend to Gqebera CHC
B56: and back. | E56: 2 | G56: 20.8 | H56: 5 | I56: =H56*G56 -> 104
A58: Sub Total D | I58: =SUM(I55:I57) -> 104
G60: Sub Total (A+B+C+D) | I60: =I58+I52+I40 -> 3300.33
G62: Sub Total | I62: =I60+I61 -> 3300.33

Sheet DORA NGINZA HOSPITAL (28)
A9: QUOTE TO : | F9: Qoute No | H9: 28
A10: Department of Health | F10: Date | H10: =#REF! -> #REF!
A11: 717 Dukumbana Building | F11: Facility | H11: =#REF! -> #REF!
A12: Independent Avenue | F12: Work Order | H12: =#REF! -> #REF!
A13: Bhisho | F13: Tender No | H13: SCMU3 - 17/18-0303 - HO
F14: Contract Term | H14: 24 MONTHS
A15: WORK REQUEST : The generator at B block is not starting.There is also a water leak on the radiator.
A16: SCHEDULED WORK
A17: Item 1 | B17: Description | E17: Unit | F17: Sch No | G17: Quantity | H17: Rate | I17: Amount
I18: =SUM(G18*H18) -> 0
I19: =SUM(G19*H19) -> 0
I20: =SUM(G20*H20) -> 0
A21: Sub Total A | I21: =SUM(I18:I20) -> 0
A22: NON SCHEDULED WORK
A23: Item 2 | B23: Description | G23: Quantity | H23: Rate | I23: Amount
A24: 1 | B24: Antifreeze (5L) | G24: 1 | H24: 240.46 | I24: =H24*G24 -> 240.46
A25: 2 | B25: Radiator hose (57mm) | G25: 1 | H25: 182.1 | I25: =H25*G25 -> 182.1
A38: Sub Total | I38: =SUM(I24:I37) -> 422.56
A39: Mark - Up 15% | I39: =ROUND((I38*0.15),2) -> 63.38
A40: SUb Total B | I40: =I38+I39 -> 485.94
A41: LABOUR
A42: Item 3 | B42: (Normal Rate) | E42: Unit | G42: Quantity | H42: Rate | I42: Amount
A43: 1 | B43: Techinician | E43: HRS | H43: 450 | I43: =SUM(G43*H43) -> 0
A44: 2 | B44: Senior Artisan | E44: HRS | G44: 3.5 | H44: 350 | I44: =SUM(G44*H44) -> 1225
A45: 3 | B45: Artisan (Trade Tested) | E45: HRS | H45: 300 | I45: =SUM(G45*H45) -> 0
A46: 4 | B46: Utility Man (Non - Trade Tested) | E46: HRS | G46: 3.5 | H46: 200 | I46: =SUM(G46*H46) -> 700
A47: 5 | B47: Artisan Aid | E47: HRS | H47: 200 | I47: =SUM(G47*H47) -> 0
A48: 6 | B48: General Worker | E48: HRS | H48: 140 | I48: =SUM(G48*H48) -> 0
A52: Sub Total C | I52: =SUM(I43:I51) -> 1925
A53: TRANSPORT
A54: Item 4 | B54: Destinantion | E54: No of Trips | G54: KMs | H54: Rate | I54: Amount
A55: 1 | B55: 18 pier St Southend to Dora Nginza Hospital
B56: and back. | E56: 1 | G56: 29.2 | H56: 5 | I56: =H56*G56 -> 146
A58: Sub Total D | I58: =SUM(I55:I57) -> 146
G60: Sub Total (A+B+C+D) | I60: =I58+I52+I40 -> 2556.94
G62: Sub Total | I62: =I60+I61 -> 2556.94

Sheet ELIZABETH DOKIN HOSP(29)
A9: QUOTE TO : | F9: Qoute No | H9: 29
A10: Department of Health | F10: Date | H10: =#REF! -> #REF!
A11: 717 Dukumbana Building | F11: Facility | H11: =#REF! -> #REF!
A12: Independent Avenue | F12: Work Order | H12: =#REF! -> #REF!
A13: Bhisho | F13: Tender No | H13: SCMU3 - 17/18-0303 - HO
F14: Contract Term | H14: 24 MONTHS
A15: WORK REQUEST : Generator battery burst.
A16: SCHEDULED WORK
A17: Item 1 | B17: Description | E17: Unit | F17: Sch No | G17: Quantity | H17: Rate | I17: Amount
I18: =SUM(G18*H18) -> 0
I19: =SUM(G19*H19) -> 0
I20: =SUM(G20*H20) -> 0
A21: Sub Total A | I21: =SUM(I18:I20) -> 0
A22: NON SCHEDULED WORK
A23: Item 2 | B23: Description | G23: Quantity | H23: Rate | I23: Amount
A24: 1 | B24: Battery (674) | G24: 2 | H24: 2282 | I24: =H24*G24 -> 4564
A38: Sub Total | I38: =SUM(I24:I37) -> 4564
A39: Mark - Up 15% | I39: =ROUND((I38*0.15),2) -> 684.6
A40: SUb Total B | I40: =I38+I39 -> 5248.6
A41: LABOUR
A42: Item 3 | B42: (Normal Rate) | E42: Unit | G42: Quantity | H42: Rate | I42: Amount
A43: 1 | B43: Techinician | E43: HRS | H43: 450 | I43: =SUM(G43*H43) -> 0
A44: 2 | B44: Senior Artisan | E44: HRS | H44: 350 | I44: =SUM(G44*H44) -> 0
A45: 3 | B45: Artisan (Trade Tested) | E45: HRS | G45: 2 | H45: 300 | I45: =SUM(G45*H45) -> 600
A46: 4 | B46: Utility Man (Non - Trade Tested) | E46: HRS | G46: 2 | H46: 200 | I46: =SUM(G46*H46) -> 400
A47: 5 | B47: Artisan Aid | E47: HRS | H47: 200 | I47: =SUM(G47*H47) -> 0
A48: 6 | B48: General Worker | E48: HRS | H48: 140 | I48: =SUM(G48*H48) -> 0
A52: Sub Total C | I52: =SUM(I43:I51) -> 1000
A53: TRANSPORT
A54: Item 4 | B54: Destinantion | E54: No of Trips | G54: KMs | H54: Rate | I54: Amount
A55: 1 | B55: 18 pier St Southend to Elizabeth Donkin Hospital
B56: and back. | E56: 1 | G56: 3.8 | H56: 5 | I56: =H56*G56 -> 19
A58: Sub Total D | I58: =SUM(I55:I57) -> 19
G60: Sub Total (A+B+C+D) | I60: =I58+I52+I40 -> 6267.6
G62: Sub Total | I62: =I60+I61 -> 6267.6

Sheet PORT ELIZABETH PROV (30)
A9: QUOTE TO : | F9: Qoute No | H9: 30
A10: Department of Health | F10: Date | H10: =#REF! -> #REF!
A11: 717 Dukumbana Building | F11: Facility | H11: =#REF! -> #REF!
A12: Independent Avenue | F12: Work Order | H12: =#REF! -> #REF!
A13: Bhisho | F13: Tender No | H13: SCMU3 - 17/18-0303 - HO
F14: Contract Term | H14: 24 MONTHS
A15: WORK REQUEST : Power generator battery burst.
A16: SCHEDULED WORK
A17: Item 1 | B17: Description | E17: Unit | F17: Sch No | G17: Quantity | H17: Rate | I17: Amount
I18: =SUM(G18*H18) -> 0
I19: =SUM(G19*H19) -> 0
I20: =SUM(G20*H20) -> 0
A21: Sub Total A | I21: =SUM(I18:I20) -> 0
A22: NON SCHEDULED WORK
A23: Item 2 | B23: Description | G23: Quantity | H23: Rate | I23: Amount
A24: 1 | B24: Battery (688) - 200Ah | G24: 2 | H24: 2789 | I24: =H24*G24 -> 5578
A38: Sub Total | I38: =SUM(I24:I37) -> 5578
A39: Mark - Up 15% | I39: =ROUND((I38*0.15),2) -> 836.7
A40: SUb Total B | I40: =I38+I39 -> 6414.7
A41: LABOUR
A42: Item 3 | B42: (Normal Rate) | E42: Unit | G42: Quantity | H42: Rate | I42: Amount
A43: 1 | B43: Techinician | E43: HRS | H43: 450 | I43: =SUM(G43*H43) -> 0
A44: 2 | B44: Senior Artisan | E44: HRS | H44: 350 | I44: =SUM(G44*H44) -> 0
A45: 3 | B45: Artisan (Trade Tested) | E45: HRS | G45: 2 | H45: 300 | I45: =SUM(G45*H45) -> 600
A46: 4 | B46: Utility Man (Non - Trade Tested) | E46: HRS | G46: 2 | H46: 200 | I46: =SUM(G46*H46) -> 400
A47: 5 | B47: Artisan Aid | E47: HRS | H47: 200 | I47: =SUM(G47*H47) -> 0
A48: 6 | B48: General Worker | E48: HRS | H48: 140 | I48: =SUM(G48*H48) -> 0
A52: Sub Total C | I52: =SUM(I43:I51) -> 1000
A53: TRANSPORT
A54: Item 4 | B54: Destinantion | E54: No of Trips | G54: KMs | H54: Rate | I54: Amount
A55: 1 | B55: 18 pier St Southend to Elizabeth Pro. Hospital
B56: and back. | E56: 1 | G56: 12.2 | H56: 5 | I56: =H56*G56 -> 61
A58: Sub Total D | I58: =SUM(I55:I57) -> 61
G60: Sub Total (A+B+C+D) | I60: =I58+I52+I40 -> 7475.7
G62: Sub Total | I62: =I60+I61 -> 7475.7

Sheet MOUNTROAD MORTUARY (31)
A9: QUOTE TO : | F9: Qoute No | H9: 31
A10: Department of Health | F10: Date | H10: =#REF! -> #REF!
A11: 717 Dukumbana Building | F11: Facility | H11: =#REF! -> #REF!
A12: Independent Avenue | F12: Work Order | H12: =#REF! -> #REF!
A13: Bhisho | F13: Tender No | H13: SCMU3 - 17/18-0303 - HO
F14: Contract Term | H14: 24 MONTHS
A15: WORK REQUEST : The electronic diesel pump needs to be replaced.
A16: SCHEDULED WORK
A17: Item 1 | B17: Description | E17: Unit | F17: Sch No | G17: Quantity | H17: Rate | I17: Amount
I18: =SUM(G18*H18) -> 0
I19: =SUM(G19*H19) -> 0
I20: =SUM(G20*H20) -> 0
A21: Sub Total A | I21: =SUM(I18:I20) -> 0
A22: NON SCHEDULED WORK
A23: Item 2 | B23: Description | G23: Quantity | H23: Rate | I23: Amount
A24: 1 | B24: Pump | G24: 1 | H24: 1984.8 | I24: =H24*G24 -> 1984.8
A38: Sub Total | I38: =SUM(I24:I37) -> 1984.8
A39: Mark - Up 15% | I39: =ROUND((I38*0.15),2) -> 297.72
A40: SUb Total B | I40: =I38+I39 -> 2282.52
A41: LABOUR
A42: Item 3 | B42: (Normal Rate) | E42: Unit | G42: Quantity | H42: Rate | I42: Amount
A43: 1 | B43: Techinician | E43: HRS | G43: 2 | H43: 450 | I43: =SUM(G43*H43) -> 900
A44: 2 | B44: Senior Artisan | E44: HRS | H44: 350 | I44: =SUM(G44*H44) -> 0
A45: 3 | B45: Artisan (Trade Tested) | E45: HRS | H45: 300 | I45: =SUM(G45*H45) -> 0
A46: 4 | B46: Utility Man (Non - Trade Tested) | E46: HRS | G46: 2 | H46: 200 | I46: =SUM(G46*H46) -> 400
A47: 5 | B47: Artisan Aid | E47: HRS | H47: 200 | I47: =SUM(G47*H47) -> 0
A48: 6 | B48: General Worker | E48: HRS | H48: 140 | I48: =SUM(G48*H48) -> 0
A52: Sub Total C | I52: =SUM(I43:I51) -> 1300
A53: TRANSPORT
A54: Item 4 | B54: Destinantion | E54: No of Trips | G54: KMs | H54: Rate | I54: Amount
A55: 1 | B55: 18 pier St Southend to MountRoad Mortuary
B56: and back. | E56: 1 | G56: 11.6 | H56: 5 | I56: =H56*G56 -> 58
A58: Sub Total D | I58: =SUM(I55:I57) -> 58
G60: Sub Total (A+B+C+D) | I60: =I58+I52+I40 -> 3640.52
G62: Sub Total | I62: =I60+I61 -> 3640.52

Sheet UITENHAGE PRO.HOSPITAL (32)
A9: QUOTE TO : | F9: Qoute No | H9: 32
A10: Department of Health | F10: Date | H10: =#REF! -> #REF!
A11: 717 Dukumbana Building | F11: Facility | H11: =#REF! -> #REF!
A12: Independent Avenue | F12: Work Order | H12: =#REF! -> #REF!
A13: Bhisho | F13: Tender No | H13: SCMU3 - 17/18-0303 - HO
F14: Contract Term | H14: 24 MONTHS
A15: WORK REQUEST : Standby generator is faulty.
A16: SCHEDULED WORK
A17: Item 1 | B17: Description | E17: Unit | F17: Sch No | G17: Quantity | H17: Rate | I17: Amount
I18: =SUM(G18*H18) -> 0
I19: =SUM(G19*H19) -> 0
I20: =SUM(G20*H20) -> 0
A21: Sub Total A | I21: =SUM(I18:I20) -> 0
A22: NON SCHEDULED WORK
A23: Item 2 | B23: Description | G23: Quantity | H23: Rate | I23: Amount
A38: Sub Total | I38: =SUM(I24:I37) -> 0
A39: Mark - Up 15% | I39: =ROUND((I38*0.15),2) -> 0
A40: SUb Total B | I40: =I38+I39 -> 0
A41: LABOUR
A42: Item 3 | B42: (Normal Rate) | E42: Unit | G42: Quantity | H42: Rate | I42: Amount
A43: 1 | B43: Techinician | E43: HRS | G43: 2 | H43: 450 | I43: =SUM(G43*H43) -> 900
A44: 2 | B44: Senior Artisan | E44: HRS | H44: 350 | I44: =SUM(G44*H44) -> 0
A45: 3 | B45: Artisan (Trade Tested) | E45: HRS | H45: 300 | I45: =SUM(G45*H45) -> 0
A46: 4 | B46: Utility Man (Non - Trade Tested) | E46: HRS | G46: 2 | H46: 200 | I46: =SUM(G46*H46) -> 400
A47: 5 | B47: Artisan Aid | E47: HRS | H47: 200 | I47: =SUM(G47*H47) -> 0
A48: 6 | B48: General Worker | E48: HRS | H48: 140 | I48: =SUM(G48*H48) -> 0
A52: Sub Total C | I52: =SUM(I43:I51) -> 1300
A53: TRANSPORT
A54: Item 4 | B54: Destinantion | E54: No of Trips | G54: KMs | H54: Rate | I54: Amount
A55: 1 | B55: 18 pier St Southend to Uitenhage Hospital
B56: and back. | E56: 1 | G56: 90.2 | H56: 5 | I56: =H56*G56 -> 451
A58: Sub Total D | I58: =SUM(I55:I57) -> 451
G60: Sub Total (A+B+C+D) | I60: =I58+I52+I40 -> 1751
G62: Sub Total | I62: =I60+I61 -> 1751

Sheet JOSE PEARSON TB HSPITAL (33)
A9: QUOTE TO : | F9: Qoute No | H9: 33
A10: Department of Health | F10: Date | H10: =#REF! -> #REF!
A11: 717 Dukumbana Building | F11: Facility | H11: =#REF! -> #REF!
A12: Independent Avenue | F12: Work Order | H12: =#REF! -> #REF!
A13: Bhisho | F13: Tender No | H13: SCMU3 - 17/18-0303 - HO
F14: Contract Term | H14: 24 MONTHS
A15: WORK REQUEST : The generato keeps switching its self off.
A16: SCHEDULED WORK
A17: Item 1 | B17: Description | E17: Unit | F17: Sch No | G17: Quantity | H17: Rate | I17: Amount
I18: =SUM(G18*H18) -> 0
I19: =SUM(G19*H19) -> 0
I20: =SUM(G20*H20) -> 0
A21: Sub Total A | I21: =SUM(I18:I20) -> 0
A22: NON SCHEDULED WORK
A23: Item 2 | B23: Description | G23: Quantity | H23: Rate | I23: Amount
A24: 1 | B24: Fuel hose | G24: 1 | H24: 153.18 | I24: =H24*G24 -> 153.18
A38: Sub Total | I38: =SUM(I24:I37) -> 153.18
A39: Mark - Up 15% | I39: =ROUND((I38*0.15),2) -> 22.98
A40: SUb Total B | I40: =I38+I39 -> 176.16
A41: LABOUR
A42: Item 3 | B42: (Normal Rate) | E42: Unit | G42: Quantity | H42: Rate | I42: Amount
A43: 1 | B43: Techinician | E43: HRS | G43: 4 | H43: 450 | I43: =SUM(G43*H43) -> 1800
A44: 2 | B44: Senior Artisan | E44: HRS | H44: 350 | I44: =SUM(G44*H44) -> 0
A45: 3 | B45: Artisan (Trade Tested) | E45: HRS | H45: 300 | I45: =SUM(G45*H45) -> 0
A46: 4 | B46: Utility Man (Non - Trade Tested) | E46: HRS | G46: 4 | H46: 200 | I46: =SUM(G46*H46) -> 800
A47: 5 | B47: Artisan Aid | E47: HRS | H47: 200 | I47: =SUM(G47*H47) -> 0
A48: 6 | B48: General Worker | E48: HRS | H48: 140 | I48: =SUM(G48*H48) -> 0
A52: Sub Total C | I52: =SUM(I43:I51) -> 2600
A53: TRANSPORT
A54: Item 4 | B54: Destinantion | E54: No of Trips | G54: KMs | H54: Rate | I54: Amount
A55: 1 | B55: 18 pier St Southend to Jose Pearson TB Hospital
B56: and back. | E56: 1 | G56: 47.6 | H56: 5 | I56: =H56*G56 -> 238
A58: Sub Total D | I58: =SUM(I55:I57) -> 238
G60: Sub Total (A+B+C+D) | I60: =I58+I52+I40 -> 3014.16
G62: Sub Total | I62: =I60+I61 -> 3014.16

Sheet LAETITA BAM CHC (34)
A9: QUOTE TO : | F9: Qoute No | H9: 34
A10: Department of Health | F10: Date | H10: =#REF! -> #REF!
A11: 717 Dukumbana Building | F11: Facility | H11: =#REF! -> #REF!
A12: Independent Avenue | F12: Work Order | H12: =#REF! -> #REF!
A13: Bhisho | F13: Tender No | H13: SCMU3 - 17/18-0303 - HO
F14: Contract Term | H14: 24 MONTHS
A15: WORK REQUEST : The generator is not working.
A16: SCHEDULED WORK
A17: Item 1 | B17: Description | E17: Unit | F17: Sch No | G17: Quantity | H17: Rate | I17: Amount
I18: =SUM(G18*H18) -> 0
I19: =SUM(G19*H19) -> 0
I20: =SUM(G20*H20) -> 0
A21: Sub Total A | I21: =SUM(I18:I20) -> 0
A22: NON SCHEDULED WORK
A23: Item 2 | B23: Description | G23: Quantity | H23: Rate | I23: Amount
A24: 1 | B24: Battery (690) 150ah | G24: 1 | H24: 2282 | I24: =H24*G24 -> 2282
A38: Sub Total | I38: =SUM(I24:I37) -> 2282
A39: Mark - Up 15% | I39: =ROUND((I38*0.15),2) -> 342.3
A40: SUb Total B | I40: =I38+I39 -> 2624.3
A41: LABOUR
A42: Item 3 | B42: (Normal Rate) | E42: Unit | G42: Quantity | H42: Rate | I42: Amount
A43: 1 | B43: Techinician | E43: HRS | H43: 450 | I43: =SUM(G43*H43) -> 0
A44: 2 | B44: Senior Artisan | E44: HRS | H44: 350 | I44: =SUM(G44*H44) -> 0
A45: 3 | B45: Artisan (Trade Tested) | E45: HRS | G45: 2 | H45: 300 | I45: =SUM(G45*H45) -> 600
A46: 4 | B46: Utility Man (Non - Trade Tested) | E46: HRS | G46: 2 | H46: 200 | I46: =SUM(G46*H46) -> 400
A47: 5 | B47: Artisan Aid | E47: HRS | H47: 200 | I47: =SUM(G47*H47) -> 0
A48: 6 | B48: General Worker | E48: HRS | H48: 140 | I48: =SUM(G48*H48) -> 0
A52: Sub Total C | I52: =SUM(I43:I51) -> 1000
A53: TRANSPORT
A54: Item 4 | B54: Destinantion | E54: No of Trips | G54: KMs | H54: Rate | I54: Amount
A55: 1 | B55: 18 pier St Southend to Laetitia Bam CHC
B56: and back. | E56: 1 | G56: 78.2 | H56: 5 | I56: =H56*G56 -> 391
A58: Sub Total D | I58: =SUM(I55:I57) -> 391
G60: Sub Total (A+B+C+D) | I60: =I58+I52+I40 -> 4015.3
G62: Sub Total | I62: =I60+I61 -> 4015.3

Sheet MOTHEWELL CHC (35)
A9: QUOTE TO : | F9: Qoute No | H9: 35
A10: Department of Health | F10: Date | H10: =#REF! -> #REF!
A11: 717 Dukumbana Building | F11: Facility | H11: =#REF! -> #REF!
A12: Independent Avenue | F12: Work Order | H12: =#REF! -> #REF!
A13: Bhisho | F13: Tender No | H13: SCMU3 - 17/18-0303 - HO
F14: Contract Term | H14: 24 MONTHS
A15: WORK REQUEST : Generator is not kicking in.
A16: SCHEDULED WORK
A17: Item 1 | B17: Description | E17: Unit | F17: Sch No | G17: Quantity | H17: Rate | I17: Amount
I18: =SUM(G18*H18) -> 0
I19: =SUM(G19*H19) -> 0
I20: =SUM(G20*H20) -> 0
A21: Sub Total A | I21: =SUM(I18:I20) -> 0
A22: NON SCHEDULED WORK
A23: Item 2 | B23: Description | G23: Quantity | H23: Rate | I23: Amount
A38: Sub Total | I38: =SUM(I24:I37) -> 0
A39: Mark - Up 15% | I39: =ROUND((I38*0.15),2) -> 0
A40: SUb Total B | I40: =I38+I39 -> 0
A41: LABOUR
A42: Item 3 | B42: (Normal Rate) | E42: Unit | G42: Quantity | H42: Rate | I42: Amount
A43: 1 | B43: Techinician | E43: HRS | G43: 1.5 | H43: 450 | I43: =SUM(G43*H43) -> 675
A44: 2 | B44: Senior Artisan | E44: HRS | H44: 350 | I44: =SUM(G44*H44) -> 0
A45: 3 | B45: Artisan (Trade Tested) | E45: HRS | H45: 300 | I45: =SUM(G45*H45) -> 0
A46: 4 | B46: Utility Man (Non - Trade Tested) | E46: HRS | G46: 1.5 | H46: 200 | I46: =SUM(G46*H46) -> 300
A47: 5 | B47: Artisan Aid | E47: HRS | H47: 200 | I47: =SUM(G47*H47) -> 0
A48: 6 | B48: General Worker | E48: HRS | H48: 140 | I48: =SUM(G48*H48) -> 0
A52: Sub Total C | I52: =SUM(I43:I51) -> 975
A53: TRANSPORT
A54: Item 4 | B54: Destinantion | E54: No of Trips | G54: KMs | H54: Rate | I54: Amount
A55: 1 | B55: 18 pier St Southend to Motherwell CHC
B56: and back. | E56: 1 | G56: 50.2 | H56: 5 | I56: =H56*G56 -> 251
A58: Sub Total D | I58: =SUM(I55:I57) -> 251
G60: Sub Total (A+B+C+D) | I60: =I58+I52+I40 -> 1226
G62: Sub Total | I62: =I60+I61 -> 1226

Sheet LAETITA BAM CHC (36)
A9: QUOTE TO : | F9: Qoute No | H9: 36
A10: Department of Health | F10: Date | H10: =#REF! -> #REF!
A11: 717 Dukumbana Building | F11: Facility | H11: =#REF! -> #REF!
A12: Independent Avenue | F12: Work Order | H12: =#REF! -> #REF!
A13: Bhisho | F13: Tender No | H13: SCMU3 - 17/18-0303 - HO
F14: Contract Term | H14: 24 MONTHS
A15: WORK REQUEST : Generator does does not kick in.
A16: SCHEDULED WORK
A17: Item 1 | B17: Description | E17: Unit | F17: Sch No | G17: Quantity | H17: Rate | I17: Amount
I18: =SUM(G18*H18) -> 0
I19: =SUM(G19*H19) -> 0
I20: =SUM(G20*H20) -> 0
A21: Sub Total A | I21: =SUM(I18:I20) -> 0
A22: NON SCHEDULED WORK
A23: Item 2 | B23: Description | G23: Quantity | H23: Rate | I23: Amount
A38: Sub Total | I38: =SUM(I24:I37) -> 0
A39: Mark - Up 15% | I39: =ROUND((I38*0.15),2) -> 0
A40: SUb Total B | I40: =I38+I39 -> 0
A41: LABOUR
A42: Item 3 | B42: (Normal Rate) | E42: Unit | G42: Quantity | H42: Rate | I42: Amount
A43: 1 | B43: Techinician | E43: HRS | H43: 450 | I43: =SUM(G43*H43) -> 0
A44: 2 | B44: Senior Artisan | E44: HRS | G44: 0 | H44: 350 | I44: =SUM(G44*H44) -> 0
A45: 3 | B45: Artisan (Trade Tested) | E45: HRS | G45: 3.5 | H45: 300 | I45: =SUM(G45*H45) -> 1050
A46: 4 | B46: Utility Man (Non - Trade Tested) | E46: HRS | G46: 3.5 | H46: 200 | I46: =SUM(G46*H46) -> 700
A47: 5 | B47: Artisan Aid | E47: HRS | H47: 200 | I47: =SUM(G47*H47) -> 0
A48: 6 | B48: General Worker | E48: HRS | H48: 140 | I48: =SUM(G48*H48) -> 0
A52: Sub Total C | I52: =SUM(I43:I51) -> 1750
A53: TRANSPORT
A54: Item 4 | B54: Destinantion | E54: No of Trips | G54: KMs | H54: Rate | I54: Amount
A55: 1 | B55: 18 pier St Southend to Laetita CHC
B56: and back. | E56: 1 | G56: 80 | H56: 5 | I56: =H56*G56 -> 400
A58: Sub Total D | I58: =SUM(I55:I57) -> 400
G60: Sub Total (A+B+C+D) | I60: =I58+I52+I40 -> 2150
G62: Sub Total | I62: =I60+I61 -> 2150

Sheet PE PROV. (37)
A9: QUOTE TO : | F9: Qoute No | H9: 37
A10: Department of Health | F10: Date | H10: =#REF! -> #REF!
A11: 717 Dukumbana Building | F11: Facility | H11: =#REF! -> #REF!
A12: Independent Avenue | F12: Work Order | H12: =#REF! -> #REF!
A13: Bhisho | F13: Tender No | H13: SCMU3 - 17/18-0303 - HO
F14: Contract Term | H14: 24 MONTHS
A15: WORK REQUEST : Request for repair of faulty power gen is not working.
A16: SCHEDULED WORK
A17: Item 1 | B17: Description | E17: Unit | F17: Sch No | G17: Quantity | H17: Rate | I17: Amount
I18: =SUM(G18*H18) -> 0
I19: =SUM(G19*H19) -> 0
I20: =SUM(G20*H20) -> 0
A21: Sub Total A | I21: =SUM(I18:I20) -> 0
A22: NON SCHEDULED WORK
A23: Item 2 | B23: Description | G23: Quantity | H23: Rate | I23: Amount
A24: 1 | B24: 12mm Terminal Yellow | G24: 2 | H24: 22 | I24: =H24*G24 -> 44
A25: 2 | B25: 6 x 3 mm Lug | G25: 3 | H25: 12.8 | I25: =H25*G25 -> 38.4
A26: 3 | B26: 6 x 3 mm Lug | G26: 3 | H26: 12.8 | I26: =H26*G26 -> 38.4
A27: 4 | B27: Insulation Tape yellow | G27: 2 | H27: 16.6 | I27: =H27*G27 -> 33.2
A28: 5 | B28: Insulation Tape white | G28: 2 | H28: 16.6 | I28: =H28*G28 -> 33.2
A29: 6 | B29: Charging services | G29: 2 | H29: 37 | I29: =H29*G29 -> 74
A30: 7 | B30: AVR SX 440 | G30: 1 | H30: 4680 | I30: =H30*G30 -> 4680
A38: Sub Total | I38: =SUM(I24:I37) -> 4941.2
A39: Mark - Up 15% | I39: =ROUND((I38*0.15),2) -> 741.18
A40: SUb Total B | I40: =I38+I39 -> 5682.38
A41: LABOUR
A42: Item 3 | B42: (Normal Rate) | E42: Unit | G42: Quantity | H42: Rate | I42: Amount
A43: 1 | B43: Techinician | E43: HRS | H43: 450 | I43: =SUM(G43*H43) -> 0
A44: 2 | B44: Senior Artisan | E44: HRS | H44: 350 | I44: =SUM(G44*H44) -> 0
A45: 3 | B45: Artisan (Trade Tested) | E45: HRS | G45: 18.5 | H45: 300 | I45: =SUM(G45*H45) -> 5550
A46: 4 | B46: Utility Man (Non - Trade Tested) | E46: HRS | G46: 18.5 | H46: 200 | I46: =SUM(G46*H46) -> 3700
A47: 5 | B47: Artisan Aid | E47: HRS | H47: 200 | I47: =SUM(G47*H47) -> 0
A48: 6 | B48: General Worker | E48: HRS | H48: 140 | I48: =SUM(G48*H48) -> 0
A52: Sub Total C | I52: =SUM(I43:I51) -> 9250
A53: TRANSPORT
A54: Item 4 | B54: Destinantion | E54: No of Trips | G54: KMs | H54: Rate | I54: Amount
A55: 1 | B55: 18 pier St Southend to PE Prov Hospital
B56: and back. | E56: 1 | G56: 24.4 | H56: 5 | I56: =H56*G56 -> 122
A58: Sub Total D | I58: =SUM(I55:I57) -> 122
G60: Sub Total (A+B+C+D) | I60: =I58+I52+I40 -> 15054.38
G62: Sub Total | I62: =I60+I61 -> 15054.38

Sheet ORSMOND TB HOSP. (38)
A9: QUOTE TO : | F9: Qoute No | H9: 38
A10: Department of Health | F10: Date | H10: =#REF! -> #REF!
A11: 717 Dukumbana Building | F11: Facility | H11: =#REF! -> #REF!
A12: Independent Avenue | F12: Work Order | H12: =#REF! -> #REF!
A13: Bhisho | F13: Tender No | H13: SCMU3 - 17/18-0303 - HO
F14: Contract Term | H14: 24 MONTHS
A15: WORK REQUEST : Back up generator delayed pick up by 30 seconds.
A16: SCHEDULED WORK
A17: Item 1 | B17: Description | E17: Unit | F17: Sch No | G17: Quantity | H17: Rate | I17: Amount
I18: =SUM(G18*H18) -> 0
I19: =SUM(G19*H19) -> 0
I20: =SUM(G20*H20) -> 0
A21: Sub Total A | I21: =SUM(I18:I20) -> 0
A22: NON SCHEDULED WORK
A23: Item 2 | B23: Description | G23: Quantity | H23: Rate | I23: Amount
A38: Sub Total | I38: =SUM(I24:I37) -> 0
A39: Mark - Up 15% | I39: =ROUND((I38*0.15),2) -> 0
A40: SUb Total B | I40: =I38+I39 -> 0
A41: LABOUR
A42: Item 3 | B42: (Normal Rate) | E42: Unit | G42: Quantity | H42: Rate | I42: Amount
A43: 1 | B43: Techinician | E43: HRS | H43: 450 | I43: =SUM(G43*H43) -> 0
A44: 2 | B44: Senior Artisan | E44: HRS | G44: 0 | H44: 350 | I44: =SUM(G44*H44) -> 0
A45: 3 | B45: Artisan (Trade Tested) | E45: HRS | G45: 2 | H45: 300 | I45: =SUM(G45*H45) -> 600
A46: 4 | B46: Utility Man (Non - Trade Tested) | E46: HRS | G46: 2 | H46: 200 | I46: =SUM(G46*H46) -> 400
A47: 5 | B47: Artisan Aid | E47: HRS | H47: 200 | I47: =SUM(G47*H47) -> 0
A48: 6 | B48: General Worker | E48: HRS | H48: 140 | I48: =SUM(G48*H48) -> 0
A52: Sub Total C | I52: =SUM(I43:I51) -> 1000
A53: TRANSPORT
A54: Item 4 | B54: Destinantion | E54: No of Trips | G54: KMs | H54: Rate | I54: Amount
A55: 1 | B55: 18 pier St Southend to Osmond TB Hospital
B56: and back. | E56: 1 | G56: 82 | H56: 5 | I56: =H56*G56 -> 410
A58: Sub Total D | I58: =SUM(I55:I57) -> 410
G60: Sub Total (A+B+C+D) | I60: =I58+I52+I40 -> 1410
G62: Sub Total | I62: =I60+I61 -> 1410

Sheet Gqebera CHC (39)
A9: QUOTE TO : | F9: Qoute No | H9: =#REF! -> #REF!
A10: Department of Health | F10: Date | H10: =#REF! -> #REF!
A11: 717 Dukumbana Building | F11: Facility | H11: =#REF! -> #REF!
A12: Independent Avenue | F12: Work Order | H12: =#REF! -> #REF!
A13: Bhisho | F13: Tender No | H13: SCMU3 - 17/18-0303 - HO
F14: Contract Term | H14: 24 MONTHS
A15: WORK REQUEST : Request for repair of faulty power generator is not kicking in.
A16: SCHEDULED WORK
A17: Item 1 | B17: Description | E17: Unit | F17: Sch No | G17: Quantity | H17: Rate | I17: Amount
I18: =SUM(G18*H18) -> 0
I19: =SUM(G19*H19) -> 0
I20: =SUM(G20*H20) -> 0
A21: Sub Total A | I21: =SUM(I18:I20) -> 0
A22: NON SCHEDULED WORK
A23: Item 2 | B23: Description | G23: Quantity | H23: Rate | I23: Amount
A38: Sub Total | I38: =SUM(I24:I37) -> 0
A39: Mark - Up 15% | I39: =ROUND((I38*0.15),2) -> 0
A40: SUb Total B | I40: =I38+I39 -> 0
A41: LABOUR
A42: Item 3 | B42: (Normal Rate) | E42: Unit | G42: Quantity | H42: Rate | I42: Amount
A43: 1 | B43: Techinician | E43: HRS | H43: 450 | I43: =SUM(G43*H43) -> 0
A44: 2 | B44: Senior Artisan | E44: HRS | H44: 350 | I44: =SUM(G44*H44) -> 0
A45: 3 | B45: Artisan (Trade Tested) | E45: HRS | G45: 1 | H45: 300 | I45: =SUM(G45*H45) -> 300
A46: 4 | B46: Utility Man (Non - Trade Tested) | E46: HRS | G46: 1 | H46: 200 | I46: =SUM(G46*H46) -> 200
A47: 5 | B47: Artisan Aid | E47: HRS | H47: 200 | I47: =SUM(G47*H47) -> 0
A48: 6 | B48: General Worker | E48: HRS | H48: 140 | I48: =SUM(G48*H48) -> 0
A52: Sub Total C | I52: =SUM(I43:I51) -> 500
A53: TRANSPORT
A54: Item 4 | B54: Destinantion | E54: No of Trips | G54: KMs | H54: Rate | I54: Amount
A55: 1 | B55: 18 pier St Southend to Gqebera CHC
B56: and back. | E56: 1 | G56: 11.8 | H56: 5 | I56: =H56*G56 -> 59
A58: Sub Total D | I58: =SUM(I55:I57) -> 59
G60: Sub Total (A+B+C+D) | I60: =I58+I52+I40 -> 559
G62: Sub Total | I62: =I60+I61 -> 559

Sheet Dora Ngiza (40)
A9: QUOTE TO : | F9: Qoute No | H9: =#REF! -> #REF!
A10: Department of Health | F10: Date | H10: =#REF! -> #REF!
A11: 717 Dukumbana Building | F11: Facility | H11: =#REF! -> #REF!
A12: Independent Avenue | F12: Work Order | H12: 888
A13: Bhisho | F13: Tender No | H13: SCMU3 - 17/18-0303 - HO
F14: Contract Term | H14: 24 MONTHS
A15: WORK REQUEST : Generator fuel is leaking.
A16: SCHEDULED WORK
A17: Item 1 | B17: Description | E17: Unit | F17: Sch No | G17: Quantity | H17: Rate | I17: Amount
I18: =SUM(G18*H18) -> 0
I19: =SUM(G19*H19) -> 0
I20: =SUM(G20*H20) -> 0
A21: Sub Total A | I21: =SUM(I18:I20) -> 0
A22: NON SCHEDULED WORK
A23: Item 2 | B23: Description | G23: Quantity | H23: Rate | I23: Amount
A38: Sub Total | I38: =SUM(I24:I37) -> 0
A39: Mark - Up 15% | I39: =ROUND((I38*0.15),2) -> 0
A40: SUb Total B | I40: =I38+I39 -> 0
A41: LABOUR
A42: Item 3 | B42: (Normal Rate) | E42: Unit | G42: Quantity | H42: Rate | I42: Amount
A43: 1 | B43: Techinician | E43: HRS | H43: 450 | I43: =SUM(G43*H43) -> 0
A44: 2 | B44: Senior Artisan | E44: HRS | H44: 350 | I44: =SUM(G44*H44) -> 0
A45: 3 | B45: Artisan (Trade Tested) | E45: HRS | G45: 1 | H45: 300 | I45: =SUM(G45*H45) -> 300
A46: 4 | B46: Utility Man (Non - Trade Tested) | E46: HRS | G46: 1 | H46: 200 | I46: =SUM(G46*H46) -> 200
A47: 5 | B47: Artisan Aid | E47: HRS | H47: 200 | I47: =SUM(G47*H47) -> 0
A48: 6 | B48: General Worker | E48: HRS | H48: 140 | I48: =SUM(G48*H48) -> 0
A52: Sub Total C | I52: =SUM(I43:I51) -> 500
A53: TRANSPORT
A54: Item 4 | B54: Destinantion | E54: No of Trips | G54: KMs | H54: Rate | I54: Amount
A55: 1 | B55: 18 pier St Southend to Dora Nginza
B56: and back. | E56: 1 | G56: 33.2 | H56: 5 | I56: =H56*G56 -> 166
A58: Sub Total D | I58: =SUM(I55:I57) -> 166
G60: Sub Total (A+B+C+D) | I60: =I58+I52+I40 -> 666
G62: Sub Total | I62: =I60+I61 -> 666

Sheet PE Pronvincial Hospital (41)
A9: QUOTE TO : | F9: Qoute No | H9: =#REF! -> #REF!
A10: Department of Health | F10: Date | H10: =#REF! -> #REF!
A11: 717 Dukumbana Building | F11: Facility | H11: =#REF! -> #REF!
A12: Independent Avenue | F12: Work Order | H12: 1007
A13: Bhisho | F13: Tender No | H13: SCMU3 - 17/18-0303 - HO
F14: Contract Term | H14: 24 MONTHS
A15: WORK REQUEST : Generator fuel is leaking.
A16: SCHEDULED WORK
A17: Item 1 | B17: Description | E17: Unit | F17: Sch No | G17: Quantity | H17: Rate | I17: Amount
I18: =SUM(G18*H18) -> 0
I19: =SUM(G19*H19) -> 0
I20: =SUM(G20*H20) -> 0
A21: Sub Total A | I21: =SUM(I18:I20) -> 0
A22: NON SCHEDULED WORK
A23: Item 2 | B23: Description | G23: Quantity | H23: Rate | I23: Amount
A38: Sub Total | I38: =SUM(I24:I37) -> 0
A39: Mark - Up 15% | I39: =ROUND((I38*0.15),2) -> 0
A40: SUb Total B | I40: =I38+I39 -> 0
A41: LABOUR
A42: Item 3 | B42: (Normal Rate) | E42: Unit | G42: Quantity | H42: Rate | I42: Amount
A43: 1 | B43: Techinician | E43: HRS | H43: 450 | I43: =SUM(G43*H43) -> 0
A44: 2 | B44: Senior Artisan | E44: HRS | H44: 350 | I44: =SUM(G44*H44) -> 0
A45: 3 | B45: Artisan (Trade Tested) | E45: HRS | G45: 3 | H45: 300 | I45: =SUM(G45*H45) -> 900
A46: 4 | B46: Utility Man (Non - Trade Tested) | E46: HRS | G46: 3 | H46: 200 | I46: =SUM(G46*H46) -> 600
A47: 5 | B47: Artisan Aid | E47: HRS | H47: 200 | I47: =SUM(G47*H47) -> 0
A48: 6 | B48: General Worker | E48: HRS | H48: 140 | I48: =SUM(G48*H48) -> 0
A52: Sub Total C | I52: =SUM(I43:I51) -> 1500
A53: TRANSPORT
A54: Item 4 | B54: Destinantion | E54: No of Trips | G54: KMs | H54: Rate | I54: Amount
A55: 1 | B55: 18 pier St Southend to PE Prov. Hospital
B56: and back. | E56: 1 | G56: 19.6 | H56: 5 | I56: =H56*G56 -> 98
A58: Sub Total D | I58: =SUM(I55:I57) -> 98
G60: Sub Total (A+B+C+D) | I60: =I58+I52+I40 -> 1598
G62: Sub Total | I62: =I60+I61 -> 1598

Sheet Motherwell CHC (42)
A9: QUOTE TO : | F9: Qoute No | H9: =#REF! -> #REF!
A10: Department of Health | F10: Date | H10: =#REF! -> #REF!
A11: 717 Dukumbana Building | F11: Facility | H11: =#REF! -> #REF!
A12: Independent Avenue | F12: Work Order | H12: 1708
A13: Bhisho | F13: Tender No | H13: SCMU3 - 17/18-0303 - HO
F14: Contract Term | H14: 24 MONTHS
F15: GEN Id | H15: GEN/NMM/MOT/01
A16: WORK REQUEST : Generator fuse blown .
A17: SCHEDULED WORK
A18: Item 1 | B18: Description | E18: Unit | F18: Sch No | G18: Quantity | H18: Rate | I18: Amount
I19: =SUM(G19*H19) -> 0
I20: =SUM(G20*H20) -> 0
I21: =SUM(G21*H21) -> 0
A22: Sub Total A | I22: =SUM(I19:I21) -> 0
A23: NON SCHEDULED WORK
A24: Item 2 | B24: Description | G24: Quantity | H24: Rate | I24: Amount
A39: Sub Total | I39: =SUM(I25:I38) -> 0
A40: Mark - Up 15% | I40: =ROUND((I39*0.15),2) -> 0
A41: SUb Total B | I41: =I39+I40 -> 0
A42: LABOUR
A43: Item 3 | B43: (Normal Rate) | E43: Unit | G43: Quantity | H43: Rate | I43: Amount
A44: 1 | B44: Techinician | E44: HRS | H44: 450 | I44: =SUM(G44*H44) -> 0
A45: 2 | B45: Senior Artisan | E45: HRS | H45: 350 | I45: =SUM(G45*H45) -> 0
A46: 3 | B46: Artisan (Trade Tested) | E46: HRS | G46: 2 | H46: 300 | I46: =SUM(G46*H46) -> 600
A47: 4 | B47: Utility Man (Non - Trade Tested) | E47: HRS | G47: 2 | H47: 200 | I47: =SUM(G47*H47) -> 400
A48: 5 | B48: Artisan Aid | E48: HRS | H48: 200 | I48: =SUM(G48*H48) -> 0
A49: 6 | B49: General Worker | E49: HRS | H49: 140 | I49: =SUM(G49*H49) -> 0
A53: Sub Total C | I53: =SUM(I44:I52) -> 1000
A54: TRANSPORT
A55: Item 4 | B55: Destinantion | E55: No of Trips | G55: KMs | H55: Rate | I55: Amount
A56: 1 | B56: 18 pier St Southend to Motherwell CHC
B57: and back. | E57: 1 | G57: 59.6 | H57: 5 | I57: =H57*G57 -> 298
A59: Sub Total D | I59: =SUM(I56:I58) -> 298
G61: Sub Total (A+B+C+D) | I61: =I59+I53+I41 -> 1298
G63: Sub Total | I63: =I61+I62 -> 1298

Sheet Westend Clinic (43)
A9: QUOTE TO : | F9: Qoute No | H9: =#REF! -> #REF!
A10: Department of Health | F10: Date | H10: =#REF! -> #REF!
A11: 717 Dukumbana Building | F11: Facility | H11: =#REF! -> #REF!
A12: Independent Avenue | F12: Work Order | H12: 1745
A13: Bhisho | F13: Tender No | H13: SCMU3 - 17/18-0303 - HO
F14: Contract Term | H14: 24 MONTHS
F15: GEN Id | H15: GEN/NMM/WES/01
A16: WORK REQUEST : Generator not working.
A17: SCHEDULED WORK
A18: Item 1 | B18: Description | E18: Unit | F18: Sch No | G18: Quantity | H18: Rate | I18: Amount
I19: =SUM(G19*H19) -> 0
I20: =SUM(G20*H20) -> 0
I21: =SUM(G21*H21) -> 0
A22: Sub Total A | I22: =SUM(I19:I21) -> 0
A23: NON SCHEDULED WORK
A24: Item 2 | B24: Description | G24: Quantity | H24: Rate | I24: Amount
A25: 1 | B25: Battery 638 | G25: 1 | H25: 1380 | I25: =H25*G25 -> 1380
A39: Sub Total | I39: =SUM(I25:I38) -> 1380
A40: Mark - Up 15% | I40: =ROUND((I39*0.15),2) -> 207
A41: SUb Total B | I41: =I39+I40 -> 1587
A42: LABOUR
A43: Item 3 | B43: (Normal Rate) | E43: Unit | G43: Quantity | H43: Rate | I43: Amount
A44: 1 | B44: Techinician | E44: HRS | H44: 450 | I44: =SUM(G44*H44) -> 0
A45: 2 | B45: Senior Artisan | E45: HRS | H45: 350 | I45: =SUM(G45*H45) -> 0
A46: 3 | B46: Artisan (Trade Tested) | E46: HRS | G46: 2 | H46: 300 | I46: =SUM(G46*H46) -> 600
A47: 4 | B47: Utility Man (Non - Trade Tested) | E47: HRS | G47: 2 | H47: 200 | I47: =SUM(G47*H47) -> 400
A48: 5 | B48: Artisan Aid | E48: HRS | H48: 200 | I48: =SUM(G48*H48) -> 0
A49: 6 | B49: General Worker | E49: HRS | H49: 140 | I49: =SUM(G49*H49) -> 0
A53: Sub Total C | I53: =SUM(I44:I52) -> 1000
A54: TRANSPORT
A55: Item 4 | B55: Destinantion | E55: No of Trips | G55: KMs | H55: Rate | I55: Amount
A56: 1 | B56: 18 pier St Southend to West End CHC
B57: and back. | E57: 1 | G57: 34 | H57: 5 | I57: =H57*G57 -> 170
A59: Sub Total D | I59: =SUM(I56:I58) -> 170
G61: Sub Total (A+B+C+D) | I61: =I59+I53+I41 -> 2757
G63: Sub Total | I63: =I61+I62 -> 2757

Sheet Dora Ngiza (44)
A9: QUOTE TO : | F9: Qoute No | H9: =#REF! -> #REF!
A10: Department of Health | F10: Date | H10: =#REF! -> #REF!
A11: 717 Dukumbana Building | F11: Facility | H11: =#REF! -> #REF!
A12: Independent Avenue | F12: Work Order | H12: 1814
A13: Bhisho | F13: Tender No | H13: SCMU3 - 17/18-0303 - HO
F14: Contract Term | H14: 24 MONTHS
F15: GEN Id | H15: GEN/NMM/DOR/05
A16: WORK REQUEST : Change over switch is faulty in lab.
A17: SCHEDULED WORK
A18: Item 1 | B18: Description | E18: Unit | F18: Sch No | G18: Quantity | H18: Rate | I18: Amount
I19: =SUM(G19*H19) -> 0
I20: =SUM(G20*H20) -> 0
I21: =SUM(G21*H21) -> 0
A22: Sub Total A | I22: =SUM(I19:I21) -> 0
A23: NON SCHEDULED WORK
A24: Item 2 | B24: Description | G24: Quantity | H24: Rate | I24: Amount
A39: Sub Total | I39: =SUM(I25:I38) -> 0
A40: Mark - Up 15% | I40: =ROUND((I39*0.15),2) -> 0
A41: SUb Total B | I41: =I39+I40 -> 0
A42: LABOUR
A43: Item 3 | B43: (Normal Rate) | E43: Unit | G43: Quantity | H43: Rate | I43: Amount
A44: 1 | B44: Techinician | E44: HRS | H44: 450 | I44: =SUM(G44*H44) -> 0
A45: 2 | B45: Senior Artisan | E45: HRS | H45: 350 | I45: =SUM(G45*H45) -> 0
A46: 3 | B46: Artisan (Trade Tested) | E46: HRS | G46: 4 | H46: 300 | I46: =SUM(G46*H46) -> 1200
A47: 4 | B47: Utility Man (Non - Trade Tested) | E47: HRS | G47: 4 | H47: 200 | I47: =SUM(G47*H47) -> 800
A48: 5 | B48: Artisan Aid | E48: HRS | H48: 200 | I48: =SUM(G48*H48) -> 0
A49: 6 | B49: General Worker | E49: HRS | H49: 140 | I49: =SUM(G49*H49) -> 0
A53: Sub Total C | I53: =SUM(I44:I52) -> 2000
A54: TRANSPORT
A55: Item 4 | B55: Destinantion | E55: No of Trips | G55: KMs | H55: Rate | I55: Amount
A56: 1 | B56: 18 pier St Southend to Dora Ngiza Hospital
B57: and back. | E57: 1 | G57: 66.4 | H57: 5 | I57: =H57*G57 -> 332
A59: Sub Total D | I59: =SUM(I56:I58) -> 332
G61: Sub Total (A+B+C+D) | I61: =I59+I53+I41 -> 2332
G63: Sub Total | I63: =I61+I62 -> 2332

Sheet Elizabeth Hospital (45)
A9: QUOTE TO : | F9: Qoute No | H9: =#REF! -> #REF!
A10: Department of Health | F10: Date | H10: =#REF! -> #REF!
A11: 717 Dukumbana Building | F11: Facility | H11: =#REF! -> #REF!
A12: Independent Avenue | F12: Work Order | H12: 2592
A13: Bhisho | F13: Tender No | H13: SCMU3 - 17/18-0303 - HO
F14: Contract Term | H14: 24 MONTHS
F15: GEN Id | H15: GEN/NMM/DON/01
A16: WORK REQUEST : Generator is faulty.
A17: SCHEDULED WORK
A18: Item 1 | B18: Description | E18: Unit | F18: Sch No | G18: Quantity | H18: Rate | I18: Amount
I19: =SUM(G19*H19) -> 0
I20: =SUM(G20*H20) -> 0
I21: =SUM(G21*H21) -> 0
A22: Sub Total A | I22: =SUM(I19:I21) -> 0
A23: NON SCHEDULED WORK
A24: Item 2 | B24: Description | G24: Quantity | H24: Rate | I24: Amount
A25: 1 | B25: VDO Fuel sender unit 0 - 180 ohms | G25: 1 | H25: 1850 | I25: =H25*G25 -> 1850
A26: 2 | B26: Courer | G26: 1 | H26: 390 | I26: =H26*G26 -> 390
A39: Sub Total | I39: =SUM(I25:I38) -> 2240
A40: Mark - Up 15% | I40: =ROUND((I39*0.15),2) -> 336
A41: SUb Total B | I41: =I39+I40 -> 2576
A42: LABOUR
A43: Item 3 | B43: (Normal Rate) | E43: Unit | G43: Quantity | H43: Rate | I43: Amount
A44: 1 | B44: Techinician | E44: HRS | H44: 450 | I44: =SUM(G44*H44) -> 0
A45: 2 | B45: Senior Artisan | E45: HRS | H45: 350 | I45: =SUM(G45*H45) -> 0
A46: 3 | B46: Artisan (Trade Tested) | E46: HRS | G46: 4.5 | H46: 300 | I46: =SUM(G46*H46) -> 1350
A47: 4 | B47: Utility Man (Non - Trade Tested) | E47: HRS | G47: 4.5 | H47: 200 | I47: =SUM(G47*H47) -> 900
A48: 5 | B48: Artisan Aid | E48: HRS | H48: 200 | I48: =SUM(G48*H48) -> 0
A49: 6 | B49: General Worker | E49: HRS | H49: 140 | I49: =SUM(G49*H49) -> 0
A53: Sub Total C | I53: =SUM(I44:I52) -> 2250
A54: TRANSPORT
A55: Item 4 | B55: Destinantion | E55: No of Trips | G55: KMs | H55: Rate | I55: Amount
A56: 1 | B56: 18 pier St Southend to Elizabeth Donkin Hospital
B57: and back. | E57: 1 | G57: 39.2 | H57: 5 | I57: =H57*G57 -> 196
A59: Sub Total D | I59: =SUM(I56:I58) -> 196
G61: Sub Total (A+B+C+D) | I61: =I59+I53+I41 -> 5022
G63: Sub Total | I63: =I61+I62 -> 5022

Sheet Jose Pearson (46)
A9: QUOTE TO : | F9: Qoute No | H9: =#REF! -> #REF!
A10: Department of Health | F10: Date | H10: =#REF! -> #REF!
A11: 717 Dukumbana Building | F11: Facility | H11: =#REF! -> #REF!
A12: Independent Avenue | F12: Work Order | H12: 2886
A13: Bhisho | F13: Tender No | H13: SCMU3 - 17/18-0303 - HO
F14: Contract Term | H14: 24 MONTHS
F15: GEN Id | H15: GEN/NMM/JOS/01
A16: WORK REQUEST : Generator not kicking in.
A17: SCHEDULED WORK
A18: Item 1 | B18: Description | E18: Unit | F18: Sch No | G18: Quantity | H18: Rate | I18: Amount
I19: =SUM(G19*H19) -> 0
I20: =SUM(G20*H20) -> 0
I21: =SUM(G21*H21) -> 0
A22: Sub Total A | I22: =SUM(I19:I21) -> 0
A23: NON SCHEDULED WORK
A24: Item 2 | B24: Description | G24: Quantity | H24: Rate | I24: Amount
A25: 1 | B25: R120 ASS p/pump | G25: 1 | H25: 2091.25 | I25: =H25*G25 -> 2091.25
A39: Sub Total | I39: =SUM(I25:I38) -> 2091.25
A40: Mark - Up 15% | I40: =ROUND((I39*0.15),2) -> 313.69
A41: SUb Total B | I41: =I39+I40 -> 2404.94
A42: LABOUR
A43: Item 3 | B43: (Normal Rate) | E43: Unit | G43: Quantity | H43: Rate | I43: Amount
A44: 1 | B44: Techinician | E44: HRS | H44: 450 | I44: =SUM(G44*H44) -> 0
A45: 2 | B45: Senior Artisan | E45: HRS | H45: 350 | I45: =SUM(G45*H45) -> 0
A46: 3 | B46: Artisan (Trade Tested) | E46: HRS | G46: 4.5 | H46: 300 | I46: =SUM(G46*H46) -> 1350
A47: 4 | B47: Utility Man (Non - Trade Tested) | E47: HRS | G47: 4.5 | H47: 200 | I47: =SUM(G47*H47) -> 900
A48: 5 | B48: Artisan Aid | E48: HRS | H48: 200 | I48: =SUM(G48*H48) -> 0
A49: 6 | B49: General Worker | E49: HRS | H49: 140 | I49: =SUM(G49*H49) -> 0
A53: Sub Total C | I53: =SUM(I44:I52) -> 2250
A54: TRANSPORT
A55: Item 4 | B55: Destinantion | E55: No of Trips | G55: KMs | H55: Rate | I55: Amount
A56: 1 | B56: 18 pier St Southend to Jose Pearson TB Hospital
B57: and back. | E57: 1 | G57: 113.2 | H57: 5 | I57: =H57*G57 -> 566
A59: Sub Total D | I59: =SUM(I56:I58) -> 566
G61: Sub Total (A+B+C+D) | I61: =I59+I53+I41 -> 5220.94
G63: Sub Total | I63: =I61+I62 -> 5220.94

Sheet Livingstone Hospital (47)
A9: QUOTE TO : | F9: Qoute No | H9: =#REF! -> #REF!
A10: Department of Health | F10: Date | H10: =#REF! -> #REF!
A11: 717 Dukumbana Building | F11: Facility | H11: =#REF! -> #REF!
A12: Independent Avenue | F12: Work Order | H12: =#REF! -> #REF!
A13: Bhisho | F13: Tender No | H13: SCMU3 - 17/18-0303 - HO
F14: Contract Term | H14: 24 MONTHS
F15: GEN Id | H15: GEN/NMM/LIV/02
A16: WORK REQUEST : Request for repair of power generator GEN/NMM/LIV/01 ,GEN/NMM/LIV/02 faulty battery charger and GEN/NMM/LIV/03 faulty earth leakage and battery charger.
A17: SCHEDULED WORK
A18: Item 1 | B18: Description | E18: Unit | F18: Sch No | G18: Quantity | H18: Rate | I18: Amount
I19: =SUM(G19*H19) -> 0
I20: =SUM(G20*H20) -> 0
I21: =SUM(G21*H21) -> 0
A22: Sub Total A | I22: =SUM(I19:I21) -> 0
A23: NON SCHEDULED WORK
A24: Item 2 | B24: Description | G24: Quantity | H24: Rate | I24: Amount
A25: 1 | B25: 63A isolater | G25: 1 | H25: 160 | I25: =H25*G25 -> 160
A26: 2 | B26: Monitor | G26: 1 | H26: 211 | I26: =H26*G26 -> 211
A27: 3 | B27: Battery charger | G27: 1 | H27: 1094 | I27: =H27*G27 -> 1094
A39: Sub Total | I39: =SUM(I25:I38) -> 1465
A40: Mark - Up 15% | I40: =ROUND((I39*0.15),2) -> 219.75
A41: SUb Total B | I41: =I39+I40 -> 1684.75
A42: LABOUR
A43: Item 3 | B43: (Normal Rate) | E43: Unit | G43: Quantity | H43: Rate | I43: Amount
A44: 1 | B44: Techinician | E44: HRS | H44: 450 | I44: =SUM(G44*H44) -> 0
A45: 2 | B45: Senior Artisan | E45: HRS | H45: 350 | I45: =SUM(G45*H45) -> 0
A46: 3 | B46: Artisan (Trade Tested) | E46: HRS | G46: 7.5 | H46: 300 | I46: =SUM(G46*H46) -> 2250
A47: 4 | B47: Utility Man (Non - Trade Tested) | E47: HRS | H47: 200 | I47: =SUM(G47*H47) -> 0
A48: 5 | B48: Artisan Aid | E48: HRS | G48: 7.5 | H48: 200 | I48: =SUM(G48*H48) -> 1500
A49: 6 | B49: General Worker | E49: HRS | H49: 140 | I49: =SUM(G49*H49) -> 0
A53: Sub Total C | I53: =SUM(I44:I52) -> 3750
A54: TRANSPORT
A55: Item 4 | B55: Destinantion | E55: No of Trips | G55: KMs | H55: Rate | I55: Amount
A56: 1 | B56: 14 Milner Rd ,Mt Pleasant to Living Hospital
B57: and back. | E57: 2 | G57: 21.2 | H57: 5 | I57: =H57*G57 -> 106
A59: Sub Total D | I59: =SUM(I56:I58) -> 106
G61: Sub Total (A+B+C+D) | I61: =I59+I53+I41 -> 5540.75
G63: Sub Total | I63: =I61+I62 -> 5540.75

Sheet PE Pro. Hosp (48)
A9: QUOTE TO : | F9: Qoute No | H9: 47
A10: Department of Health | F10: Date | H10: =#REF! -> #REF!
A11: 717 Dukumbana Building | F11: Facility | H11: =#REF! -> #REF!
A12: Independent Avenue | F12: Work Order | H12: =#REF! -> #REF!
A13: Bhisho | F13: Tender No | H13: SCMU3 - 17/18-0303 - HO
F14: Contract Term | H14: 24 MONTHS
F15: GEN Id | H15: GEN/NMM/JOS/01
A16: WORK REQUEST : Generator not working.
A17: SCHEDULED WORK
A18: Item 1 | B18: Description | E18: Unit | F18: Sch No | G18: Quantity | H18: Rate | I18: Amount
I19: =SUM(G19*H19) -> 0
I20: =SUM(G20*H20) -> 0
I21: =SUM(G21*H21) -> 0
A22: Sub Total A | I22: =SUM(I19:I21) -> 0
A23: NON SCHEDULED WORK
A24: Item 2 | B24: Description | G24: Quantity | H24: Rate | I24: Amount
A25: 1 | B25: 50 KVA Alternator double bearings | G25: 1 | H25: 14550 | I25: =H25*G25 -> 14550
A26: 2 | B26: SX 460 AVR | G26: 1 | H26: 3705 | I26: =H26*G26 -> 3705
B28: Approved Quotation
A39: Sub Total | I39: =SUM(I25:I38) -> 18255
A40: Mark - Up 15% | I40: =ROUND((I39*0.15),2) -> 2738.25
A41: SUb Total B | I41: =I39+I40 -> 20993.25
A42: LABOUR
A43: Item 3 | B43: (Normal Rate) | E43: Unit | G43: Quantity | H43: Rate | I43: Amount
A44: 1 | B44: Techinician | E44: HRS | G44: 10 | H44: 450 | I44: =SUM(G44*H44) -> 4500
A45: 2 | B45: Senior Artisan | E45: HRS | H45: 350 | I45: =SUM(G45*H45) -> 0
A46: 3 | B46: Artisan (Trade Tested) | E46: HRS | H46: 300 | I46: =SUM(G46*H46) -> 0
A47: 4 | B47: Utility Man (Non - Trade Tested) | E47: HRS | H47: 200 | I47: =SUM(G47*H47) -> 0
A48: 5 | B48: Artisan Aid | E48: HRS | H48: 200 | I48: =SUM(G48*H48) -> 0
A49: 6 | B49: General Worker (2) | E49: HRS | G49: 20 | H49: 140 | I49: =SUM(G49*H49) -> 2800
A53: Sub Total C | I53: =SUM(I44:I52) -> 7300
A54: TRANSPORT
A55: Item 4 | B55: Destinantion | E55: No of Trips | G55: KMs | H55: Rate | I55: Amount
A56: 1 | B56: 14 Milner Rd ,Mt Pleasant PE to PE Prov. Hospital
B57: and back. | E57: 3 | G57: 58.8 | H57: 5 | I57: =H57*G57 -> 294
A59: Sub Total D | I59: =SUM(I56:I58) -> 294
G61: Sub Total (A+B+C+D) | I61: =I59+I53+I41 -> 28587.25
G63: Sub Total | I63: =I61+I62 -> 28587.25

Sheet Elizabeth Donken hosp.(49)
A9: QUOTE TO : | F9: Qoute No | H9: =#REF! -> #REF!
A10: Department of Health | F10: Date | H10: =#REF! -> #REF!
A11: 717 Dukumbana Building | F11: Facility | H11: =#REF! -> #REF!
A12: Independent Avenue | F12: Work Order | H12: =#REF! -> #REF!
A13: Bhisho | F13: Tender No | H13: SCMU3 - 17/18-0303 - HO
F14: Contract Term | H14: 24 MONTHS
F15: GEN Id | H15: GEN/NMM/DON/01
A16: WORK REQUEST : Repairs to fuel hose and heater hose for generator.
A17: SCHEDULED WORK
A18: Item 1 | B18: Description | E18: Unit | F18: Sch No | G18: Quantity | H18: Rate | I18: Amount
I19: =SUM(G19*H19) -> 0
I20: =SUM(G20*H20) -> 0
I21: =SUM(G21*H21) -> 0
A22: Sub Total A | I22: =SUM(I19:I21) -> 0
A23: NON SCHEDULED WORK
A24: Item 2 | B24: Description | G24: Quantity | H24: Rate | I24: Amount
A25: 1 | B25: Fuel line | G25: 1 | H25: 682 | I25: =H25*G25 -> 682
A26: 2 | B26: Hose (5m) | G26: 1 | H26: 248.85 | I26: =H26*G26 -> 248.85
A39: Sub Total | I39: =SUM(I25:I38) -> 930.85
A40: Mark - Up 15% | I40: =ROUND((I39*0.15),2) -> 139.63
A41: SUb Total B | I41: =I39+I40 -> 1070.48
A42: LABOUR
A43: Item 3 | B43: (Normal Rate) | E43: Unit | G43: Quantity | H43: Rate | I43: Amount
A44: 1 | B44: Techinician | E44: HRS | G44: 4 | H44: 450 | I44: =SUM(G44*H44) -> 1800
A45: 2 | B45: Senior Artisan | E45: HRS | H45: 350 | I45: =SUM(G45*H45) -> 0
A46: 3 | B46: Artisan (Trade Tested) | E46: HRS | H46: 300 | I46: =SUM(G46*H46) -> 0
A47: 4 | B47: Utility Man (Non - Trade Tested) | E47: HRS | H47: 200 | I47: =SUM(G47*H47) -> 0
A48: 5 | B48: Artisan Aid | E48: HRS | G48: 4 | H48: 200 | I48: =SUM(G48*H48) -> 800
A49: 6 | B49: General Worker (2) | E49: HRS | H49: 140 | I49: =SUM(G49*H49) -> 0
A53: Sub Total C | I53: =SUM(I44:I52) -> 2600
A54: TRANSPORT
A55: Item 4 | B55: Destinantion | E55: No of Trips | G55: KMs | H55: Rate | I55: Amount
A56: 1 | B56: 14 Milner Rd ,Mt Pleasant PE to Elizabeth Donkin Hospital
B57: and back. | E57: 2 | G57: 39.6 | H57: 5 | I57: =H57*G57 -> 198
A59: Sub Total D | I59: =SUM(I56:I58) -> 198
G61: Sub Total (A+B+C+D) | I61: =I59+I53+I41 -> 3868.48
G63: Sub Total | I63: =I61+I62 -> 3868.48

Sheet Dora Ngiza (50)
A9: QUOTE TO : | F9: Qoute No | H9: =#REF! -> #REF!
A10: Department of Health | F10: Date | H10: =#REF! -> #REF!
A11: 717 Dukumbana Building | F11: Facility | H11: =#REF! -> #REF!
A12: Independent Avenue | F12: Work Order | H12: =#REF! -> #REF!
A13: Bhisho | F13: Tender No | H13: SCMU3 - 17/18-0303 - HO
F14: Contract Term | H14: 24 MONTHS
F15: GEN Id | H15: GEN/NMM/DOR/01
A16: WORK REQUEST : Casual generator is faulty at Dora Ngiza Hospital.
A17: SCHEDULED WORK
A18: Item 1 | B18: Description | E18: Unit | F18: Sch No | G18: Quantity | H18: Rate | I18: Amount
I19: =SUM(G19*H19) -> 0
I20: =SUM(G20*H20) -> 0
I21: =SUM(G21*H21) -> 0
A22: Sub Total A | I22: =SUM(I19:I21) -> 0
A23: NON SCHEDULED WORK
A24: Item 2 | B24: Description | G24: Quantity | H24: Rate | I24: Amount
I25: =H25*G25 -> 0
I26: =H26*G26 -> 0
A39: Sub Total | I39: =SUM(I25:I38) -> 0
A40: Mark - Up 15% | I40: =ROUND((I39*0.15),2) -> 0
A41: SUb Total B | I41: =I39+I40 -> 0
A42: LABOUR
A43: Item 3 | B43: (Normal Rate) | E43: Unit | G43: Quantity | H43: Rate | I43: Amount
A44: 1 | B44: Techinician | E44: HRS | H44: 450 | I44: =SUM(G44*H44) -> 0
A45: 2 | B45: Senior Artisan | E45: HRS | H45: 350 | I45: =SUM(G45*H45) -> 0
A46: 3 | B46: Artisan (Trade Tested) | E46: HRS | G46: 1 | H46: 300 | I46: =SUM(G46*H46) -> 300
A47: 4 | B47: Utility Man (Non - Trade Tested) | E47: HRS | H47: 200 | I47: =SUM(G47*H47) -> 0
A48: 5 | B48: Artisan Aid | E48: HRS | G48: 1 | H48: 200 | I48: =SUM(G48*H48) -> 200
A49: 6 | B49: General Worker (2) | E49: HRS | H49: 140 | I49: =SUM(G49*H49) -> 0
A53: Sub Total C | I53: =SUM(I44:I52) -> 500
A54: TRANSPORT
A55: Item 4 | B55: Destinantion | E55: No of Trips | G55: KMs | H55: Rate | I55: Amount
A56: 1 | B56: Office to Dora Ngiza Hospital
B57: and back. | E57: 1 | G57: 33.4 | H57: 5 | I57: =H57*G57 -> 167
A59: Sub Total D | I59: =SUM(I56:I58) -> 167
G61: Sub Total (A+B+C+D) | I61: =I59+I53+I41 -> 667
G63: Sub Total | I63: =I61+I62 -> 667

Sheet Dora Ngiza (51)
A9: QUOTE TO : | F9: Qoute No | H9: =#REF! -> #REF!
A10: Department of Health | F10: Date | H10: =#REF! -> #REF!
A11: 717 Dukumbana Building | F11: Facility | H11: =#REF! -> #REF!
A12: Independent Avenue | F12: Work Order | H12: =#REF! -> #REF!
A13: Bhisho | F13: Tender No | H13: SCMU3 - 17/18-0303 - HO
F14: Contract Term | H14: 24 MONTHS
F15: GEN Id | H15: GEN/NMM/DOR/05
A16: WORK REQUEST : Casualty generator is leaking oil.
A17: SCHEDULED WORK
A18: Item 1 | B18: Description | E18: Unit | F18: Sch No | G18: Quantity | H18: Rate | I18: Amount
I19: =SUM(G19*H19) -> 0
I20: =SUM(G20*H20) -> 0
I21: =SUM(G21*H21) -> 0
A22: Sub Total A | I22: =SUM(I19:I21) -> 0
A23: NON SCHEDULED WORK
A24: Item 2 | B24: Description | G24: Quantity | H24: Rate | I24: Amount
A25: 1 | B25: Recondition of the engine (Subcob ) | G25: 1 | H25: 3167.47 | I25: =H25*G25 -> 3167.47
A39: Sub Total | I39: =SUM(I25:I38) -> 3167.47
A40: Mark - Up 15% | I40: =ROUND((I39*0.15),2) -> 475.12
A41: SUb Total B | I41: =I39+I40 -> 3642.59
A42: LABOUR
A43: Item 3 | B43: (Normal Rate) | E43: Unit | G43: Quantity | H43: Rate | I43: Amount
A44: 1 | B44: Techinician | E44: HRS | H44: 450 | I44: =SUM(G44*H44) -> 0
A45: 2 | B45: Senior Artisan | E45: HRS | H45: 350 | I45: =SUM(G45*H45) -> 0
A46: 3 | B46: Artisan (Trade Tested) | E46: HRS | G46: 2.5 | H46: 300 | I46: =SUM(G46*H46) -> 750
A47: 4 | B47: Utility Man (Non - Trade Tested) | E47: HRS | H47: 200 | I47: =SUM(G47*H47) -> 0
A48: 5 | B48: Artisan Aid | E48: HRS | G48: 2.5 | H48: 200 | I48: =SUM(G48*H48) -> 500
A49: 6 | B49: General Worker (3) | E49: HRS | H49: 140 | I49: =SUM(G49*H49) -> 0
A53: Sub Total C | I53: =SUM(I44:I52) -> 1250
A54: TRANSPORT
A55: Item 4 | B55: Destinantion | E55: No of Trips | G55: KMs | H55: Rate | I55: Amount
A56: 1 | B56: Office to Dora Ngiza Hospital
B57: and back. | E57: 1 | G57: 66.4 | H57: 5 | I57: =H57*G57 -> 332
A59: Sub Total D | I59: =SUM(I56:I58) -> 332
G61: Sub Total (A+B+C+D) | I61: =I59+I53+I41 -> 5224.59
G63: Sub Total | I63: =I61+I62 -> 5224.59

Sheet West End (52)
A9: QUOTE TO : | F9: Qoute No | H9: =#REF! -> #REF!
A10: Department of Health | F10: Date | H10: =#REF! -> #REF!
A11: 717 Dukumbana Building | F11: Facility | H11: =#REF! -> #REF!
A12: Independent Avenue | F12: Work Order | H12: =#REF! -> #REF!
A13: Bhisho | F13: Tender No | H13: SCMU3 - 17/18-0303 - HO
F14: Contract Term | H14: 24 MONTHS
F15: GEN Id | H15: GEN/NMM/WES/01
A16: WORK REQUEST : Generator leaking oil.
A17: SCHEDULED WORK
A18: Item 1 | B18: Description | E18: Unit | F18: Sch No | G18: Quantity | H18: Rate | I18: Amount
I19: =SUM(G19*H19) -> 0
I20: =SUM(G20*H20) -> 0
I21: =SUM(G21*H21) -> 0
A22: Sub Total A | I22: =SUM(I19:I21) -> 0
A23: NON SCHEDULED WORK
A24: Item 2 | B24: Description | G24: Quantity | H24: Rate | I24: Amount
A39: Sub Total | I39: =SUM(I25:I38) -> 0
A40: Mark - Up 15% | I40: =ROUND((I39*0.15),2) -> 0
A41: SUb Total B | I41: =I39+I40 -> 0
A42: LABOUR
A43: Item 3 | B43: (Normal Rate) | E43: Unit | G43: Quantity | H43: Rate | I43: Amount
A44: 1 | B44: Techinician | E44: HRS | H44: 450 | I44: =SUM(G44*H44) -> 0
A45: 2 | B45: Senior Artisan | E45: HRS | H45: 350 | I45: =SUM(G45*H45) -> 0
A46: 3 | B46: Artisan (Trade Tested) | E46: HRS | G46: 3 | H46: 300 | I46: =SUM(G46*H46) -> 900
A47: 4 | B47: Utility Man (Non - Trade Tested) | E47: HRS | H47: 200 | I47: =SUM(G47*H47) -> 0
A48: 5 | B48: Artisan Aid | E48: HRS | G48: 3 | H48: 200 | I48: =SUM(G48*H48) -> 600
A49: 6 | B49: General Worker (3) | E49: HRS | H49: 140 | I49: =SUM(G49*H49) -> 0
A53: Sub Total C | I53: =SUM(I44:I52) -> 1500
A54: TRANSPORT
A55: Item 4 | B55: Destinantion | E55: No of Trips | G55: KMs | H55: Rate | I55: Amount
A56: 1 | B56: Office to West End CHC
B57: and back. | E57: 1 | G57: 34 | H57: 5 | I57: =H57*G57 -> 170
A59: Sub Total D | I59: =SUM(I56:I58) -> 170
G61: Sub Total (A+B+C+D) | I61: =I59+I53+I41 -> 1670
G63: Sub Total | I63: =I61+I62 -> 1670

Sheet Elizabeth Hospital (53)
A9: QUOTE TO : | F9: Qoute No | H9: =#REF! -> #REF!
A10: Department of Health | F10: Date | H10: =#REF! -> #REF!
A11: 717 Dukumbana Building | F11: Facility | H11: =#REF! -> #REF!
A12: Independent Avenue | F12: Work Order | H12: =#REF! -> #REF!
A13: Bhisho | F13: Tender No | H13: SCMU3 - 17/18-0303 - HO
F14: Contract Term | H14: 24 MONTHS
F15: GEN Id | H15: GEN/NMM/DON/01
A16: WORK REQUEST : Generator leaking oil.
A17: SCHEDULED WORK
A18: Item 1 | B18: Description | E18: Unit | F18: Sch No | G18: Quantity | H18: Rate | I18: Amount
I19: =SUM(G19*H19) -> 0
I20: =SUM(G20*H20) -> 0
I21: =SUM(G21*H21) -> 0
A22: Sub Total A | I22: =SUM(I19:I21) -> 0
A23: NON SCHEDULED WORK
A24: Item 2 | B24: Description | G24: Quantity | H24: Rate | I24: Amount
A39: Sub Total | I39: =SUM(I25:I38) -> 0
A40: Mark - Up 15% | I40: =ROUND((I39*0.15),2) -> 0
A41: SUb Total B | I41: =I39+I40 -> 0
A42: LABOUR
A43: Item 3 | B43: (Normal Rate) | E43: Unit | G43: Quantity | H43: Rate | I43: Amount
A44: 1 | B44: Techinician | E44: HRS | H44: 450 | I44: =SUM(G44*H44) -> 0
A45: 2 | B45: Senior Artisan | E45: HRS | H45: 350 | I45: =SUM(G45*H45) -> 0
A46: 3 | B46: Artisan (Trade Tested) | E46: HRS | G46: 1.5 | H46: 300 | I46: =SUM(G46*H46) -> 450
A47: 4 | B47: Utility Man (Non - Trade Tested) | E47: HRS | H47: 200 | I47: =SUM(G47*H47) -> 0
A48: 5 | B48: Artisan Aid | E48: HRS | G48: 1.5 | H48: 200 | I48: =SUM(G48*H48) -> 300
A49: 6 | B49: General Worker (3) | E49: HRS | H49: 140 | I49: =SUM(G49*H49) -> 0
A53: Sub Total C | I53: =SUM(I44:I52) -> 750
A54: TRANSPORT
A55: Item 4 | B55: Destinantion | E55: No of Trips | G55: KMs | H55: Rate | I55: Amount
A56: 1 | B56: Office to Elizabeth Donking Hospital
B57: and back. | E57: 1 | G57: 19.8 | H57: 5 | I57: =H57*G57 -> 99
A59: Sub Total D | I59: =SUM(I56:I58) -> 99
G61: Sub Total (A+B+C+D) | I61: =I59+I53+I41 -> 849
G63: Sub Total | I63: =I61+I62 -> 849

Sheet Orsmond TB Hosp.(54)
A9: QUOTE TO : | F9: Qoute No | H9: =#REF! -> #REF!
A10: Department of Health | F10: Date | H10: =#REF! -> #REF!
A11: 717 Dukumbana Building | F11: Facility | H11: =#REF! -> #REF!
A12: Independent Avenue | F12: Work Order | H12: =#REF! -> #REF!
A13: Bhisho | F13: Tender No | H13: SCMU3 - 17/18-0303 - HO
F14: Contract Term | H14: 24 MONTHS
F15: GEN Id | H15: GEN/NMM/DON/01
A16: WORK REQUEST : Water jacket heater not working.
A17: SCHEDULED WORK
A18: Item 1 | B18: Description | E18: Unit | F18: Sch No | G18: Quantity | H18: Rate | I18: Amount
I19: =SUM(G19*H19) -> 0
I20: =SUM(G20*H20) -> 0
I21: =SUM(G21*H21) -> 0
A22: Sub Total A | I22: =SUM(I19:I21) -> 0
A23: NON SCHEDULED WORK
A24: Item 2 | B24: Description | G24: Quantity | H24: Rate | I24: Amount
A25: 1 | B25: Thermostat | G25: 1 | H25: 150.43 | I25: =H25*G25 -> 150.43
A26: 2 | B26: Mini Geyser | G26: 1 | H26: 299 | I26: =H26*G26 -> 299
A27: 3 | B27: Antifreeze (5L) | G27: 1 | H27: 249.5 | I27: =H27*G27 -> 249.5
A39: Sub Total | I39: =SUM(I25:I38) -> 698.93
A40: Mark - Up 15% | I40: =ROUND((I39*0.15),2) -> 104.84
A41: SUb Total B | I41: =I39+I40 -> 803.77
A42: LABOUR
A43: Item 3 | B43: (Normal Rate) | E43: Unit | G43: Quantity | H43: Rate | I43: Amount
A44: 1 | B44: Techinician | E44: HRS | H44: 450 | I44: =SUM(G44*H44) -> 0
A45: 2 | B45: Senior Artisan | E45: HRS | H45: 350 | I45: =SUM(G45*H45) -> 0
A46: 3 | B46: Artisan (Trade Tested) | E46: HRS | G46: 3.5 | H46: 300 | I46: =SUM(G46*H46) -> 1050
A47: 4 | B47: Utility Man (Non - Trade Tested) | E47: HRS | H47: 200 | I47: =SUM(G47*H47) -> 0
A48: 5 | B48: Artisan Aid | E48: HRS | G48: 3.5 | H48: 200 | I48: =SUM(G48*H48) -> 700
A49: 6 | B49: General Worker (3) | E49: HRS | H49: 140 | I49: =SUM(G49*H49) -> 0
A53: Sub Total C | I53: =SUM(I44:I52) -> 1750
A54: TRANSPORT
A55: Item 4 | B55: Destinantion | E55: No of Trips | G55: KMs | H55: Rate | I55: Amount
A56: 1 | B56: Office to Orsmond TB Hospital
B57: and back. | E57: 1 | G57: 81.8 | H57: 5 | I57: =H57*G57 -> 409
A59: Sub Total D | I59: =SUM(I56:I58) -> 409
G61: Sub Total (A+B+C+D) | I61: =I59+I53+I41 -> 2962.77
G63: Sub Total | I63: =I61+I62 -> 2962.77

Sheet Port Elizabeth (55)
A9: QUOTE TO : | F9: Qoute No | H9: =#REF! -> #REF!
A10: Department of Health | F10: Date | H10: =#REF! -> #REF!
A11: 717 Dukumbana Building | F11: Facility | H11: =#REF! -> #REF!
A12: Independent Avenue | F12: Work Order | H12: =#REF! -> #REF!
A13: Bhisho | F13: Tender No | H13: SCMU3 - 17/18-0303 - HO
F14: Contract Term | H14: 24 MONTHS
F15: GEN Id | H15: GEN/NMM/PEP/01
A16: WORK REQUEST : Generator is faulty.
A17: SCHEDULED WORK
A18: Item 1 | B18: Description | E18: Unit | F18: Sch No | G18: Quantity | H18: Rate | I18: Amount
I19: =SUM(G19*H19) -> 0
I20: =SUM(G20*H20) -> 0
I21: =SUM(G21*H21) -> 0
A22: Sub Total A | I22: =SUM(I19:I21) -> 0
A23: NON SCHEDULED WORK
A24: Item 2 | B24: Description | G24: Quantity | H24: Rate | I24: Amount
A39: Sub Total | I39: =SUM(I25:I38) -> 0
A40: Mark - Up 15% | I40: =ROUND((I39*0.15),2) -> 0
A41: SUb Total B | I41: =I39+I40 -> 0
A42: LABOUR
A43: Item 3 | B43: (Normal Rate) | E43: Unit | G43: Quantity | H43: Rate | I43: Amount
A44: 1 | B44: Techinician | E44: HRS | H44: 450 | I44: =SUM(G44*H44) -> 0
A45: 2 | B45: Senior Artisan | E45: HRS | H45: 350 | I45: =SUM(G45*H45) -> 0
A46: 3 | B46: Artisan (Trade Tested) | E46: HRS | G46: 2 | H46: 300 | I46: =SUM(G46*H46) -> 600
A47: 4 | B47: Utility Man (Non - Trade Tested) | E47: HRS | H47: 200 | I47: =SUM(G47*H47) -> 0
A48: 5 | B48: Artisan Aid | E48: HRS | G48: 2 | H48: 200 | I48: =SUM(G48*H48) -> 400
A49: 6 | B49: General Worker (3) | E49: HRS | H49: 140 | I49: =SUM(G49*H49) -> 0
A53: Sub Total C | I53: =SUM(I44:I52) -> 1000
A54: TRANSPORT
A55: Item 4 | B55: Destinantion | E55: No of Trips | G55: KMs | H55: Rate | I55: Amount
A56: 1 | B56: Office to PE Prov. Hospital
B57: and back. | E57: 1 | G57: 19.6 | H57: 5 | I57: =H57*G57 -> 98
A59: Sub Total D | I59: =SUM(I56:I58) -> 98
G61: Sub Total (A+B+C+D) | I61: =I59+I53+I41 -> 1098
G63: Sub Total | I63: =I61+I62 -> 1098

Sheet Livingston Hosp (56)
A9: QUOTE TO : | F9: Qoute No | H9: =#REF! -> #REF!
A10: Department of Health | F10: Date | H10: =#REF! -> #REF!
A11: 717 Dukumbana Building | F11: Facility | H11: =#REF! -> #REF!
A12: Independent Avenue | F12: Work Order | H12: =#REF! -> #REF!
A13: Bhisho | F13: Tender No | H13: SCMU3 - 17/18-0303 - HO
F14: Contract Term | H14: 24 MONTHS
F15: GEN Id | H15: GEN/NMM/LIV/01
A16: WORK REQUEST : Generator not starting.
A17: SCHEDULED WORK
A18: Item 1 | B18: Description | E18: Unit | F18: Sch No | G18: Quantity | H18: Rate | I18: Amount
I19: =SUM(G19*H19) -> 0
I20: =SUM(G20*H20) -> 0
I21: =SUM(G21*H21) -> 0
A22: Sub Total A | I22: =SUM(I19:I21) -> 0
A23: NON SCHEDULED WORK
A24: Item 2 | B24: Description | G24: Quantity | H24: Rate | I24: Amount
A39: Sub Total | I39: =SUM(I25:I38) -> 0
A40: Mark - Up 15% | I40: =ROUND((I39*0.15),2) -> 0
A41: SUb Total B | I41: =I39+I40 -> 0
A42: LABOUR
A43: Item 3 | B43: (Normal Rate) | E43: Unit | G43: Quantity | H43: Rate | I43: Amount
A44: 1 | B44: Techinician | E44: HRS | H44: 450 | I44: =SUM(G44*H44) -> 0
A45: 2 | B45: Senior Artisan | E45: HRS | H45: 350 | I45: =SUM(G45*H45) -> 0
A46: 3 | B46: Artisan (Trade Tested) | E46: HRS | G46: 1 | H46: 300 | I46: =SUM(G46*H46) -> 300
A47: 4 | B47: Utility Man (Non - Trade Tested) | E47: HRS | H47: 200 | I47: =SUM(G47*H47) -> 0
A48: 5 | B48: Artisan Aid | E48: HRS | G48: 1 | H48: 200 | I48: =SUM(G48*H48) -> 200
A49: 6 | B49: General Worker (3) | E49: HRS | H49: 140 | I49: =SUM(G49*H49) -> 0
A53: Sub Total C | I53: =SUM(I44:I52) -> 500
A54: TRANSPORT
A55: Item 4 | B55: Destinantion | E55: No of Trips | G55: KMs | H55: Rate | I55: Amount
A56: 1 | B56: Office to Livingston Hospital
B57: and back. | E57: 1 | G57: 21.2 | H57: 5 | I57: =H57*G57 -> 106
A59: Sub Total D | I59: =SUM(I56:I58) -> 106
G61: Sub Total (A+B+C+D) | I61: =I59+I53+I41 -> 606
G63: Sub Total | I63: =I61+I62 -> 606

Sheet New Brighton M.(57)
A9: QUOTE TO : | F9: Qoute No | H9: =#REF! -> #REF!
A10: Department of Health | F10: Date | H10: =#REF! -> #REF!
A11: 717 Dukumbana Building | F11: Facility | H11: =#REF! -> #REF!
A12: Independent Avenue | F12: Work Order | H12: =#REF! -> #REF!
A13: Bhisho | F13: Tender No | H13: SCMU3 - 17/18-0303 - HO
F14: Contract Term | H14: 24 MONTHS
F15: GEN Id | H15: GEN/NMM/NEW/01
A16: WORK REQUEST : Generator is faulty.
A17: SCHEDULED WORK
A18: Item 1 | B18: Description | E18: Unit | F18: Sch No | G18: Quantity | H18: Rate | I18: Amount
I19: =SUM(G19*H19) -> 0
I20: =SUM(G20*H20) -> 0
I21: =SUM(G21*H21) -> 0
A22: Sub Total A | I22: =SUM(I19:I21) -> 0
A23: NON SCHEDULED WORK
A24: Item 2 | B24: Description | G24: Quantity | H24: Rate | I24: Amount
A25: 1 | B25: Battery 674 | G25: 1 | H25: 1652.17 | I25: =H25*G25 -> 1652.17
A39: Sub Total | I39: =SUM(I25:I38) -> 1652.17
A40: Mark - Up 15% | I40: =ROUND((I39*0.15),2) -> 247.83
A41: SUb Total B | I41: =I39+I40 -> 1900
A42: LABOUR
A43: Item 3 | B43: (Normal Rate) | E43: Unit | G43: Quantity | H43: Rate | I43: Amount
A44: 1 | B44: Techinician | E44: HRS | H44: 450 | I44: =SUM(G44*H44) -> 0
A45: 2 | B45: Senior Artisan | E45: HRS | H45: 350 | I45: =SUM(G45*H45) -> 0
A46: 3 | B46: Artisan (Trade Tested) | E46: HRS | G46: 1 | H46: 300 | I46: =SUM(G46*H46) -> 300
A47: 4 | B47: Utility Man (Non - Trade Tested) | E47: HRS | H47: 200 | I47: =SUM(G47*H47) -> 0
A48: 5 | B48: Artisan Aid | E48: HRS | G48: 1 | H48: 200 | I48: =SUM(G48*H48) -> 200
A49: 6 | B49: General Worker (3) | E49: HRS | H49: 140 | I49: =SUM(G49*H49) -> 0
A53: Sub Total C | I53: =SUM(I44:I52) -> 500
A54: TRANSPORT
A55: Item 4 | B55: Destinantion | E55: No of Trips | G55: KMs | H55: Rate | I55: Amount
A56: 1 | B56: Office to New Brighton Mortuary
B57: and back. | E57: 1 | G57: 26.2 | H57: 5 | I57: =H57*G57 -> 131
A59: Sub Total D | I59: =SUM(I56:I58) -> 131
G61: Sub Total (A+B+C+D) | I61: =I59+I53+I41 -> 2531
G63: Sub Total | I63: =I61+I62 -> 2531

Sheet West End (58)
A9: QUOTE TO : | F9: Qoute No | H9: =#REF! -> #REF!
A10: Department of Health | F10: Date | H10: =#REF! -> #REF!
A11: 717 Dukumbana Building | F11: Facility | H11: =#REF! -> #REF!
A12: Independent Avenue | F12: Work Order | H12: =#REF! -> #REF!
A13: Bhisho | F13: Tender No | H13: SCMU3 - 17/18-0303 - HO
F14: Contract Term | H14: 24 MONTHS
F15: GEN Id | H15: GEN/NMM/WES/01
A16: WORK REQUEST : Generator is faulty.
A17: SCHEDULED WORK
A18: Item 1 | B18: Description | E18: Unit | F18: Sch No | G18: Quantity | H18: Rate | I18: Amount
I19: =SUM(G19*H19) -> 0
I20: =SUM(G20*H20) -> 0
I21: =SUM(G21*H21) -> 0
A22: Sub Total A | I22: =SUM(I19:I21) -> 0
A23: NON SCHEDULED WORK
A24: Item 2 | B24: Description | G24: Quantity | H24: Rate | I24: Amount
A25: 1 | B25: Battery 658 | G25: 1 | H25: 1686.96 | I25: =H25*G25 -> 1686.96
A39: Sub Total | I39: =SUM(I25:I38) -> 1686.96
A40: Mark - Up 15% | I40: =ROUND((I39*0.15),2) -> 253.04
A41: SUb Total B | I41: =I39+I40 -> 1940
A42: LABOUR
A43: Item 3 | B43: (Normal Rate) | E43: Unit | G43: Quantity | H43: Rate | I43: Amount
A44: 1 | B44: Techinician | E44: HRS | H44: 450 | I44: =SUM(G44*H44) -> 0
A45: 2 | B45: Senior Artisan | E45: HRS | H45: 350 | I45: =SUM(G45*H45) -> 0
A46: 3 | B46: Artisan (Trade Tested) | E46: HRS | G46: 1 | H46: 300 | I46: =SUM(G46*H46) -> 300
A47: 4 | B47: Utility Man (Non - Trade Tested) | E47: HRS | H47: 200 | I47: =SUM(G47*H47) -> 0
A48: 5 | B48: Artisan Aid | E48: HRS | G48: 1 | H48: 200 | I48: =SUM(G48*H48) -> 200
A49: 6 | B49: General Worker (3) | E49: HRS | H49: 140 | I49: =SUM(G49*H49) -> 0
A53: Sub Total C | I53: =SUM(I44:I52) -> 500
A54: TRANSPORT
A55: Item 4 | B55: Destinantion | E55: No of Trips | G55: KMs | H55: Rate | I55: Amount
A56: 1 | B56: Office to West End
B57: and back. | E57: 1 | G57: 34 | H57: 5 | I57: =H57*G57 -> 170
A59: Sub Total D | I59: =SUM(I56:I58) -> 170
G61: Sub Total (A+B+C+D) | I61: =I59+I53+I41 -> 2610
G63: Sub Total | I63: =I61+I62 -> 2610

Sheet Dora Ngiza chc (59)
A9: QUOTE TO : | F9: Qoute No | H9: =#REF! -> #REF!
A10: Department of Health | F10: Date | H10: =#REF! -> #REF!
A11: 717 Dukumbana Building | F11: Facility | H11: =#REF! -> #REF!
A12: Independent Avenue | F12: Work Order | H12: =#REF! -> #REF!
A13: Bhisho | F13: Tender No | H13: SCMU3 - 17/18-0303 - HO
F14: Contract Term | H14: 24 MONTHS
F15: GEN Id | H15: GEN/NMM/DOR/01
A16: WORK REQUEST : Generator is faulty.
A17: SCHEDULED WORK
A18: Item 1 | B18: Description | E18: Unit | F18: Sch No | G18: Quantity | H18: Rate | I18: Amount
I19: =SUM(G19*H19) -> 0
I20: =SUM(G20*H20) -> 0
I21: =SUM(G21*H21) -> 0
A22: Sub Total A | I22: =SUM(I19:I21) -> 0
A23: NON SCHEDULED WORK
A24: Item 2 | B24: Description | G24: Quantity | H24: Rate | I24: Amount
A25: 1 | B25: Battery 682 | G25: 2 | H25: 2343.48 | I25: =H25*G25 -> 4686.96
A26: 2 | B26: 60A Circuit Breaker | G26: 1 | H26: 498 | I26: =H26*G26 -> 498
A39: Sub Total | I39: =SUM(I25:I38) -> 5184.96
A40: Mark - Up 15% | I40: =ROUND((I39*0.15),2) -> 777.74
A41: SUb Total B | I41: =I39+I40 -> 5962.7
A42: LABOUR
A43: Item 3 | B43: (Normal Rate) | E43: Unit | G43: Quantity | H43: Rate | I43: Amount
A44: 1 | B44: Techinician | E44: HRS | G44: 6 | H44: 450 | I44: =SUM(G44*H44) -> 2700
A45: 2 | B45: Senior Artisan | E45: HRS | H45: 350 | I45: =SUM(G45*H45) -> 0
A46: 3 | B46: Artisan (Trade Tested) | E46: HRS | H46: 300 | I46: =SUM(G46*H46) -> 0
A47: 4 | B47: Utility Man (Non - Trade Tested) | E47: HRS | H47: 200 | I47: =SUM(G47*H47) -> 0
A48: 5 | B48: Artisan Aid | E48: HRS | G48: 6 | H48: 200 | I48: =SUM(G48*H48) -> 1200
A49: 6 | B49: General Worker (3) | E49: HRS | H49: 140 | I49: =SUM(G49*H49) -> 0
A53: Sub Total C | I53: =SUM(I44:I52) -> 3900
A54: TRANSPORT
A55: Item 4 | B55: Destinantion | E55: No of Trips | G55: KMs | H55: Rate | I55: Amount
A56: 1 | B56: Office to Dora Ngiza Hospital
B57: and back. | E57: 2 | G57: 66.4 | H57: 5 | I57: =H57*G57 -> 332
A59: Sub Total D | I59: =SUM(I56:I58) -> 332
G61: Sub Total (A+B+C+D) | I61: =I59+I53+I41 -> 10194.7
G63: Sub Total | I63: =I61+I62 -> 10194.7

Sheet New Brighston (60)
A9: QUOTE TO : | F9: Qoute No | H9: =#REF! -> #REF!
A10: Department of Health | F10: Date | H10: =#REF! -> #REF!
A11: 717 Dukumbana Building | F11: Facility | H11: =#REF! -> #REF!
A12: Independent Avenue | F12: Work Order | H12: =#REF! -> #REF!
A13: Bhisho | F13: Tender No | H13: SCMU3 - 17/18-0303 - HO
F14: Contract Term | H14: 24 MONTHS
F15: GEN Id | H15: GEN/NMM/NEW/01
A16: WORK REQUEST : Connection of other areas to the generator.
A17: SCHEDULED WORK
A18: Item 1 | B18: Description | E18: Unit | F18: Sch No | G18: Quantity | H18: Rate | I18: Amount
I19: =SUM(G19*H19) -> 0
I20: =SUM(G20*H20) -> 0
I21: =SUM(G21*H21) -> 0
A22: Sub Total A | I22: =SUM(I19:I21) -> 0
A23: NON SCHEDULED WORK
A24: Item 2 | B24: Description | G24: Quantity | H24: Rate | I24: Amount
A25: 1 | B25: Spray fast dry | G25: 3 | H25: 65.21 | I25: =H25*G25 -> 195.63
A26: 2 | B26: Water paper sheet | G26: 4 | H26: 12.17 | I26: =H26*G26 -> 48.68
A27: 3 | B27: Water paper sheet grit | G27: 1 | H27: 57.39 | I27: =H27*G27 -> 57.39
A39: Sub Total | I39: 301.73
A40: Mark - Up 15% | I40: =ROUND((I39*0.15),2) -> 45.26
A41: SUb Total B | I41: =I39+I40 -> 346.99
A42: LABOUR
A43: Item 3 | B43: (Normal Rate) | E43: Unit | G43: Quantity | H43: Rate | I43: Amount
A44: 1 | B44: Techinician | E44: HRS | H44: 450 | I44: =SUM(G44*H44) -> 0
A45: 2 | B45: Senior Artisan | E45: HRS | H45: 350 | I45: =SUM(G45*H45) -> 0
A46: 3 | B46: Artisan (Trade Tested) | E46: HRS | G46: 34 | H46: 300 | I46: =SUM(G46*H46) -> 10200
A47: 4 | B47: Utility Man (Non - Trade Tested) | E47: HRS | H47: 200 | I47: =SUM(G47*H47) -> 0
A48: 5 | B48: Artisan Aid | E48: HRS | G48: 34 | H48: 200 | I48: =SUM(G48*H48) -> 6800
A49: 6 | B49: General Worker (3) | E49: HRS | H49: 140 | I49: =SUM(G49*H49) -> 0
A53: Sub Total C | I53: =SUM(I44:I52) -> 17000
A54: TRANSPORT
A55: Item 4 | B55: Destinantion | E55: No of Trips | G55: KMs | H55: Rate | I55: Amount
A56: 1 | B56: Office to New Brighston Forensic
B57: and back. | E57: 4 | G57: 104.8 | H57: 5 | I57: =H57*G57 -> 524
A59: Sub Total D | I59: =SUM(I56:I58) -> 524
G61: Sub Total (A+B+C+D) | I61: =I59+I53+I41 -> 17870.99
G63: Sub Total | I63: =I61+I62 -> 17870.99

Sheet Jose Pearson TB Hosp (61)
A9: QUOTE TO : | F9: Qoute No | H9: =#REF! -> #REF!
A10: Department of Health | F10: Date | H10: =#REF! -> #REF!
A11: 717 Dukumbana Building | F11: Facility | H11: =#REF! -> #REF!
A12: Independent Avenue | F12: Work Order | H12: =#REF! -> #REF!
A13: Bhisho | F13: Tender No | H13: SCMU3 - 17/18-0303 - HO
F14: Contract Term | H14: 24 MONTHS
F15: GEN Id | H15: GEN/NMM/JOS/01
A16: WORK REQUEST : Generator not strting up.
A17: SCHEDULED WORK
A18: Item 1 | B18: Description | E18: Unit | F18: Sch No | G18: Quantity | H18: Rate | I18: Amount
I19: =SUM(G19*H19) -> 0
I20: =SUM(G20*H20) -> 0
I21: =SUM(G21*H21) -> 0
A22: Sub Total A | I22: =SUM(I19:I21) -> 0
A23: NON SCHEDULED WORK
A24: Item 2 | B24: Description | G24: Quantity | H24: Rate | I24: Amount
A39: Sub Total
A40: Mark - Up 15%
A41: SUb Total B
A42: LABOUR
A43: Item 3 | B43: (Normal Rate) | E43: Unit | G43: Quantity | H43: Rate | I43: Amount
A44: 1 | B44: Techinician | E44: HRS | H44: 450 | I44: =SUM(G44*H44) -> 0
A45: 2 | B45: Senior Artisan | E45: HRS | H45: 350 | I45: =SUM(G45*H45) -> 0
A46: 3 | B46: Artisan (Trade Tested) | E46: HRS | G46: 1 | H46: 300 | I46: =SUM(G46*H46) -> 300
A47: 4 | B47: Utility Man (Non - Trade Tested) | E47: HRS | H47: 200 | I47: =SUM(G47*H47) -> 0
A48: 5 | B48: Artisan Aid | E48: HRS | G48: 1 | H48: 200 | I48: =SUM(G48*H48) -> 200
A49: 6 | B49: General Worker (3) | E49: HRS | H49: 140 | I49: =SUM(G49*H49) -> 0
A53: Sub Total C | I53: =SUM(I44:I52) -> 500
A54: TRANSPORT
A55: Item 4 | B55: Destinantion | E55: No of Trips | G55: KMs | H55: Rate | I55: Amount
A56: 1 | B56: Office to Jose Pearson TB Hospital
B57: and back. | E57: 1 | G57: 56.6 | H57: 5 | I57: =H57*G57 -> 283
A59: Sub Total D | I59: =SUM(I56:I58) -> 283
G61: Sub Total (A+B+C+D) | I61: =I59+I53+I41 -> 783
G63: Sub Total | I63: =I61+I62 -> 783

Sheet Jose Pearson TB Hosp (62)
A9: QUOTE TO : | F9: Qoute No | H9: =#REF! -> #REF!
A10: Department of Health | F10: Date | H10: =#REF! -> #REF!
A11: 717 Dukumbana Building | F11: Facility | H11: =#REF! -> #REF!
A12: Independent Avenue | F12: Work Order | H12: =#REF! -> #REF!
A13: Bhisho | F13: Tender No | H13: SCMU3 - 17/18-0303 - HO
F14: Contract Term | H14: 24 MONTHS
F15: GEN Id | H15: GEN/NMM/JOS/01
A16: WORK REQUEST : Stand by generator is faulty.
A17: SCHEDULED WORK
A18: Item 1 | B18: Description | E18: Unit | F18: Sch No | G18: Quantity | H18: Rate | I18: Amount
I19: =SUM(G19*H19) -> 0
I20: =SUM(G20*H20) -> 0
I21: =SUM(G21*H21) -> 0
A22: Sub Total A | I22: =SUM(I19:I21) -> 0
A23: NON SCHEDULED WORK
A24: Item 2 | B24: Description | G24: Quantity | H24: Rate | I24: Amount
A25: 1 | B25: Control module (7320 Deep sea) | G25: 1 | H25: 9509 | I25: =H25*G25 -> 9509
A39: Sub Total | I39: =SUM(I25:I38) -> 9509
A40: Mark - Up 15% | I40: =ROUND((I39*0.15),2) -> 1426.35
A41: SUb Total B | I41: =I39+I40 -> 10935.35
A42: LABOUR
A43: Item 3 | B43: (Normal Rate) | E43: Unit | G43: Quantity | H43: Rate | I43: Amount
A44: 1 | B44: Techinician | E44: HRS | H44: 450 | I44: =SUM(G44*H44) -> 0
A45: 2 | B45: Senior Artisan | E45: HRS | H45: 350 | I45: =SUM(G45*H45) -> 0
A46: 3 | B46: Artisan (Trade Tested) | E46: HRS | G46: 3 | H46: 300 | I46: =SUM(G46*H46) -> 900
A47: 4 | B47: Utility Man (Non - Trade Tested) | E47: HRS | H47: 200 | I47: =SUM(G47*H47) -> 0
A48: 5 | B48: Artisan Aid | E48: HRS | G48: 3 | H48: 200 | I48: =SUM(G48*H48) -> 600
A49: 6 | B49: General Worker (3) | E49: HRS | H49: 140 | I49: =SUM(G49*H49) -> 0
A53: Sub Total C | I53: =SUM(I44:I52) -> 1500
A54: TRANSPORT
A55: Item 4 | B55: Destinantion | E55: No of Trips | G55: KMs | H55: Rate | I55: Amount
A56: 1 | B56: Office to Jose Pearson TB Hospital
B57: and back. | E57: 1 | G57: 56.6 | H57: 5 | I57: =H57*G57 -> 283
A59: Sub Total D | I59: =SUM(I56:I58) -> 283
G61: Sub Total (A+B+C+D) | I61: =I59+I53+I41 -> 12718.35
G63: Sub Total | I63: =I61+I62 -> 12718.35

Sheet Livingstone Hosp (63)
A9: QUOTE TO : | F9: Qoute No | H9: =#REF! -> #REF!
A10: Department of Health | F10: Date | H10: =#REF! -> #REF!
A11: 717 Dukumbana Building | F11: Facility | H11: =#REF! -> #REF!
A12: Independent Avenue | F12: Work Order | H12: =#REF! -> #REF!
A13: Bhisho | F13: Tender No | H13: SCMU3 - 17/18-0303 - HO
F14: Contract Term | H14: 24 MONTHS
F15: GEN Id | H15: GEN/NMM/LIV/01
A16: WORK REQUEST : Generator is faulty.
A17: SCHEDULED WORK
A18: Item 1 | B18: Description | E18: Unit | F18: Sch No | G18: Quantity | H18: Rate | I18: Amount
I19: =SUM(G19*H19) -> 0
I20: =SUM(G20*H20) -> 0
I21: =SUM(G21*H21) -> 0
A22: Sub Total A | I22: =SUM(I19:I21) -> 0
A23: NON SCHEDULED WORK
A24: Item 2 | B24: Description | G24: Quantity | H24: Rate | I24: Amount
A25: 1 | B25: Battery 689 | G25: 2 | H25: 2582.6 | I25: =H25*G25 -> 5165.2
A26: 2 | B26: Battery terminals | G26: 2 | H26: 45 | I26: =H26*G26 -> 90
A39: Sub Total | I39: =SUM(I25:I38) -> 5255.2
A40: Mark - Up 15% | I40: =ROUND((I39*0.15),2) -> 788.28
A41: SUb Total B | I41: =I39+I40 -> 6043.48
A42: LABOUR
A43: Item 3 | B43: (Normal Rate) | E43: Unit | G43: Quantity | H43: Rate | I43: Amount
A44: 1 | B44: Techinician | E44: HRS | H44: 450 | I44: =SUM(G44*H44) -> 0
A45: 2 | B45: Senior Artisan | E45: HRS | H45: 350 | I45: =SUM(G45*H45) -> 0
A46: 3 | B46: Artisan (Trade Tested) | E46: HRS | G46: 2 | H46: 300 | I46: =SUM(G46*H46) -> 600
A47: 4 | B47: Utility Man (Non - Trade Tested) | E47: HRS | H47: 200 | I47: =SUM(G47*H47) -> 0
A48: 5 | B48: Artisan Aid | E48: HRS | G48: 2 | H48: 200 | I48: =SUM(G48*H48) -> 400
A49: 6 | B49: General Worker (3) | E49: HRS | H49: 140 | I49: =SUM(G49*H49) -> 0
A53: Sub Total C | I53: =SUM(I44:I52) -> 1000
A54: TRANSPORT
A55: Item 4 | B55: Destinantion | E55: No of Trips | G55: KMs | H55: Rate | I55: Amount
A56: 1 | B56: Office to Livingston Hospital and back. | E56: 1 | G56: 21.2 | H56: 5 | I56: =H56*G56 -> 106
A58: Sub Total D | I58: =SUM(I56:I57) -> 106
G60: Sub Total (A+B+C+D) | I60: =I58+I53+I41 -> 7149.48
G62: Sub Total | I62: =I60+I61 -> 7149.48

Sheet Jose Pearson TB Hosp (64)
A9: QUOTE TO : | F9: Qoute No | H9: =#REF! -> #REF!
A10: Department of Health | F10: Date | H10: =#REF! -> #REF!
A11: 717 Dukumbana Building | F11: Facility | H11: =#REF! -> #REF!
A12: Independent Avenue | F12: Work Order | H12: =#REF! -> #REF!
A13: Bhisho | F13: Tender No | H13: SCMU3 - 17/18-0303 - HO
F14: Contract Term | H14: 24 MONTHS
F15: GEN Id | H15: GEN/NMM/JOS/01
A16: WORK REQUEST : Generator is faulty.
A17: SCHEDULED WORK
A18: Item 1 | B18: Description | E18: Unit | F18: Sch No | G18: Quantity | H18: Rate | I18: Amount
I19: =SUM(G19*H19) -> 0
I20: =SUM(G20*H20) -> 0
I21: =SUM(G21*H21) -> 0
A22: Sub Total A | I22: =SUM(I19:I21) -> 0
A23: NON SCHEDULED WORK
A24: Item 2 | B24: Description | G24: Quantity | H24: Rate | I24: Amount
A25: 1 | B25: Water sep | G25: 1 | H25: 651 | I25: =H25*G25 -> 651
A26: 2 | B26: Diesel filter | G26: 1 | H26: 482.94 | I26: =H26*G26 -> 482.94
A27: 3 | B27: Diesel fix | G27: 2 | H27: 271.3 | I27: =H27*G27 -> 542.6
A39: Sub Total | I39: =SUM(I25:I38) -> 1676.54
A40: Mark - Up 15% | I40: =ROUND((I39*0.15),2) -> 251.48
A41: SUb Total B | I41: =I39+I40 -> 1928.02
A42: LABOUR
A43: Item 3 | B43: (Normal Rate) | E43: Unit | G43: Quantity | H43: Rate | I43: Amount
A44: 1 | B44: Techinician | E44: HRS | H44: 450 | I44: =SUM(G44*H44) -> 0
A45: 2 | B45: Senior Artisan | E45: HRS | H45: 350 | I45: =SUM(G45*H45) -> 0
A46: 3 | B46: Artisan (Trade Tested) | E46: HRS | G46: 12 | H46: 300 | I46: =SUM(G46*H46) -> 3600
A47: 4 | B47: Utility Man (Non - Trade Tested) | E47: HRS | H47: 200 | I47: =SUM(G47*H47) -> 0
A48: 5 | B48: Artisan Aid | E48: HRS | G48: 12 | H48: 200 | I48: =SUM(G48*H48) -> 2400
A49: 6 | B49: General Worker (3) | E49: HRS | H49: 140 | I49: =SUM(G49*H49) -> 0
A53: Sub Total C | I53: =SUM(I44:I52) -> 6000
A54: TRANSPORT
A55: Item 4 | B55: Destinantion | E55: No of Trips | G55: KMs | H55: Rate | I55: Amount
A56: 1 | B56: Office to Jose Pearson TB Hospital and back | E56: 2 | G56: 113.2 | H56: 5 | I56: =H56*G56 -> 566
A58: Sub Total D | I58: =SUM(I56:I57) -> 566
G60: Sub Total (A+B+C+D) | I60: =I58+I53+I41 -> 8494.02
G62: Sub Total | I62: =I60+I61 -> 8494.02

Sheet Motherwell chc (65)
A9: QUOTE TO : | F9: Qoute No | H9: =#REF! -> #REF!
A10: Department of Health | F10: Date | H10: =#REF! -> #REF!
A11: 717 Dukumbana Building | F11: Facility | H11: =#REF! -> #REF!
A12: Independent Avenue | F12: Work Order | H12: =#REF! -> #REF!
A13: Bhisho | F13: Tender No | H13: SCMU3 - 17/18-0303 - HO
F14: Contract Term | H14: 24 MONTHS
F15: GEN Id | H15: GEN/NMM/JOS/01
A16: WORK REQUEST : Generator exhaust is faulty and battery tail is leaking.
A17: SCHEDULED WORK
A18: Item 1 | B18: Description | E18: Unit | F18: Sch No | G18: Quantity | H18: Rate | I18: Amount
I19: =SUM(G19*H19) -> 0
I20: =SUM(G20*H20) -> 0
I21: =SUM(G21*H21) -> 0
A22: Sub Total A | I22: =SUM(I19:I21) -> 0
A23: NON SCHEDULED WORK
A24: Item 2 | B24: Description | G24: Quantity | H24: Rate | I24: Amount
A25: 1 | B25: Pipe flex | G25: 1 | H25: 1650 | I25: =H25*G25 -> 1650
A26: 2 | B26: Battery 683 | G26: 2 | H26: 2239.13 | I26: =H26*G26 -> 4478.26
A27: 3 | I27: =H27*G27 -> 0
A39: Sub Total | I39: =SUM(I25:I38) -> 6128.26
A40: Mark - Up 15% | I40: =ROUND((I39*0.15),2) -> 919.24
A41: SUb Total B | I41: =I39+I40 -> 7047.5
A42: LABOUR
A43: Item 3 | B43: (Normal Rate) | E43: Unit | G43: Quantity | H43: Rate | I43: Amount
A44: 1 | B44: Techinician | E44: HRS | H44: 450 | I44: =SUM(G44*H44) -> 0
A45: 2 | B45: Senior Artisan | E45: HRS | H45: 350 | I45: =SUM(G45*H45) -> 0
A46: 3 | B46: Artisan (Trade Tested) | E46: HRS | G46: 8 | H46: 300 | I46: =SUM(G46*H46) -> 2400
A47: 4 | B47: Utility Man (Non - Trade Tested) | E47: HRS | H47: 200 | I47: =SUM(G47*H47) -> 0
A48: 5 | B48: Artisan Aid | E48: HRS | G48: 8 | H48: 200 | I48: =SUM(G48*H48) -> 1600
A49: 6 | B49: General Worker (3) | E49: HRS | H49: 140 | I49: =SUM(G49*H49) -> 0
A53: Sub Total C | I53: =SUM(I44:I52) -> 4000
A54: TRANSPORT
A55: Item 4 | B55: Destinantion | E55: No of Trips | G55: KMs | H55: Rate | I55: Amount
A56: 1 | B56: Office to Motherwell chc and back | E56: 2 | G56: 131.6 | H56: 5 | I56: =H56*G56 -> 658
A58: Sub Total D | I58: =SUM(I56:I57) -> 658
G60: Sub Total (A+B+C+D) | I60: =I58+I53+I41 -> 11705.5
G62: Sub Total | I62: =I60+I61 -> 11705.5

Sheet Dora Ngiza (66)
A9: QUOTE TO : | F9: Qoute No | H9: 66
A10: Department of Health | F10: Date | H10: 44155
A11: 717 Dukumbana Building | F11: Facility | H11: Dora Ngiza chc
A12: Independent Avenue | F12: Work Order | H12: ECDOH 102875
A13: Bhisho | F13: Tender No | H13: SCMU3 - 17/18-0303 - HO
F14: Contract Term | H14: 24 MONTHS
F15: GEN Id
A16: WORK REQUEST : 4 X Generator batteries to bechanged.
A17: SCHEDULED WORK
A18: Item 1 | B18: Description | E18: Unit | F18: Sch No | G18: Quantity | H18: Rate | I18: Amount
I19: =SUM(G19*H19) -> 0
I20: =SUM(G20*H20) -> 0
I21: =SUM(G21*H21) -> 0
A22: Sub Total A | I22: =SUM(I19:I21) -> 0
A23: NON SCHEDULED WORK
A24: Item 2 | B24: Description | G24: Quantity | H24: Rate | I24: Amount
A25: 1 | B25: 695SHD (B183C) - 12V 220AH SMF | G25: 2 | H25: 3324.17 | I25: =H25*G25 -> 6648.34
A26: 2 | B26: 683HC (B121C) - 12V 140AH SMF | G26: 2 | H26: 2239.13 | I26: =H26*G26 -> 4478.26
A27: 3 | B27: 683HC (B121C) - 12V 140AH SMF | G27: 2 | H27: 2239.13 | I27: =H27*G27 -> 4478.26
A28: 4 | B28: 683HC (B121C) - 12V 140AH SMF | G28: 2 | H28: 2239.13 | I28: =H28*G28 -> 4478.26
A39: Sub Total | I39: =SUM(I25:I38) -> 20083.12
A40: Mark - Up 15% | I40: =ROUND((I39*0.15),2) -> 3012.47
A41: SUb Total B | I41: =I39+I40 -> 23095.59
A42: LABOUR
A43: Item 3 | B43: (Normal Rate) | E43: Unit | G43: Quantity | H43: Rate | I43: Amount
A44: 1 | B44: Techinician | E44: HRS | H44: 450 | I44: =SUM(G44*H44) -> 0
A45: 2 | B45: Senior Artisan | E45: HRS | H45: 350 | I45: =SUM(G45*H45) -> 0
A46: 3 | B46: Artisan (Trade Tested) | E46: HRS | G46: 5 | H46: 300 | I46: =SUM(G46*H46) -> 1500
A47: 4 | B47: Utility Man (Non - Trade Tested) | E47: HRS | H47: 200 | I47: =SUM(G47*H47) -> 0
A48: 5 | B48: Artisan Aid | E48: HRS | G48: 5 | H48: 200 | I48: =SUM(G48*H48) -> 1000
A49: 6 | B49: General Worker (3) | E49: HRS | H49: 140 | I49: =SUM(G49*H49) -> 0
A53: Sub Total C | I53: =SUM(I44:I52) -> 2500
A54: TRANSPORT
A55: Item 4 | B55: Destinantion | E55: No of Trips | G55: KMs | H55: Rate | I55: Amount
A56: 1 | B56: Office to Dora Ngiz aHospital and back | E56: 2 | G56: 92 | H56: 5 | I56: =H56*G56 -> 460
A58: Sub Total D | I58: =SUM(I56:I57) -> 460
G60: Sub Total (A+B+C+D) | I60: =I58+I53+I41 -> 26055.59
G62: Sub Total | I62: =I60+I61 -> 26055.59

Sheet Orsmond TB Hosp (66)
A9: QUOTE TO : | F9: Qoute No | H9: 66
A10: Department of Health | F10: Date | H10: =#REF! -> #REF!
A11: 717 Dukumbana Building | F11: Facility | H11: =#REF! -> #REF!
A12: Independent Avenue | F12: Work Order | H12: =#REF! -> #REF!
A13: Bhisho | F13: Tender No | H13: SCMU3 - 17/18-0303 - HO
F14: Contract Term | H14: 24 MONTHS
F15: GEN ID | H15: GEN/NMM/ORS/01
A16: WORK REQUEST : Generator is faulty.
A17: SCHEDULED WORK
A18: Item 1 | B18: Description | E18: Unit | F18: Sch No | G18: Quantity | H18: Rate | I18: Amount
I19: =SUM(G19*H19) -> 0
I20: =SUM(G20*H20) -> 0
I21: =SUM(G21*H21) -> 0
A22: Sub Total A | I22: =SUM(I19:I21) -> 0
A23: NON SCHEDULED WORK
A24: Item 2 | B24: Description | G24: Quantity | H24: Rate | I24: Amount
A39: Sub Total | I39: =SUM(I25:I38) -> 0
A40: Mark - Up 15% | I40: =ROUND((I39*0.15),2) -> 0
A41: SUb Total B | I41: =I39+I40 -> 0
A42: LABOUR
A43: Item 3 | B43: (Normal Rate) | E43: Unit | G43: Quantity | H43: Rate | I43: Amount
A44: 1 | B44: Techinician | E44: HRS | H44: 450 | I44: =SUM(G44*H44) -> 0
A45: 2 | B45: Senior Artisan | E45: HRS | H45: 350 | I45: =SUM(G45*H45) -> 0
A46: 3 | B46: Artisan (Trade Tested) | E46: HRS | G46: 1 | H46: 300 | I46: =SUM(G46*H46) -> 300
A47: 4 | B47: Utility Man (Non - Trade Tested) | E47: HRS | H47: 200 | I47: =SUM(G47*H47) -> 0
A48: 5 | B48: Artisan Aid | E48: HRS | G48: 1 | H48: 200 | I48: =SUM(G48*H48) -> 200
A49: 6 | B49: General Worker (3) | E49: HRS | H49: 140 | I49: =SUM(G49*H49) -> 0
A53: Sub Total C | I53: =SUM(I44:I52) -> 500
A54: TRANSPORT
A55: Item 4 | B55: Destinantion | E55: No of Trips | G55: KMs | H55: Rate | I55: Amount
A56: 1 | B56: Office to Orsmond TB Hospital and back | E56: 1 | G56: 81.8 | H56: 5 | I56: =H56*G56 -> 409
A58: Sub Total D | I58: =SUM(I56:I57) -> 409
G60: Sub Total (A+B+C+D) | I60: =I58+I53+I41 -> 909
G62: Sub Total | I62: =I60+I61 -> 909

Sheet Dora Ngiza Hosp (67)
A9: QUOTE TO : | F9: Qoute No | H9: =#REF! -> #REF!
A10: Department of Health | F10: Date | H10: =#REF! -> #REF!
A11: 717 Dukumbana Building | F11: Facility | H11: =#REF! -> #REF!
A12: Independent Avenue | F12: Work Order | H12: =#REF! -> #REF!
A13: Bhisho | F13: Tender No | H13: SCMU3 - 17/18-0303 - HO
F14: Contract Term | H14: 24 MONTHS
F15: GEN ID | H15: GEN/NMM/DOR/04
A16: WORK REQUEST : Generator is faulty.
A17: SCHEDULED WORK
A18: Item 1 | B18: Description | E18: Unit | F18: Sch No | G18: Quantity | H18: Rate | I18: Amount
I19: =SUM(G19*H19) -> 0
I20: =SUM(G20*H20) -> 0
I21: =SUM(G21*H21) -> 0
A22: Sub Total A | I22: =SUM(I19:I21) -> 0
A23: NON SCHEDULED WORK
A24: Item 2 | B24: Description | G24: Quantity | H24: Rate | I24: Amount
A39: Sub Total | I39: =SUM(I25:I38) -> 0
A40: Mark - Up 15% | I40: =ROUND((I39*0.15),2) -> 0
A41: SUb Total B | I41: =I39+I40 -> 0
A42: LABOUR
A43: Item 3 | B43: (Normal Rate) | E43: Unit | G43: Quantity | H43: Rate | I43: Amount
A44: 1 | B44: Techinician | E44: HRS | H44: 450 | I44: =SUM(G44*H44) -> 0
A45: 2 | B45: Senior Artisan | E45: HRS | H45: 350 | I45: =SUM(G45*H45) -> 0
A46: 3 | B46: Artisan (Trade Tested) | E46: HRS | G46: 2 | H46: 300 | I46: =SUM(G46*H46) -> 600
A47: 4 | B47: Utility Man (Non - Trade Tested) | E47: HRS | H47: 200 | I47: =SUM(G47*H47) -> 0
A48: 5 | B48: Artisan Aid | E48: HRS | G48: 2 | H48: 200 | I48: =SUM(G48*H48) -> 400
A49: 6 | B49: General Worker (3) | E49: HRS | H49: 140 | I49: =SUM(G49*H49) -> 0
A53: Sub Total C | I53: =SUM(I44:I52) -> 1000
A54: TRANSPORT
A55: Item 4 | B55: Destinantion | E55: No of Trips | G55: KMs | H55: Rate | I55: Amount
A56: 1 | B56: Office to EMS Dora Ngiza and back | E56: 1 | G56: 33.2 | H56: 5 | I56: =H56*G56 -> 166
A58: Sub Total D | I58: =SUM(I56:I57) -> 166
G60: Sub Total (A+B+C+D) | I60: =I58+I53+I41 -> 1166
G62: Sub Total | I62: =I60+I61 -> 1166

Sheet Uitenhage Forensic (68)
A9: QUOTE TO : | F9: Qoute No | H9: =#REF! -> #REF!
A10: Department of Health | F10: Date | H10: =#REF! -> #REF!
A11: 717 Dukumbana Building | F11: Facility | H11: =#REF! -> #REF!
A12: Independent Avenue | F12: Work Order | H12: =#REF! -> #REF!
A13: Bhisho | F13: Tender No | H13: SCMU3 - 17/18-0303 - HO
F14: Contract Term | H14: 24 MONTHS
F15: GEN ID | H15: GEN/NMM/UFP/01
A16: WORK REQUEST : Generator battery is faulty
A17: SCHEDULED WORK
A18: Item 1 | B18: Description | E18: Unit | F18: Sch No | G18: Quantity | H18: Rate | I18: Amount
I19: =SUM(G19*H19) -> 0
I20: =SUM(G20*H20) -> 0
I21: =SUM(G21*H21) -> 0
A22: Sub Total A | I22: =SUM(I19:I21) -> 0
A23: NON SCHEDULED WORK
A24: Item 2 | B24: Description | G24: Quantity | H24: Rate | I24: Amount
A25: 1 | B25: Battery 646 | G25: 1 | H25: 963.9 | I25: =H25*G25 -> 963.9
A39: Sub Total | I39: =SUM(I25:I38) -> 963.9
A40: Mark - Up 15% | I40: =ROUND((I39*0.15),2) -> 144.59
A41: SUb Total B | I41: =I39+I40 -> 1108.49
A42: LABOUR
A43: Item 3 | B43: (Normal Rate) | E43: Unit | G43: Quantity | H43: Rate | I43: Amount
A44: 1 | B44: Techinician | E44: HRS | H44: 450 | I44: =SUM(G44*H44) -> 0
A45: 2 | B45: Senior Artisan | E45: HRS | H45: 350 | I45: =SUM(G45*H45) -> 0
A46: 3 | B46: Artisan (Trade Tested) | E46: HRS | G46: 1 | H46: 300 | I46: =SUM(G46*H46) -> 300
A47: 4 | B47: Utility Man (Non - Trade Tested) | E47: HRS | H47: 200 | I47: =SUM(G47*H47) -> 0
A48: 5 | B48: Artisan Aid | E48: HRS | G48: 1 | H48: 200 | I48: =SUM(G48*H48) -> 200
A49: 6 | B49: General Worker (3) | E49: HRS | H49: 140 | I49: =SUM(G49*H49) -> 0
A53: Sub Total C | I53: =SUM(I44:I52) -> 500
A54: TRANSPORT
A55: Item 4 | B55: Destinantion | E55: No of Trips | G55: KMs | H55: Rate | I55: Amount
A56: 1 | B56: Office to Unitenhage Frensic phat and back | E56: 1 | G56: 84.2 | H56: 5 | I56: =H56*G56 -> 421
A58: Sub Total D | I58: =SUM(I56:I57) -> 421
G60: Sub Total (A+B+C+D) | I60: =I58+I53+I41 -> 2029.49
G62: Sub Total | I62: =I60+I61 -> 2029.49

Sheet Dora Ngiza Hospital (70)
A9: QUOTE TO : | F9: Qoute No | H9: =#REF! -> #REF!
A10: Department of Health | F10: Date | H10: =#REF! -> #REF!
A11: 717 Dukumbana Building | F11: Facility | H11: =#REF! -> #REF!
A12: Independent Avenue | F12: Work Order | H12: =#REF! -> #REF!
A13: Bhisho | F13: Tender No | H13: SCMU3 - 17/18-0303 - HO
F14: Contract Term | H14: 24 MONTHS
F15: GEN ID | H15: GEN/NMM/DOR/01-04
A16: WORK REQUEST : 4 x generators batteries to be changed
A17: SCHEDULED WORK
A18: Item 1 | B18: Description | E18: Unit | F18: Sch No | G18: Quantity | H18: Rate | I18: Amount
I19: =SUM(G19*H19) -> 0
I20: =SUM(G20*H20) -> 0
I21: =SUM(G21*H21) -> 0
A22: Sub Total A | I22: =SUM(I19:I21) -> 0
A23: NON SCHEDULED WORK
A24: Item 2 | B24: Description | G24: Quantity | H24: Rate | I24: Amount
A25: 1 | B25: Battery (695) | G25: 2 | H25: 3728.09 | I25: =H25*G25 -> 7456.18
A26: 2 | B26: Battery (683) | G26: 2 | H26: 2439.13 | I26: =H26*G26 -> 4878.26
A27: 3 | B27: Battery (683) | G27: 2 | H27: 2439.13 | I27: =H27*G27 -> 4878.26
A28: 4 | B28: Battery (683) | G28: 2 | H28: 2439.13 | I28: =H28*G28 -> 4878.26
A29: 5 | B29: scrap value back | G29: 8 | H29: -230 | I29: =H29*G29 -> -1840
A39: Sub Total | I39: =SUM(I25:I38) -> 20250.96
A40: Mark - Up 15% | I40: =ROUND((I39*0.15),2) -> 3037.64
A41: SUb Total B | I41: =I39+I40 -> 23288.6
A42: LABOUR
A43: Item 3 | B43: (Normal Rate) | E43: Unit | G43: Quantity | H43: Rate | I43: Amount
A44: 1 | B44: Techinician | E44: HRS | H44: 450 | I44: =SUM(G44*H44) -> 0
A45: 2 | B45: Senior Artisan | E45: HRS | H45: 350 | I45: =SUM(G45*H45) -> 0
A46: 3 | B46: Artisan (Trade Tested) | E46: HRS | G46: 1.5 | H46: 300 | I46: =SUM(G46*H46) -> 450
A47: 4 | B47: Utility Man (Non - Trade Tested) | E47: HRS | H47: 200 | I47: =SUM(G47*H47) -> 0
A48: 5 | B48: Artisan Aid | E48: HRS | G48: 1.5 | H48: 200 | I48: =SUM(G48*H48) -> 300
A49: 6 | B49: General Worker | E49: HRS | H49: 140 | I49: =SUM(G49*H49) -> 0
A53: Sub Total C | I53: =SUM(I44:I52) -> 750
A54: TRANSPORT
A55: Item 4 | B55: Destinantion | E55: No of Trips | G55: KMs | H55: Rate | I55: Amount
A56: 1 | B56: Office to Dora Ngiza Hospital and back | E56: 2 | G56: 66.4 | H56: 5 | I56: =H56*G56 -> 332
A58: Sub Total D | I58: =SUM(I56:I57) -> 332
G60: Sub Total (A+B+C+D) | I60: =I58+I53+I41 -> 24370.6
G62: Sub Total | I62: =I60+I61 -> 24370.6

Sheet Jose Pearson Sant (71)
A9: QUOTE TO : | F9: Qoute No | H9: 71
A10: Department of Health | F10: Date | H10: =#REF! -> #REF!
A11: 717 Dukumbana Building | F11: Facility | H11: =#REF! -> #REF!
A12: Independent Avenue | F12: Work Order | H12: =#REF! -> #REF!
A13: Bhisho | F13: Tender No | H13: SCMU3 - 17/18-0303 - HO
F14: Contract Term | H14: 24 MONTHS
F15: GEN ID | H15: GEN/NMM/JOS/02
A16: WORK REQUEST : Repair of generator cover & 2 generator batteries are not working.
A17: SCHEDULED WORK
A18: Item 1 | B18: Description | E18: Unit | F18: Sch No | G18: Quantity | H18: Rate | I18: Amount
I19: =SUM(G19*H19) -> 0
I20: =SUM(G20*H20) -> 0
I21: =SUM(G21*H21) -> 0
A22: Sub Total A | I22: =SUM(I19:I21) -> 0
A23: NON SCHEDULED WORK
A24: Item 2 | B24: Description | G24: Quantity | H24: Rate | I24: Amount
A25: 1 | B25: Battery (683) | G25: 2 | H25: 2439.44 | I25: =H25*G25 -> 4878.88
A26: 2 | B26: Laser cut & bend | G26: 1 | H26: 8510 | I26: =H26*G26 -> 8510
A27: 3 | B27: Consumables | G27: 1 | H27: 2546.68 | I27: =H27*G27 -> 2546.68
A39: Sub Total | I39: =SUM(I25:I38) -> 15935.56
A40: Mark - Up 15% | I40: =ROUND((I39*0.15),2) -> 2390.33
A41: SUb Total B | I41: =I39+I40 -> 18325.89
A42: LABOUR
A43: Item 3 | B43: (Normal Rate) | E43: Unit | G43: Quantity | H43: Rate | I43: Amount
A44: 1 | B44: Techinician | E44: HRS | H44: 450 | I44: =SUM(G44*H44) -> 0
A45: 2 | B45: Senior Artisan | E45: HRS | H45: 350 | I45: =SUM(G45*H45) -> 0
A46: 3 | B46: Artisan (Trade Tested) | E46: HRS | G46: 28 | H46: 300 | I46: =SUM(G46*H46) -> 8400
A47: 4 | B47: Utility Man (Non - Trade Tested) | E47: HRS | H47: 200 | I47: =SUM(G47*H47) -> 0
A48: 5 | B48: Artisan Aid | E48: HRS | G48: 28 | H48: 200 | I48: =SUM(G48*H48) -> 5600
A49: 6 | B49: General Worker | E49: HRS | H49: 140 | I49: =SUM(G49*H49) -> 0
A53: Sub Total C | I53: =SUM(I44:I52) -> 14000
A54: TRANSPORT
A55: Item 4 | B55: Destinantion | E55: No of Trips | G55: KMs | H55: Rate | I55: Amount
A56: 1 | B56: Office to Jose Pearson Sant Hospital and back | E56: 2 | G56: 113.2 | H56: 5 | I56: =H56*G56 -> 566
A58: Sub Total D | I58: =SUM(I56:I57) -> 566
G60: Sub Total (A+B+C+D) | I60: =I58+I53+I41 -> 32891.89
G62: Sub Total | I62: =I60+I61 -> 32891.89

Sheet Gqebera chc (72)
A9: QUOTE TO : | F9: Qoute No | H9: 72
A10: Department of Health | F10: Date | H10: =#REF! -> #REF!
A11: 717 Dukumbana Building | F11: Facility | H11: =#REF! -> #REF!
A12: Independent Avenue | F12: Work Order | H12: =#REF! -> #REF!
A13: Bhisho | F13: Tender No | H13: SCMU3 - 17/18-0303 - HO
F14: Contract Term | H14: 24 MONTHS
F15: GEN ID | H15: GEN/NMM/GQE/01
A16: WORK REQUEST : Generator is faulty.
A17: SCHEDULED WORK
A18: Item 1 | B18: Description | E18: Unit | F18: Sch No | G18: Quantity | H18: Rate | I18: Amount
I19: =SUM(G19*H19) -> 0
I20: =SUM(G20*H20) -> 0
I21: =SUM(G21*H21) -> 0
A22: Sub Total A | I22: =SUM(I19:I21) -> 0
A23: NON SCHEDULED WORK
A24: Item 2 | B24: Description | G24: Quantity | H24: Rate | I24: Amount
A39: Sub Total | I39: =SUM(I25:I38) -> 0
A40: Mark - Up 15% | I40: =ROUND((I39*0.15),2) -> 0
A41: SUb Total B | I41: =I39+I40 -> 0
A42: LABOUR
A43: Item 3 | B43: (Normal Rate) | E43: Unit | G43: Quantity | H43: Rate | I43: Amount
A44: 1 | B44: Techinician | E44: HRS | H44: 450 | I44: =SUM(G44*H44) -> 0
A45: 2 | B45: Senior Artisan | E45: HRS | H45: 350 | I45: =SUM(G45*H45) -> 0
A46: 3 | B46: Artisan (Trade Tested) | E46: HRS | G46: 2 | H46: 300 | I46: =SUM(G46*H46) -> 600
A47: 4 | B47: Utility Man (Non - Trade Tested) | E47: HRS | H47: 200 | I47: =SUM(G47*H47) -> 0
A48: 5 | B48: Artisan Aid | E48: HRS | G48: 2 | H48: 200 | I48: =SUM(G48*H48) -> 400
A49: 6 | B49: General Worker | E49: HRS | H49: 140 | I49: =SUM(G49*H49) -> 0
A53: Sub Total C | I53: =SUM(I44:I52) -> 1000
A54: TRANSPORT
A55: Item 4 | B55: Destinantion | E55: No of Trips | G55: KMs | H55: Rate | I55: Amount
A56: 1 | B56: Office to Gqebera chc and back | E56: 1 | G56: 10.4 | H56: 5 | I56: =H56*G56 -> 52
A58: Sub Total D | I58: =SUM(I56:I57) -> 52
G60: Sub Total (A+B+C+D) | I60: =I58+I53+I41 -> 1052
G62: Sub Total | I62: =I60+I61 -> 1052

Sheet Dora Ngiza Hospital (73)
A9: QUOTE TO : | F9: Qoute No | H9: 73
A10: Department of Health | F10: Date | H10: =#REF! -> #REF!
A11: 717 Dukumbana Building | F11: Facility | H11: =#REF! -> #REF!
A12: Independent Avenue | F12: Work Order | H12: =#REF! -> #REF!
A13: Bhisho | F13: Tender No | H13: SCMU3 - 17/18-0303 - HO
F14: Contract Term | H14: 24 MONTHS
F15: GEN ID | H15: GEN/NMM/DOR/03
A16: WORK REQUEST : Generator leaking diesel at casualty
A17: SCHEDULED WORK
A18: Item 1 | B18: Description | E18: Unit | F18: Sch No | G18: Quantity | H18: Rate | I18: Amount
I19: =SUM(G19*H19) -> 0
I20: =SUM(G20*H20) -> 0
I21: =SUM(G21*H21) -> 0
A22: Sub Total A | I22: =SUM(I19:I21) -> 0
A23: NON SCHEDULED WORK
A24: Item 2 | B24: Description | G24: Quantity | H24: Rate | I24: Amount
A39: Sub Total | I39: =SUM(I25:I38) -> 0
A40: Mark - Up 15% | I40: =ROUND((I39*0.15),2) -> 0
A41: SUb Total B | I41: =I39+I40 -> 0
A42: LABOUR
A43: Item 3 | B43: (Normal Rate) | E43: Unit | G43: Quantity | H43: Rate | I43: Amount
A44: 1 | B44: Techinician | E44: HRS | H44: 450 | I44: =SUM(G44*H44) -> 0
A45: 2 | B45: Senior Artisan | E45: HRS | H45: 350 | I45: =SUM(G45*H45) -> 0
A46: 3 | B46: Artisan (Trade Tested) | E46: HRS | G46: 2.5 | H46: 300 | I46: =SUM(G46*H46) -> 750
A47: 4 | B47: Utility Man (Non - Trade Tested) | E47: HRS | H47: 200 | I47: =SUM(G47*H47) -> 0
A48: 5 | B48: Artisan Aid | E48: HRS | G48: 2.5 | H48: 200 | I48: =SUM(G48*H48) -> 500
A49: 6 | B49: General Worker | E49: HRS | H49: 140 | I49: =SUM(G49*H49) -> 0
A53: Sub Total C | I53: =SUM(I44:I52) -> 1250
A54: TRANSPORT
A55: Item 4 | B55: Destinantion | E55: No of Trips | G55: KMs | H55: Rate | I55: Amount
A56: 1 | B56: Office to Dora Ngiza Hospital and back | E56: 1 | G56: 33.2 | H56: 5 | I56: =H56*G56 -> 166
A58: Sub Total D | I58: =SUM(I56:I57) -> 166
G60: Sub Total (A+B+C+D) | I60: =I58+I53+I41 -> 1416
G62: Sub Total | I62: =I60+I61 -> 1416

Sheet Jose Pearson Sant (74)
A9: QUOTE TO : | F9: Qoute No | H9: 74
A10: Department of Health | F10: Date | H10: =#REF! -> #REF!
A11: 717 Dukumbana Building | F11: Facility | H11: =#REF! -> #REF!
A12: Independent Avenue | F12: Work Order | H12: =#REF! -> #REF!
A13: Bhisho | F13: Tender No | H13: SCMU3 - 17/18-0303 - HO
F14: Contract Term | H14: 24 MONTHS
F15: GEN ID | H15: GEN/NMM/JOS/01
A16: WORK REQUEST : Standby generator is faulty.
A17: SCHEDULED WORK
A18: Item 1 | B18: Description | E18: Unit | F18: Sch No | G18: Quantity | H18: Rate | I18: Amount
I19: =SUM(G19*H19) -> 0
I20: =SUM(G20*H20) -> 0
I21: =SUM(G21*H21) -> 0
A22: Sub Total A | I22: =SUM(I19:I21) -> 0
A23: NON SCHEDULED WORK
A24: Item 2 | B24: Description | G24: Quantity | H24: Rate | I24: Amount
A39: Sub Total | I39: =SUM(I25:I38) -> 0
A40: Mark - Up 15% | I40: =ROUND((I39*0.15),2) -> 0
A41: SUb Total B | I41: =I39+I40 -> 0
A42: LABOUR
A43: Item 3 | B43: (Normal Rate) | E43: Unit | G43: Quantity | H43: Rate | I43: Amount
A44: 1 | B44: Techinician | E44: HRS | H44: 450 | I44: =SUM(G44*H44) -> 0
A45: 2 | B45: Senior Artisan | E45: HRS | H45: 350 | I45: =SUM(G45*H45) -> 0
A46: 3 | B46: Artisan (Trade Tested) | E46: HRS | G46: 2 | H46: 300 | I46: =SUM(G46*H46) -> 600
A47: 4 | B47: Utility Man (Non - Trade Tested) | E47: HRS | H47: 200 | I47: =SUM(G47*H47) -> 0
A48: 5 | B48: Artisan Aid | E48: HRS | G48: 2 | H48: 200 | I48: =SUM(G48*H48) -> 400
A49: 6 | B49: General Worker | E49: HRS | H49: 140 | I49: =SUM(G49*H49) -> 0
A53: Sub Total C | I53: =SUM(I44:I52) -> 1000
A54: TRANSPORT
A55: Item 4 | B55: Destinantion | E55: No of Trips | G55: KMs | H55: Rate | I55: Amount
A56: 1 | B56: Office to Jose Pearson Sant Hospital and back | E56: 1 | G56: 56.6 | H56: 5 | I56: =H56*G56 -> 283
A58: Sub Total D | I58: =SUM(I56:I57) -> 283
G60: Sub Total (A+B+C+D) | I60: =I58+I53+I41 -> 1283
G62: Sub Total | I62: =I60+I61 -> 1283

Sheet Livingston Hospital (75)
A9: QUOTE TO : | F9: Qoute No | H9: 75
A10: Department of Health | F10: Date | H10: =#REF! -> #REF!
A11: 717 Dukumbana Building | F11: Facility | H11: =#REF! -> #REF!
A12: Independent Avenue | F12: Work Order | H12: =#REF! -> #REF!
A13: Bhisho | F13: Tender No | H13: SCMU3 - 17/18-0303 - HO
F14: Contract Term | H14: 24 MONTHS
F15: GEN ID | H15: GEN/NMM/LIV/04
A16: WORK REQUEST : Request -battery for theatre generator
A17: SCHEDULED WORK
A18: Item 1 | B18: Description | E18: Unit | F18: Sch No | G18: Quantity | H18: Rate | I18: Amount
A22: Sub Total A
A23: NON SCHEDULED WORK
A24: Item 2 | B24: Description | G24: Quantity | H24: Rate | I24: Amount
A25: 1 | B25: Battery 683 | G25: 2 | H25: 2304.35 | I25: =H25*G25 -> 4608.7
A26: 2 | B26: scrap value back | G26: 2 | H26: -230 | I26: =H26*G26 -> -460
A39: Sub Total | I39: =SUM(I25:I38) -> 4148.7
A40: Mark - Up 15% | I40: =ROUND((I39*0.15),2) -> 622.31
A41: SUb Total B | I41: =I39+I40 -> 4771.01
A42: LABOUR
A43: Item 3 | B43: (Normal Rate) | E43: Unit | G43: Quantity | H43: Rate | I43: Amount
A44: 1 | B44: Techinician | E44: HRS | H44: 450 | I44: =SUM(G44*H44) -> 0
A45: 2 | B45: Senior Artisan | E45: HRS | H45: 350 | I45: =SUM(G45*H45) -> 0
A46: 3 | B46: Artisan (Trade Tested) | E46: HRS | G46: 1.5 | H46: 300 | I46: =SUM(G46*H46) -> 450
A47: 4 | B47: Utility Man (Non - Trade Tested) | E47: HRS | H47: 200 | I47: =SUM(G47*H47) -> 0
A48: 5 | B48: Artisan Aid | E48: HRS | G48: 1.5 | H48: 200 | I48: =SUM(G48*H48) -> 300
A49: 6 | B49: General Worker (3) | E49: HRS | H49: 140 | I49: =SUM(G49*H49) -> 0
A53: Sub Total C | I53: =SUM(I44:I52) -> 750
A54: TRANSPORT
A55: Item 4 | B55: Destinantion | E55: No of Trips | G55: KMs | H55: Rate | I55: Amount
A56: 1 | B56: Office to Livingston Hospital and back | E56: 2 | G56: 42.4 | H56: 5 | I56: =H56*G56 -> 212
A58: Sub Total D | I58: =SUM(I56:I57) -> 212
G60: Sub Total (A+B+C+D) | I60: =I58+I53+I41 -> 5733.01
G62: Sub Total | I62: =I60+I61 -> 5733.01

Sheet Leticia Bam Hospital (76)
A9: QUOTE TO : | F9: Qoute No | H9: 76
A10: Department of Health | F10: Date | H10: =#REF! -> #REF!
A11: 717 Dukumbana Building | F11: Facility | H11: =#REF! -> #REF!
A12: Independent Avenue | F12: Work Order | H12: =#REF! -> #REF!
A13: Bhisho | F13: Tender No | H13: SCMU3 - 17/18-0303 - HO
F14: Contract Term | H14: 24 MONTHS
F15: GEN ID | H15: GEN/NMM/LAE/01
A16: WORK REQUEST : Generator is faulty.
A17: SCHEDULED WORK
A18: Item 1 | B18: Description | E18: Unit | F18: Sch No | G18: Quantity | H18: Rate | I18: Amount
A22: Sub Total A
A23: NON SCHEDULED WORK
A24: Item 2 | B24: Description | G24: Quantity | H24: Rate | I24: Amount
A25: 1 | B25: Battery 683 | G25: 1 | H25: 2304.35 | I25: =H25*G25 -> 2304.35
A26: 2 | B26: scrap value back | G26: 1 | H26: -230 | I26: =H26*G26 -> -230
A39: Sub Total | I39: =SUM(I25:I38) -> 2074.35
A40: Mark - Up 15% | I40: =ROUND((I39*0.15),2) -> 311.15
A41: SUb Total B | I41: =I39+I40 -> 2385.5
A42: LABOUR
A43: Item 3 | B43: (Normal Rate) | E43: Unit | G43: Quantity | H43: Rate | I43: Amount
A44: 1 | B44: Techinician | E44: HRS | H44: 450 | I44: =SUM(G44*H44) -> 0
A45: 2 | B45: Senior Artisan | E45: HRS | H45: 350 | I45: =SUM(G45*H45) -> 0
A46: 3 | B46: Artisan (Trade Tested) | E46: HRS | G46: 1.5 | H46: 300 | I46: =SUM(G46*H46) -> 450
A47: 4 | B47: Utility Man (Non - Trade Tested) | E47: HRS | H47: 200 | I47: =SUM(G47*H47) -> 0
A48: 5 | B48: Artisan Aid | E48: HRS | G48: 1.5 | H48: 200 | I48: =SUM(G48*H48) -> 300
A49: 6 | B49: General Worker (3) | E49: HRS | H49: 140 | I49: =SUM(G49*H49) -> 0
A53: Sub Total C | I53: =SUM(I44:I52) -> 750
A54: TRANSPORT
A55: Item 4 | B55: Destinantion | E55: No of Trips | G55: KMs | H55: Rate | I55: Amount
A56: 1 | B56: Office to Laetia Bam chc and back | E56: 2 | G56: 155.6 | H56: 5 | I56: =H56*G56 -> 778
A58: Sub Total D | I58: =SUM(I56:I57) -> 778
G60: Sub Total (A+B+C+D) | I60: =I58+I53+I41 -> 3913.5
G62: Sub Total | I62: =I60+I61 -> 3913.5

Sheet Unitenhage Pro (69)
A9: QUOTE TO : | F9: Qoute No | H9: =#REF! -> #REF!
A10: Department of Health | F10: Date | H10: =#REF! -> #REF!
A11: 717 Dukumbana Building | F11: Facility | H11: =#REF! -> #REF!
A12: Independent Avenue | F12: Work Order | H12: =#REF! -> #REF!
A13: Bhisho | F13: Tender No | H13: SCMU3 - 17/18-0303 - HO
F14: Contract Term | H14: 24 MONTHS
F15: GEN ID | H15: GEN/NMM/UIT/01
A16: WORK REQUEST : Generator battery is faulty
A17: SCHEDULED WORK
A18: Item 1 | B18: Description | E18: Unit | F18: Sch No | G18: Quantity | H18: Rate | I18: Amount
I19: =SUM(G19*H19) -> 0
I20: =SUM(G20*H20) -> 0
I21: =SUM(G21*H21) -> 0
A22: Sub Total A | I22: =SUM(I19:I21) -> 0
A23: NON SCHEDULED WORK
A24: Item 2 | B24: Description | G24: Quantity | H24: Rate | I24: Amount
A25: 1 | B25: Battery 689 | G25: 2 | H25: 2682.61 | I25: =H25*G25 -> 5365.22
A39: Sub Total | I39: =SUM(I25:I38) -> 5365.22
A40: Mark - Up 15% | I40: =ROUND((I39*0.15),2) -> 804.78
A41: SUb Total B | I41: =I39+I40 -> 6170
A42: LABOUR
A43: Item 3 | B43: (Normal Rate) | E43: Unit | G43: Quantity | H43: Rate | I43: Amount
A44: 1 | B44: Techinician | E44: HRS | H44: 450 | I44: =SUM(G44*H44) -> 0
A45: 2 | B45: Senior Artisan | E45: HRS | H45: 350 | I45: =SUM(G45*H45) -> 0
A46: 3 | B46: Artisan (Trade Tested) | E46: HRS | G46: 1 | H46: 300 | I46: =SUM(G46*H46) -> 300
A47: 4 | B47: Utility Man (Non - Trade Tested) | E47: HRS | H47: 200 | I47: =SUM(G47*H47) -> 0
A48: 5 | B48: Artisan Aid | E48: HRS | G48: 1 | H48: 200 | I48: =SUM(G48*H48) -> 200
A49: 6 | B49: General Worker (3) | E49: HRS | H49: 140 | I49: =SUM(G49*H49) -> 0
A53: Sub Total C | I53: =SUM(I44:I52) -> 500
A54: TRANSPORT
A55: Item 4 | B55: Destinantion | E55: No of Trips | G55: KMs | H55: Rate | I55: Amount
A56: 1 | B56: Office to Unitenhage Prov Hospital and back | E56: 1 | G56: 84.2 | H56: 5 | I56: =H56*G56 -> 421
A58: Sub Total D | I58: =SUM(I56:I57) -> 421
G60: Sub Total (A+B+C+D) | I60: =I58+I53+I41 -> 7091
G62: Sub Total | I62: =I60+I61 -> 7091

Sheet Gqebera chc (77)
A9: QUOTE TO : | F9: Qoute No | H9: 77
A10: Department of Health | F10: Date | H10: =#REF! -> #REF!
A11: 717 Dukumbana Building | F11: Facility | H11: =#REF! -> #REF!
A12: Independent Avenue | F12: Work Order | H12: =#REF! -> #REF!
A13: Bhisho | F13: Tender No | H13: SCMU3 - 17/18-0303 - HO
F14: Contract Term | H14: 24 MONTHS
F15: GEN ID | H15: GEN/NMM/GQE/01
A16: WORK REQUEST : Generator is faulty.
A17: SCHEDULED WORK
A18: Item 1 | B18: Description | E18: Unit | F18: Sch No | G18: Quantity | H18: Rate | I18: Amount
A22: Sub Total A
A23: NON SCHEDULED WORK
A24: Item 2 | B24: Description | G24: Quantity | H24: Rate | I24: Amount
A39: Sub Total | I39: =SUM(I25:I38) -> 0
A40: Mark - Up 15% | I40: =ROUND((I39*0.15),2) -> 0
A41: SUb Total B | I41: =I39+I40 -> 0
A42: LABOUR
A43: Item 3 | B43: (Normal Rate) | E43: Unit | G43: Quantity | H43: Rate | I43: Amount
A44: 1 | B44: Techinician | E44: HRS | H44: 450 | I44: =SUM(G44*H44) -> 0
A45: 2 | B45: Senior Artisan | E45: HRS | H45: 350 | I45: =SUM(G45*H45) -> 0
A46: 3 | B46: Artisan (Trade Tested) | E46: HRS | G46: 2 | H46: 300 | I46: =SUM(G46*H46) -> 600
A47: 4 | B47: Utility Man (Non - Trade Tested) | E47: HRS | H47: 200 | I47: =SUM(G47*H47) -> 0
A48: 5 | B48: Artisan Aid | E48: HRS | G48: 2 | H48: 200 | I48: =SUM(G48*H48) -> 400
A49: 6 | B49: General Worker (3) | E49: HRS | H49: 140 | I49: =SUM(G49*H49) -> 0
A53: Sub Total C | I53: =SUM(I44:I52) -> 1000
A54: TRANSPORT
A55: Item 4 | B55: Destinantion | E55: No of Trips | G55: KMs | H55: Rate | I55: Amount
A56: 1 | B56: Office to Gqebera chc and back | E56: 1 | G56: 12.4 | H56: 5 | I56: =H56*G56 -> 62
A58: Sub Total D | I58: =SUM(I56:I57) -> 62
G60: Sub Total (A+B+C+D) | I60: =I58+I53+I41 -> 1062
G62: Sub Total | I62: =I60+I61 -> 1062

Sheet PE Prov (78)
A9: QUOTE TO : | F9: Qoute No | H9: 78
A10: Department of Health | F10: Date | H10: =#REF! -> #REF!
A11: 717 Dukumbana Building | F11: Facility | H11: =#REF! -> #REF!
A12: Independent Avenue | F12: Work Order | H12: =#REF! -> #REF!
A13: Bhisho | F13: Tender No | H13: SCMU3 - 17/18-0303 - HO
F14: Contract Term | H14: 24 MONTHS
F15: GEN ID | H15: GEN/NMM/PEP/04
A16: WORK REQUEST : Site side power generator is faulty.
A17: SCHEDULED WORK
A18: Item 1 | B18: Description | E18: Unit | F18: Sch No | G18: Quantity | H18: Rate | I18: Amount
A22: Sub Total A
A23: NON SCHEDULED WORK
A24: Item 2 | B24: Description | G24: Quantity | H24: Rate | I24: Amount
A25: 1 | B25: Battery 683 | G25: 1 | H25: 2304.35 | I25: =H25*G25 -> 2304.35
B26: SCRAP | G26: 1 | H26: -230
A39: Sub Total | I39: =SUM(I25:I38) -> 2304.35
A40: Mark - Up 15% | I40: =ROUND((I39*0.15),2) -> 345.65
A41: SUb Total B | I41: =I39+I40-230 -> 2420
A42: LABOUR
A43: Item 3 | B43: (Normal Rate) | E43: Unit | G43: Quantity | H43: Rate | I43: Amount
A44: 1 | B44: Techinician | E44: HRS | H44: 450 | I44: =SUM(G44*H44) -> 0
A45: 2 | B45: Senior Artisan | E45: HRS | H45: 350 | I45: =SUM(G45*H45) -> 0
A46: 3 | B46: Artisan (Trade Tested) | E46: HRS | G46: 1.5 | H46: 300 | I46: =SUM(G46*H46) -> 450
A47: 4 | B47: Utility Man (Non - Trade Tested) | E47: HRS | G47: 1.5 | H47: 200 | I47: =SUM(G47*H47) -> 300
A48: 5 | B48: Artisan Aid | E48: HRS | H48: 200 | I48: =SUM(G48*H48) -> 0
A49: 6 | B49: General Worker (3) | E49: HRS | H49: 140 | I49: =SUM(G49*H49) -> 0
A53: Sub Total C | I53: =SUM(I44:I52) -> 750
A54: TRANSPORT
A55: Item 4 | B55: Destinantion | E55: No of Trips | G55: KMs | H55: Rate | I55: Amount
A56: 1 | B56: Office to PE provincial Hospital and back | E56: 1 | G56: 19.4 | H56: 5 | I56: =H56*G56 -> 97
A58: Sub Total D | I58: =SUM(I56:I57) -> 97
G60: Sub Total (A+B+C+D) | I60: =I58+I53+I41 -> 3267
G62: Sub Total | I62: =I60+I61 -> 3267

Sheet Linvingston (79)
A9: QUOTE TO : | F9: Qoute No | H9: 79
A10: Department of Health | F10: Date | H10: =#REF! -> #REF!
A11: 717 Dukumbana Building | F11: Facility | H11: =#REF! -> #REF!
A12: Independent Avenue | F12: Work Order | H12: =#REF! -> #REF!
A13: Bhisho | F13: Tender No | H13: SCMU3 - 17/18-0303 - HO
F14: Contract Term | H14: 24 MONTHS
F15: GEN ID | H15: GEN/NMM/LIV/05&02
A16: WORK REQUEST : 2 x generators faulty (ICU +Casualty)
A17: SCHEDULED WORK
A18: Item 1 | B18: Description | E18: Unit | F18: Sch No | G18: Quantity | H18: Rate | I18: Amount
A22: Sub Total A
A23: NON SCHEDULED WORK
A24: Item 2 | B24: Description | G24: Quantity | H24: Rate | I24: Amount
A39: Sub Total | I39: =SUM(I25:I38) -> 0
A40: Mark - Up 15% | I40: =ROUND((I39*0.15),2) -> 0
A41: SUb Total B | I41: =I39+I40 -> 0
A42: LABOUR
A43: Item 3 | B43: (Normal Rate) | E43: Unit | G43: Quantity | H43: Rate | I43: Amount
A44: 1 | B44: Techinician | E44: HRS | H44: 450 | I44: =SUM(G44*H44) -> 0
A45: 2 | B45: Senior Artisan | E45: HRS | H45: 350 | I45: =SUM(G45*H45) -> 0
A46: 3 | B46: Artisan (Trade Tested) | E46: HRS | G46: 2.5 | H46: 300 | I46: =SUM(G46*H46) -> 750
A47: 4 | B47: Utility Man (Non - Trade Tested) | E47: HRS | G47: 2.5 | H47: 200 | I47: =SUM(G47*H47) -> 500
A48: 5 | B48: Artisan Aid | E48: HRS | H48: 200 | I48: =SUM(G48*H48) -> 0
A49: 6 | B49: General Worker (3) | E49: HRS | H49: 140 | I49: =SUM(G49*H49) -> 0
A53: Sub Total C | I53: =SUM(I44:I52) -> 1250
A54: TRANSPORT
A55: Item 4 | B55: Destinantion | E55: No of Trips | G55: KMs | H55: Rate | I55: Amount
A56: 1 | B56: Office to Livingston Hospital and back | E56: 1 | G56: 21.2 | H56: 5 | I56: =H56*G56 -> 106
A58: Sub Total D | I58: =SUM(I56:I57) -> 106
G60: Sub Total (A+B+C+D) | I60: =I58+I53+I41 -> 1356
G62: Sub Total | I62: =I60+I61 -> 1356

Sheet Dora Ngiza (80)
A9: QUOTE TO : | F9: Qoute No | H9: =#REF! -> #REF!
A10: Department of Health | F10: Date | H10: =#REF! -> #REF!
A11: 717 Dukumbana Building | F11: Facility | H11: =#REF! -> #REF!
A12: Independent Avenue | F12: Work Order | H12: =#REF! -> #REF!
A13: Bhisho | F13: Tender No | H13: SCMU3 - 17/18-0303 - HO
F14: Contract Term | H14: 24 MONTHS
F15: GEN ID | H15: GEN/NMM/DOR/02
A16: WORK REQUEST : Power generator in main theatre is faulty.
A17: SCHEDULED WORK
A18: Item 1 | B18: Description | E18: Unit | F18: Sch No | G18: Quantity | H18: Rate | I18: Amount
A22: Sub Total A
A23: NON SCHEDULED WORK
A24: Item 2 | B24: Description | G24: Quantity | H24: Rate | I24: Amount
A25: 1 | B25: Water trap filter | G25: 1 | H25: 182.7 | I25: =H25*G25 -> 182.7
A39: Sub Total | I39: =SUM(I25:I38) -> 182.7
A40: Mark - Up 15% | I40: =ROUND((I39*0.15),2) -> 27.41
A41: SUb Total B | I41: =I39+I40 -> 210.11
A42: LABOUR
A43: Item 3 | B43: (Normal Rate) | E43: Unit | G43: Quantity | H43: Rate | I43: Amount
A44: 1 | B44: Techinician | E44: HRS | H44: 450 | I44: =SUM(G44*H44) -> 0
A45: 2 | B45: Senior Artisan | E45: HRS | H45: 350 | I45: =SUM(G45*H45) -> 0
A46: 3 | B46: Artisan (Trade Tested) | E46: HRS | G46: 4 | H46: 300 | I46: =SUM(G46*H46) -> 1200
A47: 4 | B47: Utility Man (Non - Trade Tested) | E47: HRS | G47: 4 | H47: 200 | I47: =SUM(G47*H47) -> 800
A48: 5 | B48: Artisan Aid | E48: HRS | H48: 200 | I48: =SUM(G48*H48) -> 0
A49: 6 | B49: General Worker (3) | E49: HRS | H49: 140 | I49: =SUM(G49*H49) -> 0
A53: Sub Total C | I53: =SUM(I44:I52) -> 2000
A54: TRANSPORT
A55: Item 4 | B55: Destinantion | E55: No of Trips | G55: KMs | H55: Rate | I55: Amount
A56: 1 | B56: Office to Dora Ngiza Hospital and back | E56: 1 | G56: 33.2 | H56: 5 | I56: =H56*G56 -> 166
A58: Sub Total D | I58: =SUM(I56:I57) -> 166
G60: Sub Total (A+B+C+D) | I60: =I58+I53+I41 -> 2376.11
G62: Sub Total | I62: =I60+I61 -> 2376.11

Sheet Dora Ngiza (81)
A9: QUOTE TO : | F9: Qoute No | H9: =#REF! -> #REF!
A10: Department of Health | F10: Date | H10: =#REF! -> #REF!
A11: 717 Dukumbana Building | F11: Facility | H11: =#REF! -> #REF!
A12: Independent Avenue | F12: Work Order | H12: =#REF! -> #REF!
A13: Bhisho | F13: Tender No | H13: SCMU3 - 17/18-0303 - HO
F14: Contract Term | H14: 24 MONTHS
F15: GEN ID | H15: GEN/NMM/DOR/05
A16: WORK REQUEST : Generator is faulty.
A17: SCHEDULED WORK
A18: Item 1 | B18: Description | E18: Unit | F18: Sch No | G18: Quantity | H18: Rate | I18: Amount
A22: Sub Total A
A23: NON SCHEDULED WORK
A24: Item 2 | B24: Description | G24: Quantity | H24: Rate | I24: Amount
A25: 1 | B25: 40 A CBI | G25: 1 | H25: 704.25 | I25: =H25*G25 -> 704.25
A39: Sub Total | I39: =SUM(I25:I38) -> 704.25
A40: Mark - Up 15% | I40: =ROUND((I39*0.15),2) -> 105.64
A41: SUb Total B | I41: =I39+I40 -> 809.89
A42: LABOUR
A43: Item 3 | B43: (Normal Rate) | E43: Unit | G43: Quantity | H43: Rate | I43: Amount
A44: 1 | B44: Techinician | E44: HRS | H44: 450 | I44: =SUM(G44*H44) -> 0
A45: 2 | B45: Senior Artisan | E45: HRS | H45: 350 | I45: =SUM(G45*H45) -> 0
A46: 3 | B46: Artisan (Trade Tested) | E46: HRS | G46: 2.5 | H46: 300 | I46: =SUM(G46*H46) -> 750
A47: 4 | B47: Utility Man (Non - Trade Tested) | E47: HRS | G47: 2.5 | H47: 200 | I47: =SUM(G47*H47) -> 500
A48: 5 | B48: Artisan Aid | E48: HRS | H48: 200 | I48: =SUM(G48*H48) -> 0
A49: 6 | B49: General Worker (3) | E49: HRS | H49: 140 | I49: =SUM(G49*H49) -> 0
A53: Sub Total C | I53: =SUM(I44:I52) -> 1250
A54: TRANSPORT
A55: Item 4 | B55: Destinantion | E55: No of Trips | G55: KMs | H55: Rate | I55: Amount
A56: 1 | B56: Office to Dora Ngiza Hospital and back | E56: 1 | G56: 32.2 | H56: 5 | I56: =H56*G56 -> 161
A58: Sub Total D | I58: =SUM(I56:I57) -> 161
G60: Sub Total (A+B+C+D) | I60: =I58+I53+I41 -> 2220.89
G62: Sub Total | I62: =I60+I61 -> 2220.89

Sheet Galvendale Foresic (83)
A9: QUOTE TO : | F9: Qoute No | H9: =#REF! -> #REF!
A10: Department of Health | F10: Date | H10: =#REF! -> #REF!
A11: 717 Dukumbana Building | F11: Facility | H11: =#REF! -> #REF!
A12: Independent Avenue | F12: Work Order | H12: =#REF! -> #REF!
A13: Bhisho | F13: Tender No | H13: SCMU3 - 17/18-0303 - HO
F14: Contract Term | H14: 24 MONTHS
F15: GEN ID | H15: GEN/NMM/GEL/01
A16: WORK REQUEST : Request repairs for generator that is leaking diesel
A17: SCHEDULED WORK
A18: Item 1 | B18: Description | E18: Unit | F18: Sch No | G18: Quantity | H18: Rate | I18: Amount
A22: Sub Total A
A23: NON SCHEDULED WORK
A24: Item 2 | B24: Description | G24: Quantity | H24: Rate | I24: Amount
A25: 1 | B25: Repairs to the tank- welding | G25: 1 | H25: 2782.61 | I25: =H25*G25 -> 2782.61
A39: Sub Total | I39: =SUM(I25:I38) -> 2782.61
A40: Mark - Up 15% | I40: =ROUND((I39*0.15),2) -> 417.39
A41: SUb Total B | I41: =I39+I40 -> 3200
A42: LABOUR
A43: Item 3 | B43: (Normal Rate) | E43: Unit | G43: Quantity | H43: Rate | I43: Amount
A44: 1 | B44: Techinician | E44: HRS | H44: 450 | I44: =SUM(G44*H44) -> 0
A45: 2 | B45: Senior Artisan | E45: HRS | H45: 350 | I45: =SUM(G45*H45) -> 0
A46: 3 | B46: Artisan (Trade Tested) | E46: HRS | G46: 4 | H46: 300 | I46: =SUM(G46*H46) -> 1200
A47: 4 | B47: Utility Man (Non - Trade Tested) | E47: HRS | G47: 5 | H47: 200 | I47: =SUM(G47*H47) -> 1000
A48: 5 | B48: Artisan Aid | E48: HRS | H48: 200 | I48: =SUM(G48*H48) -> 0
A49: 6 | B49: General Worker (3) | E49: HRS | H49: 140 | I49: =SUM(G49*H49) -> 0
A53: Sub Total C | I53: =SUM(I44:I52) -> 2200
A54: TRANSPORT
A55: Item 4 | B55: Destinantion | E55: No of Trips | G55: KMs | H55: Rate | I55: Amount
A56: 1 | B56: Office to Galvendale Phathology and back | E56: 3 | G56: 74.4 | H56: 5 | I56: =H56*G56 -> 372
A58: Sub Total D | I58: =SUM(I56:I57) -> 372
